Workbook
Name Constr: '02-01-001'!$A$1
Name Constr: '02-01-002'!$A$1
Name Constr: '02-01-003'!$A$1
Name Constr: '02-01-004'!$A$1
Name Constr: '02-01-005'!$A$1
Name Constr: '02-01-006'!$A$1
Name Constr: '02-01-007'!$A$1
Name Constr: '02-01-008'!$A$1
Name Constr: '02-01-009'!$A$1
Name Constr: '02-01-010'!$A$1
Name Constr: '02-01-011'!$A$1
Name Constr: '02-01-012'!$A$1
Name Constr: '02-01-014'!$A$1
Name Constr: '02-01-015'!$A$1
Name Constr: '05-01'!$A$1
Name FOT: '02-01-001'!$C$19
Name FOT: '02-01-002'!$C$20
Name FOT: '02-01-003'!$C$20
Name FOT: '02-01-004'!$C$20
Name FOT: '02-01-005'!$C$20
Name FOT: '02-01-006'!$C$20
Name FOT: '02-01-007'!$C$20
Name FOT: '02-01-008'!$C$20
Name FOT: '02-01-009'!$C$20
Name FOT: '02-01-010'!$C$21
Name FOT: '02-01-011'!$C$21
Name FOT: '02-01-012'!$C$21
Name FOT: '02-01-014'!$C$21
Name FOT: '02-01-015'!$C$21
Name FOT: '05-01'!$C$17
Name Ind: '02-01-001'!$E$9
Name Ind: '02-01-002'!$E$9
Name Ind: '02-01-003'!$E$8
Name Ind: '02-01-004'!$E$10
Name Ind: '02-01-005'!$E$10
Name Ind: '02-01-006'!$E$10
Name Ind: '02-01-007'!$E$10
Name Ind: '02-01-008'!$E$10
Name Ind: '02-01-009'!$E$10
Name Ind: '02-01-010'!$E$11
Name Ind: '02-01-011'!$E$11
Name Ind: '02-01-012'!$E$11
Name Ind: '02-01-014'!$E$11
Name Ind: '02-01-015'!$E$11
Name Ind: '05-01'!$E$9
Name Obj: '02-01-001'!#REF!
Name Obj: '02-01-002'!#REF!
Name Obj: '02-01-003'!#REF!
Name Obj: '02-01-004'!#REF!
Name Obj: '02-01-005'!#REF!
Name Obj: '02-01-006'!#REF!
Name Obj: '02-01-007'!#REF!
Name Obj: '02-01-008'!#REF!
Name Obj: '02-01-009'!#REF!
Name Obj: '02-01-010'!#REF!
Name Obj: '02-01-011'!#REF!
Name Obj: '02-01-012'!#REF!
Name Obj: '02-01-014'!#REF!
Name Obj: '02-01-015'!#REF!
Name Obj: '05-01'!#REF!

Sheet 02-01-001
A1: СОГЛАСОВАНО: | M1: УТВЕРЖДАЮ:
A3: ______________ | M3: ______________
A4: "___" ___________ 201_ г. | M4: "___" ___________ 201_ г.
E5: ФГУП "Комбинат "Электрохимприбор"
E6: "Монтаж автоматической пожарной сигнализации (АПС) и системы оповещения
E7: и управления эвакуации людей при пожаре (СОУЭ) зданий в/ч 3275"
E8: (наименование стройки)
E10: ЛОКАЛЬНЫЙ СМЕТНЫЙ РАСЧЕТ № 02-01-001 (8849-0-ИОС5СМ)
E11: (локальная смета)
B13: на | C13: АВТОМАТИЧЕСКУЮ ПОЖАРНУЮ СИГНАЛИЗАЦИЮ (АПС и СОУЭ) ЗДАНИЯ КАЗАРМЫ №1
C15: Основание: Технологические решения 8849-0-ИОС5
C16: Сметная стоимость _______________________________________________________________________________________________ | F16: =I160 -> 103758 | H16: руб.
C17: монтажных работ _______________________________________________________________________________________________ | F17: =I88+I135 -> 95071 | H17: руб.
C18: оборудования _______________________________________________________________________________________________ | F18: =I46+I66 -> 8687 | H18: руб.
C19: Средства на оплату труда _______________________________________________________________________________________________ | F19: =J141 -> 8310 | H19: руб.
C20: Сметная трудоемкость _______________________________________________________________________________________________ | F20: _______________________________________________________________________________________________599,21 | H20: чел.час
C21: Составлена в ценах по состоянию на 01.01.2000 г. в редакции 2009 г.
A23: № пп | B23: Обосно- вание | C23: Наименование работ и затрат | D23: Ед. изм. | E23: Кол. | F23: Стоимость единицы в базисных ценах, руб. | I23: Общая стоимость в базисных ценах, руб. | M23: Затр.тр.раб-х не занятых обслуж.машин
F24: Всего | G24: Экспл. маш. | H24: Мат-ы | I24: Всего | J24: в т.ч. оплата труда | K24: Экспл. маш. | L24: Мат-ы | M24: Обслуж-х машины
F25: оплата труда | G25: в т.ч. оплата труда | K25: в т.ч. оплата труда | M25: на ед-цу | N25: всего
A26: 1 | B26: 2 | C26: 3 | D26: 4 | E26: 5 | F26: 6 | G26: 7 | H26: 8 | I26: 9 | J26: 10 | K26: 11 | L26: 12 | M26: 13 | N26: 14
A27: Раздел 1. ОБОРУДОВАНИЕ ПО ПРАЙСАМ
A28: Цены на оборудование и материалы , отсутствующие в базе см.прайс-листы арх. № 96663 пф
A29: 1 | B29: ЗАО НВП "БОЛИТ" Г. КОРОЛЕВ МОСКОВСКАЯ ОБЛАСТЬ ПРАЙС-ЛИСТ3 кв.2012г. СТР.3 | C29: Аккумулятор необслуживаемый 12 В, емкость 17 А/час DTМ 1217 | D29: КОМП. | E29: 1 | F29: 311,8 1224,82/1,18/3,47 {индекс} | I29: 312
C30: (транспортные расходы (пПЗ=3%); заготовительно складские расходы (пПЗ=1,2%)) Оборудование:
A31: ЦЕНА1224,82/1,18/3,47 {индекс}
A32: 2 | B32: ЗАО НВП "БОЛИТ" Г. КОРОЛЕВ МОСКОВСКАЯ ОБЛАСТЬ ПРАЙС-ЛИСТ3 кв.2012г. СТР.3 | C32: Блок разветвительно-изолирующий БРИЗ | D32: шт | E32: 12 | F32: 75,34 295,94/1,18/3,47 {индекс} | I32: 904
C33: (транспортные расходы (пПЗ=3%); заготовительно складские расходы (пПЗ=1,2%)) Оборудование:
A34: ЦЕНА295,94/1,18/3,47 {индекс}
A35: 3 | B35: ЗАО НВП "БОЛИТ" Г. КОРОЛЕВ МОСКОВСКАЯ ОБЛАСТЬ ПРАЙС-ЛИСТкв.2012г. СТР.2 | C35: Световое табло Молния-12В/24В | D35: КОМП. | E35: 16 | F35: 84 330,00/1,18/3,47 {индекс} | I35: 1344
C36: (транспортные расходы (пПЗ=3%); заготовительно складские расходы (пПЗ=1,2%)) Оборудование:
A37: ЦЕНА330,00/1,18/3,47 {индекс}
A38: ИТОГИ В БАЗИСНЫХ ЦЕНАХ
A39: Итого прямые затраты по разделу в ценах 2001г. | I39: 2560
A40: Итоги по разделу 1 ОБОРУДОВАНИЕ ПО ПРАЙСАМ :
A41: Оборудование:
A42: Итого Поз. 1-3 | I42: 2560
A43: Итого | I43: 2560
A44: Справочно, в ценах 2001г.:
A45: Оборудование | I45: 2560
A46: Итого по разделу 1 ОБОРУДОВАНИЕ ПО ПРАЙСАМ | I46: 2560
A47: Раздел 2. ОБОРУДОВАНИЕ ПО ФЭРам
A48: 4 | B48: ФССЦ-509-4296 | C48: Контроллер двухпроводной линии связи, марка "С2000-КДЛ" | D48: шт. | E48: 1 | F48: 175.63 | I48: 176
C49: Оборудование
A50: 5 | B50: ФССЦ-509-4293 | C50: Блок индикации, марка "С2000-БИ" | D50: шт. | E50: 1 | F50: 473.91 | I50: 474
C51: Оборудование
A52: 6 | B52: ФССЦ-509-3762 | C52: Извещатель пожарный ручной ИПР-513-3А | D52: шт. | E52: 10 | F52: 253.87 | I52: 2539
C53: Оборудование
A54: 7 | B54: ФССЦ-509-4542 | C54: Источник бесперебойного питания СКАТ-1200У | D54: шт. | E54: 1 | F54: 1686.41 | I54: 1686
C55: Оборудование
A56: 8 | B56: ФССЦ-509-4519 | C56: Оповещатель светозвуковой охранно-пожарный, марка "МАЯК-12-3М1" | D56: шт. | E56: 20 | F56: 62.58 | I56: 1252
C57: Оборудование
A58: ИТОГИ В БАЗИСНЫХ ЦЕНАХ
A59: Итого прямые затраты по разделу в ценах 2001г. | I59: 6127
A60: Итоги по разделу 2 ОБОРУДОВАНИЕ ПО ФЭРам :
A61: Оборудование:
A62: Итого Поз. 4-8 | I62: 6127
A63: Итого | I63: 6127
A64: Справочно, в ценах 2001г.:
A65: Оборудование | I65: 6127
A66: Итого по разделу 2 ОБОРУДОВАНИЕ ПО ФЭРам | I66: 6127
A67: Раздел 3. МАТЕРИАЛЫ ПО ФЭРам
A68: 9 | B68: ФССЦ-509-3780 | C68: Извещатель пожарный дымовой ДИП-34А-01 | D68: шт. | E68: 86 | F68: 326.59 | H68: 326.59 | I68: 28087 | L68: 28087
C69: Материалы для монтажных работ
A70: 10 | B70: ФССЦ-501-1721 | C70: Кабель для систем пожарной сигнализации с однопроволочными медными жилами, с изоляцией из огнестойкой кремнийорганической резины, в оболочке из ПВХ пластиката, не распространяющий горение, с низким дымо- и газовыделением марки KПСЭнг(A)-FRLS 1x2x1,5 | D70: 1000 м | E70: 0.005 | F70: 29743.7 | H70: 29743.7 | I70: 149 | L70: 149
C71: Материалы для монтажных работ
A72: 11 | B72: ФССЦ-501-1720 прим. | C72: Кабель для систем пожарной сигнализации с однопроволочными медными жилами, с изоляцией из огнестойкой кремнийорганической резины, в оболочке из ПВХ пластиката, не распространяющий горение, с низким дымо- и газовыделением марки KПСЭнг(A)-FRLS 1x2x1,0 (1Х2Х0,75) | D72: 1000 м | E72: 0.45 | F72: 22471.21 | H72: 22471.21 | I72: 10112 | L72: 10112
C73: Материалы для монтажных работ
A74: 12 | B74: ФССЦ-509-3539 прим. | C74: Кабель-канал пластиковый с аксессуарами | D74: м | E74: 330 | F74: 78.16 | H74: 78.16 | I74: 25793 | L74: 25793
C75: Материалы для монтажных работ
A76: 13 | B76: ФССЦ-101-3127 | C76: Рукава металлические диаметром 10 мм РЗ-Ц-Х | D76: м | E76: 30 | F76: 4.92 | H76: 4.92 | I76: 148 | L76: 148
C77: Материалы для монтажных работ
A78: 14 | B78: ФССЦ-503-0449 прим. | C78: Коробка КК-8М | D78: шт. | E78: 15 | F78: 2.98 | H78: 2.98 | I78: 45 | L78: 45
C79: Материалы для монтажных работ
A80: ИТОГИ В БАЗИСНЫХ ЦЕНАХ
A81: Итого прямые затраты по разделу в ценах 2001г. | I81: 64334 | L81: 64334
A82: Итоги по разделу 3 МАТЕРИАЛЫ ПО ФЭРам :
A83: Материалы для монтажных работ:
A84: Итого Поз. 9-14 | I84: 64334
A85: Итого | I85: 64334
A86: Справочно, в ценах 2001г.:
A87: Материалы | I87: 64334
A88: Итого по разделу 3 МАТЕРИАЛЫ ПО ФЭРам | I88: 64334
A89: Раздел 4. МОНТАЖНЫЕ РАБОТЫ.
A90: 15 | B90: ТЕРм10-08-001-01 | C90: Приборы ПС приемно-контрольные, пусковые, концентратор: блок базовый на 10 лучей (С200-КДЛ) | D90: 1 шт. | E90: 1 | F90: 117.52 | G90: 0.46 | H90: 15.04 | I90: 118 | J90: 102 | L90: 16 | M90: 7.2 | N90: 7.2
C91: Монтаж оборудования: НР (98 руб.): 80% от ФОТ СП (73 руб.): 60% от ФОТ | F91: 102.02
A92: 16 | B92: ТЕРм10-08-001-11 | C92: Устройства промежуточные( Блок индикации,блок БРИЗ) | D92: 1 шт. | E92: 13 | F92: 218.26 | G92: 0.37 | H92: 13.63 | I92: 2837 | J92: 2655 | K92: 5 | L92: 177 | M92: 14 | N92: 182
C93: Монтаж оборудования: НР (2549 руб.): 80% от ФОТ СП (1912 руб.): 60% от ФОТ | F93: 204.26
A94: 17 | B94: ТЕРм10-08-002-01 | C94: Извещатель ПС автоматический тепловой электро-контактный, магнитоконтактный в нормальном исполнении (ДИП-34А-01,ИПР) | D94: 1 шт. | E94: 96 | F94: 13.84 | G94: 0.17 | H94: 2.29 | I94: 1329 | J94: 1092 | K94: 16 | L94: 221 | M94: 0.84 | N94: 80.64
C95: Монтаж оборудования: НР (1048 руб.): 80% от ФОТ СП (786 руб.): 60% от ФОТ | F95: 11.38
A96: 18 | B96: ТЕРм10-08-003-03 | C96: Блок питания (Скад-1200у) | D96: 1 шт. | E96: 1 | F96: 59.97 | G96: 0.37 | H96: 7.83 | I96: 60 | J96: 52 | L96: 8 | M96: 3.6 | N96: 3.6
C97: Монтаж оборудования: НР (50 руб.): 80% от ФОТ СП (37 руб.): 60% от ФОТ | F97: 51.77
A98: 19 | B98: ТЕРм08-01-081-01 | C98: Аппарат (кнопка, ключ управления, замок электромагнитной блокировки, звуковой сигнал, сигнальная лампа) управления и сигнализации, количество подключаемых концов до 2 (Маяк-12-3м1) | D98: 1 шт. | E98: 20 | F98: 29.8 | G98: 11.69 | H98: 2.8 | I98: 596 | J98: 306 | K98: 234 | L98: 56 | M98: 1.13 | N98: 22.6
C99: Электромонтажные работы на других объектах: НР (366 руб.): 95% от ФОТ СП (250 руб.): 65% от ФОТ | F99: 15.31 | G99: 0.73 | K99: 15 | M99: 0.04 | N99: 0.8
A100: 20 | B100: ТЕРм08-03-593-10 | C100: Световые настенные указатели (Молния-12) | D100: 100 шт. | E100: 0.16 | F100: 2523.44 | G100: 556.95 | H100: 594.64 | I100: 404 | J100: 219 | K100: 89 | L100: 96 | M100: 98.2 | N100: 15.71
C101: Электромонтажные работы на других объектах: НР (254 руб.): 95% от ФОТ СП (174 руб.): 65% от ФОТ | F101: 1371.85 | G101: 20.38 | K101: 3 | M101: 1.12 | N101: 0.18
A102: 21 | B102: ТЕРм10-08-005-03 | C102: Кабель (провод) двух- и трехжильный с разделительным основанием по стенам и потолкам, прокладываемый по основаниям: бетонным и металлическим | D102: 100 м | E102: 0.95 | F102: 1540.77 | G102: 28.6 | H102: 1051.47 | I102: 1464 | J102: 438 | K102: 27 | L102: 999 | M102: 34 | N102: 32.3
C103: Монтаж оборудования: НР (421 руб.): 80% от ФОТ СП (316 руб.): 60% от ФОТ | F103: 460.7
A104: 22 | B104: ТЕРм08-02-399-01 | C104: Кабель (провод) в коробах, сечением до 6 мм2 | D104: 100 м | E104: 3.3 | F104: 189.23 | G104: 56.09 | H104: 86.5 | I104: 624 | J104: 154 | K104: 185 | L104: 285 | M104: 3.52 | N104: 11.62
C105: Электромонтажные работы на других объектах: НР (268 руб.): 95% от ФОТ СП (183 руб.): 65% от ФОТ | F105: 46.64 | G105: 24.55 | K105: 81 | M105: 1.57 | N105: 5.18
...

Sheet 02-01-002
A1: СОГЛАСОВАНО: | M1: УТВЕРЖДАЮ:
A3: ______________ | M3: ______________
A4: "___" ___________ 201_ г. | M4: "___" ___________ 201_ г.
E5: ФГУП "Комбинат "Электрохимприбор"
E6: "Монтаж автоматической пожарной сигнализации (АПС) и системы оповещения
E7: и управления эвакуации людей при пожаре (СОУЭ) зданий в/ч 3275"
E8: (наименование стройки)
E10: ЛОКАЛЬНЫЙ СМЕТНЫЙ РАСЧЕТ № 02-01-002 (8849-0-ИОС5СМ1)
E11: (локальная смета)
B13: на | C13: АВТОМАТИЧЕСКУЮ ПОЖАРНУЮ СИГНАЛИЗАЦИЮ (АПС и СОУЭ) ЗДАНИЯ КАЗАРМЫ №2
C16: Основание: Технологические решения 8849-0-ИОС5
C17: Сметная стоимость _______________________________________________________________________________________________ | F17: =I161 -> 82691 | H17: руб.
C18: монтажных работ _______________________________________________________________________________________________ | F18: =I89+I136 -> 76178 | H18: руб.
C19: оборудования _______________________________________________________________________________________________ | F19: =I47+I67 -> 6513 | H19: руб.
C20: Средства на оплату труда _______________________________________________________________________________________________ | F20: =J142 -> 6539 | H20: руб.
C21: Сметная трудоемкость _______________________________________________________________________________________________ | F21: _______________________________________________________________________________________________470,19 | H21: чел.час
C22: Составлена в ценах по состоянию на 01.01.2000 г. в редакции 2009 г.
A24: № пп | B24: Обосно- вание | C24: Наименование работ и затрат | D24: Ед. изм. | E24: Кол. | F24: Стоимость единицы в базисных ценах, руб. | I24: Общая стоимость в базисных ценах, руб. | M24: Затр.тр.раб-х не занятых обслуж.машин
F25: Всего | G25: Экспл. маш. | H25: Мат-ы | I25: Всего | J25: в т.ч. оплата труда | K25: Экспл. маш. | L25: Мат-ы | M25: Обслуж-х машины
F26: оплата труда | G26: в т.ч. оплата труда | K26: в т.ч. оплата труда | M26: на ед-цу | N26: всего
A27: 1 | B27: 2 | C27: 3 | D27: 4 | E27: 5 | F27: 6 | G27: 7 | H27: 8 | I27: 9 | J27: 10 | K27: 11 | L27: 12 | M27: 13 | N27: 14
A28: Раздел 1. ОБОРУДОВАНИЕ ПО ПРАЙСАМ
A29: Цены на оборудование и материалы , отсутствующие в базе см.прайс-листы арх. № 96663 пф
A30: 1 | B30: ЗАО НВП "БОЛИТ" Г. КОРОЛЕВ МОСКОВСКАЯ ОБЛАСТЬ ПРАЙС-ЛИСТ3 кв.2012г. СТР.3 | C30: Аккумулятор необслуживаемый 12 В, емкость 17 А/час DTМ 1217 | D30: КОМП. | E30: 1 | F30: 311,8 1224,82/1,18/3,47 {индекс} | I30: 312
C31: (транспортные расходы (пПЗ=3%); заготовительно складские расходы (пПЗ=1,2%)) Оборудование:
A32: ЦЕНА1224,82/1,18/3,47 {индекс}
A33: 2 | B33: ЗАО НВП "БОЛИТ" Г. КОРОЛЕВ МОСКОВСКАЯ ОБЛАСТЬ ПРАЙС-ЛИСТ3 кв.2012г. СТР.3 | C33: Блок разветвительно-изолирующий БРИЗ | D33: шт | E33: 10 | F33: 75,34 295,94/1,18/3,47 {индекс} | I33: 753
C34: (транспортные расходы (пПЗ=3%); заготовительно складские расходы (пПЗ=1,2%)) Оборудование:
A35: ЦЕНА295,94/1,18/3,47 {индекс}
A36: 3 | B36: ЗАО НВП "БОЛИТ" Г. КОРОЛЕВ МОСКОВСКАЯ ОБЛАСТЬ ПРАЙС-ЛИСТкв.2012г. СТР.2 | C36: Световое табло Молния-12В/24В | D36: КОМП. | E36: 13 | F36: 84 330,00/1,18/3,47 {индекс} | I36: 1092
C37: (транспортные расходы (пПЗ=3%); заготовительно складские расходы (пПЗ=1,2%)) Оборудование:
A38: ЦЕНА330,00/1,18/3,47 {индекс}
A39: ИТОГИ В БАЗИСНЫХ ЦЕНАХ
A40: Итого прямые затраты по разделу в ценах 2001г. | I40: 2157
A41: Итоги по разделу 1 ОБОРУДОВАНИЕ ПО ПРАЙСАМ :
A42: Оборудование:
A43: Итого Поз. 1-3 | I43: 2157
A44: Итого | I44: 2157
A45: Справочно, в ценах 2001г.:
A46: Оборудование | I46: 2157
A47: Итого по разделу 1 ОБОРУДОВАНИЕ ПО ПРАЙСАМ | I47: 2157
A48: Раздел 2. ОБОРУДОВАНИЕ ПО ФЭРам
A49: 4 | B49: ФССЦ-509-4296 | C49: Контроллер двухпроводной линии связи, марка "С2000-КДЛ" | D49: шт. | E49: 1 | F49: 175.63 | I49: 176
C50: Оборудование
A51: 5 | B51: ФССЦ-509-4293 | C51: Блок индикации, марка "С2000-БИ" | D51: шт. | E51: 1 | F51: 473.91 | I51: 474
C52: Оборудование
A53: 6 | B53: ФССЦ-509-3762 | C53: Извещатель пожарный ручной ИПР-513-3А | D53: шт. | E53: 5 | F53: 253.87 | I53: 1269
C54: Оборудование
A55: 7 | B55: ФССЦ-509-4542 | C55: Источник бесперебойного питания СКАТ-1200У | D55: шт. | E55: 1 | F55: 1686.41 | I55: 1686
C56: Оборудование
A57: 8 | B57: ФССЦ-509-4519 | C57: Оповещатель светозвуковой охранно-пожарный, марка "МАЯК-12-3М1" | D57: шт. | E57: 12 | F57: 62.58 | I57: 751
C58: Оборудование
A59: ИТОГИ В БАЗИСНЫХ ЦЕНАХ
A60: Итого прямые затраты по разделу в ценах 2001г. | I60: 4356
A61: Итоги по разделу 2 ОБОРУДОВАНИЕ ПО ФЭРам :
A62: Оборудование:
A63: Итого Поз. 4-8 | I63: 4356
A64: Итого | I64: 4356
A65: Справочно, в ценах 2001г.:
A66: Оборудование | I66: 4356
A67: Итого по разделу 2 ОБОРУДОВАНИЕ ПО ФЭРам | I67: 4356
A68: Раздел 3. МАТЕРИАЛЫ ПО ФЭРам
A69: 9 | B69: ФССЦ-509-3780 | C69: Извещатель пожарный дымовой ДИП-34А-01 | D69: шт. | E69: 83 | F69: 326.59 | H69: 326.59 | I69: 27107 | L69: 27107
C70: Материалы для монтажных работ
A71: 10 | B71: ФССЦ-501-1721 | C71: Кабель для систем пожарной сигнализации с однопроволочными медными жилами, с изоляцией из огнестойкой кремнийорганической резины, в оболочке из ПВХ пластиката, не распространяющий горение, с низким дымо- и газовыделением марки KПСЭнг(A)-FRLS 1x2x1,5 | D71: 1000 м | E71: 0.005 | F71: 29743.7 | H71: 29743.7 | I71: 149 | L71: 149
C72: Материалы для монтажных работ
A73: 11 | B73: ФССЦ-501-1720 прим. | C73: Кабель для систем пожарной сигнализации с однопроволочными медными жилами, с изоляцией из огнестойкой кремнийорганической резины, в оболочке из ПВХ пластиката, не распространяющий горение, с низким дымо- и газовыделением марки KПСЭнг(A)-FRLS 1x2x1,0 (1Х2Х0,75) | D73: 1000 м | E73: 0.29 | F73: 22471.21 | H73: 22471.21 | I73: 6517 | L73: 6517
C74: Материалы для монтажных работ
A75: 12 | B75: ФССЦ-509-3539 прим. | C75: Кабель-канал пластиковый с аксессуарами | D75: м | E75: 240 | F75: 78.16 | H75: 78.16 | I75: 18758 | L75: 18758
C76: Материалы для монтажных работ
A77: 13 | B77: ФССЦ-101-3127 | C77: Рукава металлические диаметром 10 мм РЗ-Ц-Х | D77: м | E77: 30 | F77: 4.92 | H77: 4.92 | I77: 148 | L77: 148
C78: Материалы для монтажных работ
A79: 14 | B79: ФССЦ-503-0449 прим. | C79: Коробка КК-8М | D79: шт. | E79: 15 | F79: 2.98 | H79: 2.98 | I79: 45 | L79: 45
C80: Материалы для монтажных работ
A81: ИТОГИ В БАЗИСНЫХ ЦЕНАХ
A82: Итого прямые затраты по разделу в ценах 2001г. | I82: 52724 | L82: 52724
A83: Итоги по разделу 3 МАТЕРИАЛЫ ПО ФЭРам :
A84: Материалы для монтажных работ:
A85: Итого Поз. 9-14 | I85: 52724
A86: Итого | I86: 52724
A87: Справочно, в ценах 2001г.:
A88: Материалы | I88: 52724
A89: Итого по разделу 3 МАТЕРИАЛЫ ПО ФЭРам | I89: 52724
A90: Раздел 4. МОНТАЖНЫЕ РАБОТЫ.
A91: 15 | B91: ТЕРм10-08-001-01 | C91: Приборы ПС приемно-контрольные, пусковые, концентратор: блок базовый на 10 лучей (С200-КДЛ) | D91: 1 шт. | E91: 1 | F91: 117.52 | G91: 0.46 | H91: 15.04 | I91: 118 | J91: 102 | L91: 16 | M91: 7.2 | N91: 7.2
C92: Монтаж оборудования: НР (98 руб.): 80% от ФОТ СП (73 руб.): 60% от ФОТ | F92: 102.02
A93: 16 | B93: ТЕРм10-08-001-11 | C93: Устройства промежуточные( Блок индикации,блок БРИЗ) | D93: 1 шт. | E93: 11 | F93: 218.26 | G93: 0.37 | H93: 13.63 | I93: 2401 | J93: 2247 | K93: 4 | L93: 150 | M93: 14 | N93: 154
C94: Монтаж оборудования: НР (2157 руб.): 80% от ФОТ СП (1618 руб.): 60% от ФОТ | F94: 204.26
A95: 17 | B95: ТЕРм10-08-002-01 | C95: Извещатель ПС автоматический тепловой электро-контактный, магнитоконтактный в нормальном исполнении (ДИП-34А-01,ИПР) | D95: 1 шт. | E95: 88 | F95: 13.84 | G95: 0.17 | H95: 2.29 | I95: 1218 | J95: 1001 | K95: 15 | L95: 202 | M95: 0.84 | N95: 73.92
C96: Монтаж оборудования: НР (961 руб.): 80% от ФОТ СП (721 руб.): 60% от ФОТ | F96: 11.38
A97: 18 | B97: ТЕРм10-08-003-03 | C97: Блок питания (Скад-1200у) | D97: 1 шт. | E97: 1 | F97: 59.97 | G97: 0.37 | H97: 7.83 | I97: 60 | J97: 52 | L97: 8 | M97: 3.6 | N97: 3.6
C98: Монтаж оборудования: НР (50 руб.): 80% от ФОТ СП (37 руб.): 60% от ФОТ | F98: 51.77
A99: 19 | B99: ТЕРм08-01-081-01 | C99: Аппарат (кнопка, ключ управления, замок электромагнитной блокировки, звуковой сигнал, сигнальная лампа) управления и сигнализации, количество подключаемых концов до 2 (Маяк-12-3м1) | D99: 1 шт. | E99: 12 | F99: 29.8 | G99: 11.69 | H99: 2.8 | I99: 358 | J99: 184 | K99: 140 | L99: 34 | M99: 1.13 | N99: 13.56
C100: Электромонтажные работы на других объектах: НР (220 руб.): 95% от ФОТ СП (151 руб.): 65% от ФОТ | F100: 15.31 | G100: 0.73 | K100: 9 | M100: 0.04 | N100: 0.48
A101: 20 | B101: ТЕРм08-03-593-10 | C101: Световые настенные указатели (Молния-12) | D101: 100 шт. | E101: 0.13 | F101: 2523.44 | G101: 556.95 | H101: 594.64 | I101: 328 | J101: 178 | K101: 72 | L101: 78 | M101: 98.2 | N101: 12.77
C102: Электромонтажные работы на других объектах: НР (207 руб.): 95% от ФОТ СП (142 руб.): 65% от ФОТ | F102: 1371.85 | G102: 20.38 | K102: 3 | M102: 1.12 | N102: 0.15
A103: 21 | B103: ТЕРм10-08-005-03 | C103: Кабель (провод) двух- и трехжильный с разделительным основанием по стенам и потолкам, прокладываемый по основаниям: бетонным и металлическим | D103: 100 м | E103: 0.25 | F103: 1540.77 | G103: 28.6 | H103: 1051.47 | I103: 385 | J103: 115 | K103: 7 | L103: 263 | M103: 34 | N103: 8.5
C104: Монтаж оборудования: НР (110 руб.): 80% от ФОТ СП (83 руб.): 60% от ФОТ | F104: 460.7
A105: 22 | B105: ТЕРм08-02-399-01 | C105: Кабель (провод) в коробах, сечением до 6 мм2 | D105: 100 м | E105: 2.4 | F105: 189.23 | G105: 56.09 | H105: 86.5 | I105: 454 | J105: 112 | K105: 135 | L105: 207 | M105: 3.52 | N105: 8.45
C106: Электромонтажные работы на других объектах: НР (195 руб.): 95% от ФОТ СП (133 руб.): 65% от ФОТ | F106: 46.64 | G106: 24.55 | K106: 59 | M106: 1.57 | N106: 3.77
...

Sheet 02-01-003
A1: СОГЛАСОВАНО: | M1: УТВЕРЖДАЮ:
A3: ______________ | M3: ______________
A4: "___" ___________ 201_ г. | M4: "___" ___________ 201_ г.
E5: ФГУП "Комбинат "Электрохимприбор"
E6: "Монтаж автоматической пожарной сигнализации (АПС) и системы оповещения
E7: и управления эвакуации людей при пожаре (СОУЭ) зданий в/ч 3275"
E8: (наименование стройки)
E10: ЛОКАЛЬНЫЙ СМЕТНЫЙ РАСЧЕТ № 02-01-003 (8849-0-ИОС5СМ2)
E11: (локальная смета)
B13: на | C13: АВТОМАТИЧЕСКУЮ ПОЖАРНУЮ СИГНАЛИЗАЦИЮ (АПС и СОУЭ) ЗДАНИЯ КАЗАРМЫ №3
C16: Основание: Технологические решения 8849-0-ИОС5
C17: Сметная стоимость _______________________________________________________________________________________________ | F17: =I161 -> 75841 | H17: руб.
C18: монтажных работ _______________________________________________________________________________________________ | F18: =I89+I136 -> 70002 | H18: руб.
C19: оборудования _______________________________________________________________________________________________ | F19: =I47+I67 -> 5839 | H19: руб.
C20: Средства на оплату труда _______________________________________________________________________________________________ | F20: =J142 -> 6306 | H20: руб.
C21: Сметная трудоемкость _______________________________________________________________________________________________ | F21: _______________________________________________________________________________________________452,86 | H21: чел.час
C22: Составлена в ценах по состоянию на 01.01.2000 г. в редакции 2009 г.
A24: № пп | B24: Обосно- вание | C24: Наименование работ и затрат | D24: Ед. изм. | E24: Кол. | F24: Стоимость единицы в базисных ценах, руб. | I24: Общая стоимость в базисных ценах, руб. | M24: Затр.тр.раб-х не занятых обслуж.машин
F25: Всего | G25: Экспл. маш. | H25: Мат-ы | I25: Всего | J25: в т.ч. оплата труда | K25: Экспл. маш. | L25: Мат-ы | M25: Обслуж-х машины
F26: оплата труда | G26: в т.ч. оплата труда | K26: в т.ч. оплата труда | M26: на ед-цу | N26: всего
A27: 1 | B27: 2 | C27: 3 | D27: 4 | E27: 5 | F27: 6 | G27: 7 | H27: 8 | I27: 9 | J27: 10 | K27: 11 | L27: 12 | M27: 13 | N27: 14
A28: Раздел 1. ОБОРУДОВАНИЕ ПО ПРАЙСАМ
A29: Цены на оборудование и материалы , отсутствующие в базе см.прайс-листы арх. № 96663 пф
A30: 1 | B30: ЗАО НВП "БОЛИТ" Г. КОРОЛЕВ МОСКОВСКАЯ ОБЛАСТЬ ПРАЙС-ЛИСТ3 кв.2012г. СТР.3 | C30: Аккумулятор необслуживаемый 12 В, емкость 17 А/час DTМ 1217 | D30: КОМП. | E30: 1 | F30: 311,8 1224,82/1,18/3,47 {индекс} | I30: 312
C31: (транспортные расходы (пПЗ=3%); заготовительно складские расходы (пПЗ=1,2%)) Оборудование:
A32: ЦЕНА1224,82/1,18/3,47 {индекс}
A33: 2 | B33: ЗАО НВП "БОЛИТ" Г. КОРОЛЕВ МОСКОВСКАЯ ОБЛАСТЬ ПРАЙС-ЛИСТ3 кв.2012г. СТР.3 | C33: Блок разветвительно-изолирующий БРИЗ | D33: шт | E33: 10 | F33: 75,34 295,94/1,18/3,47 {индекс} | I33: 753
C34: (транспортные расходы (пПЗ=3%); заготовительно складские расходы (пПЗ=1,2%)) Оборудование:
A35: ЦЕНА295,94/1,18/3,47 {индекс}
A36: 3 | B36: ЗАО НВП "БОЛИТ" Г. КОРОЛЕВ МОСКОВСКАЯ ОБЛАСТЬ ПРАЙС-ЛИСТкв.2012г. СТР.2 | C36: Световое табло Молния-12В/24В | D36: КОМП. | E36: 8 | F36: 84 330,00/1,18/3,47 {индекс} | I36: 672
C37: (транспортные расходы (пПЗ=3%); заготовительно складские расходы (пПЗ=1,2%)) Оборудование:
A38: ЦЕНА330,00/1,18/3,47 {индекс}
A39: ИТОГИ В БАЗИСНЫХ ЦЕНАХ
A40: Итого прямые затраты по разделу в ценах 2001г. | I40: 1737
A41: Итоги по разделу 1 ОБОРУДОВАНИЕ ПО ПРАЙСАМ :
A42: Оборудование:
A43: Итого Поз. 1-3 | I43: 1737
A44: Итого | I44: 1737
A45: Справочно, в ценах 2001г.:
A46: Оборудование | I46: 1737
A47: Итого по разделу 1 ОБОРУДОВАНИЕ ПО ПРАЙСАМ | I47: 1737
A48: Раздел 2. ОБОРУДОВАНИЕ ПО ФЭРам
A49: 4 | B49: ФССЦ-509-4296 | C49: Контроллер двухпроводной линии связи, марка "С2000-КДЛ" | D49: шт. | E49: 1 | F49: 175.63 | I49: 176
C50: Оборудование
A51: 5 | B51: ФССЦ-509-4293 | C51: Блок индикации, марка "С2000-БИ" | D51: шт. | E51: 1 | F51: 473.91 | I51: 474
C52: Оборудование
A53: 6 | B53: ФССЦ-509-3762 | C53: Извещатель пожарный ручной ИПР-513-3А | D53: шт. | E53: 4 | F53: 253.87 | I53: 1015
C54: Оборудование
A55: 7 | B55: ФССЦ-509-4542 | C55: Источник бесперебойного питания СКАТ-1200У | D55: шт. | E55: 1 | F55: 1686.41 | I55: 1686
C56: Оборудование
A57: 8 | B57: ФССЦ-509-4519 | C57: Оповещатель светозвуковой охранно-пожарный, марка "МАЯК-12-3М1" | D57: шт. | E57: 12 | F57: 62.58 | I57: 751
C58: Оборудование
A59: ИТОГИ В БАЗИСНЫХ ЦЕНАХ
A60: Итого прямые затраты по разделу в ценах 2001г. | I60: 4102
A61: Итоги по разделу 2 ОБОРУДОВАНИЕ ПО ФЭРам :
A62: Оборудование:
A63: Итого Поз. 4-8 | I63: 4102
A64: Итого | I64: 4102
A65: Справочно, в ценах 2001г.:
A66: Оборудование | I66: 4102
A67: Итого по разделу 2 ОБОРУДОВАНИЕ ПО ФЭРам | I67: 4102
A68: Раздел 3. МАТЕРИАЛЫ ПО ФЭРам
A69: 9 | B69: ФССЦ-509-3780 | C69: Извещатель пожарный дымовой ДИП-34А-01 | D69: шт. | E69: 65 | F69: 326.59 | H69: 326.59 | I69: 21228 | L69: 21228
C70: Материалы для монтажных работ
A71: 10 | B71: ФССЦ-501-1721 | C71: Кабель для систем пожарной сигнализации с однопроволочными медными жилами, с изоляцией из огнестойкой кремнийорганической резины, в оболочке из ПВХ пластиката, не распространяющий горение, с низким дымо- и газовыделением марки KПСЭнг(A)-FRLS 1x2x1,5 | D71: 1000 м | E71: 0.005 | F71: 29743.7 | H71: 29743.7 | I71: 149 | L71: 149
C72: Материалы для монтажных работ
A73: 11 | B73: ФССЦ-501-1720 прим. | C73: Кабель для систем пожарной сигнализации с однопроволочными медными жилами, с изоляцией из огнестойкой кремнийорганической резины, в оболочке из ПВХ пластиката, не распространяющий горение, с низким дымо- и газовыделением марки KПСЭнг(A)-FRLS 1x2x1,0 (1Х2Х0,75) | D73: 1000 м | E73: 0.29 | F73: 22471.21 | H73: 22471.21 | I73: 6517 | L73: 6517
C74: Материалы для монтажных работ
A75: 12 | B75: ФССЦ-509-3539 прим. | C75: Кабель-канал пластиковый с аксессуарами | D75: м | E75: 250 | F75: 78.16 | H75: 78.16 | I75: 19540 | L75: 19540
C76: Материалы для монтажных работ
A77: 13 | B77: ФССЦ-101-3127 | C77: Рукава металлические диаметром 10 мм РЗ-Ц-Х | D77: м | E77: 15 | F77: 4.92 | H77: 4.92 | I77: 74 | L77: 74
C78: Материалы для монтажных работ
A79: 14 | B79: ФССЦ-503-0449 прим. | C79: Коробка КК-8М | D79: шт. | E79: 30 | F79: 2.98 | H79: 2.98 | I79: 89 | L79: 89
C80: Материалы для монтажных работ
A81: ИТОГИ В БАЗИСНЫХ ЦЕНАХ
A82: Итого прямые затраты по разделу в ценах 2001г. | I82: 47597 | L82: 47597
A83: Итоги по разделу 3 МАТЕРИАЛЫ ПО ФЭРам :
A84: Материалы для монтажных работ:
A85: Итого Поз. 9-14 | I85: 47597
A86: Итого | I86: 47597
A87: Справочно, в ценах 2001г.:
A88: Материалы | I88: 47597
A89: Итого по разделу 3 МАТЕРИАЛЫ ПО ФЭРам | I89: 47597
A90: Раздел 4. МОНТАЖНЫЕ РАБОТЫ.
A91: 15 | B91: ТЕРм10-08-001-01 | C91: Приборы ПС приемно-контрольные, пусковые, концентратор: блок базовый на 10 лучей (С200-КДЛ) | D91: 1 шт. | E91: 1 | F91: 117.52 | G91: 0.46 | H91: 15.04 | I91: 118 | J91: 102 | L91: 16 | M91: 7.2 | N91: 7.2
C92: Монтаж оборудования: НР (98 руб.): 80% от ФОТ СП (73 руб.): 60% от ФОТ | F92: 102.02
A93: 16 | B93: ТЕРм10-08-001-11 | C93: Устройства промежуточные( Блок индикации,блок БРИЗ) | D93: 1 шт. | E93: 11 | F93: 218.26 | G93: 0.37 | H93: 13.63 | I93: 2401 | J93: 2247 | K93: 4 | L93: 150 | M93: 14 | N93: 154
C94: Монтаж оборудования: НР (2157 руб.): 80% от ФОТ СП (1618 руб.): 60% от ФОТ | F94: 204.26
A95: 17 | B95: ТЕРм10-08-002-01 | C95: Извещатель ПС автоматический тепловой электро-контактный, магнитоконтактный в нормальном исполнении (ДИП-34А-01,ИПР) | D95: 1 шт. | E95: 68 | F95: 13.84 | G95: 0.17 | H95: 2.29 | I95: 941 | J95: 774 | K95: 12 | L95: 155 | M95: 0.84 | N95: 57.12
C96: Монтаж оборудования: НР (743 руб.): 80% от ФОТ СП (557 руб.): 60% от ФОТ | F96: 11.38
A97: 18 | B97: ТЕРм10-08-003-03 | C97: Блок питания (Скад-1200у) | D97: 1 шт. | E97: 1 | F97: 59.97 | G97: 0.37 | H97: 7.83 | I97: 60 | J97: 52 | L97: 8 | M97: 3.6 | N97: 3.6
C98: Монтаж оборудования: НР (50 руб.): 80% от ФОТ СП (37 руб.): 60% от ФОТ | F98: 51.77
A99: 19 | B99: ТЕРм08-01-081-01 | C99: Аппарат (кнопка, ключ управления, замок электромагнитной блокировки, звуковой сигнал, сигнальная лампа) управления и сигнализации, количество подключаемых концов до 2 (Маяк-12-3м1) | D99: 1 шт. | E99: 12 | F99: 29.8 | G99: 11.69 | H99: 2.8 | I99: 358 | J99: 184 | K99: 140 | L99: 34 | M99: 1.13 | N99: 13.56
C100: Электромонтажные работы на других объектах: НР (220 руб.): 95% от ФОТ СП (151 руб.): 65% от ФОТ | F100: 15.31 | G100: 0.73 | K100: 9 | M100: 0.04 | N100: 0.48
A101: 20 | B101: ТЕРм08-03-593-10 | C101: Световые настенные указатели (Молния-12) | D101: 100 шт. | E101: 0.08 | F101: 2523.44 | G101: 556.95 | H101: 594.64 | I101: 202 | J101: 110 | K101: 45 | L101: 47 | M101: 98.2 | N101: 7.86
C102: Электромонтажные работы на других объектах: НР (127 руб.): 95% от ФОТ СП (87 руб.): 65% от ФОТ | F102: 1371.85 | G102: 20.38 | K102: 2 | M102: 1.12 | N102: 0.09
A103: 21 | B103: ТЕРм10-08-005-03 | C103: Кабель (провод) двух- и трехжильный с разделительным основанием по стенам и потолкам, прокладываемый по основаниям: бетонным и металлическим | D103: 100 м | E103: 0.3 | F103: 1540.77 | G103: 28.6 | H103: 1051.47 | I103: 462 | J103: 138 | K103: 9 | L103: 315 | M103: 34 | N103: 10.2
C104: Монтаж оборудования: НР (133 руб.): 80% от ФОТ СП (100 руб.): 60% от ФОТ | F104: 460.7
A105: 22 | B105: ТЕРм08-02-399-01 | C105: Кабель (провод) в коробах, сечением до 6 мм2 | D105: 100 м | E105: 2.5 | F105: 189.23 | G105: 56.09 | H105: 86.5 | I105: 473 | J105: 117 | K105: 140 | L105: 216 | M105: 3.52 | N105: 8.8
C106: Электромонтажные работы на других объектах: НР (202 руб.): 95% от ФОТ СП (138 руб.): 65% от ФОТ | F106: 46.64 | G106: 24.55 | K106: 61 | M106: 1.57 | N106: 3.93
...

Sheet 02-01-004
A1: СОГЛАСОВАНО: | M1: УТВЕРЖДАЮ:
A3: ______________ | M3: ______________
A4: "___" ___________ 201_ г. | M4: "___" ___________ 201_ г.
E5: ФГУП "Комбинат "Электрохимприбор"
E6: "Монтаж автоматической пожарной сигнализации (АПС) и системы оповещения
E7: и управления эвакуации людей при пожаре (СОУЭ) зданий в/ч 3275"
E8: (наименование стройки)
E10: ЛОКАЛЬНЫЙ СМЕТНЫЙ РАСЧЕТ № 02-01-004 (8849-0-ИОС5СМ3)
E11: (локальная смета)
B13: на | C13: АВТОМАТИЧЕСКУЮ ПОЖАРНУЮ СИГНАЛИЗАЦИЮ (АПС и СОУЭ) ЗДАНИЯ КАЗАРМЫ №4
C16: Основание: Технологические решения 8849-0-ИОС5
C17: Сметная стоимость _______________________________________________________________________________________________ | F17: =I165 -> 144800 | H17: руб.
C18: монтажных работ _______________________________________________________________________________________________ | F18: =I91+I140 -> 127733 | H18: руб.
C19: оборудования _______________________________________________________________________________________________ | F19: =I47+I69 -> 17067 | H19: руб.
C20: Средства на оплату труда _______________________________________________________________________________________________ | F20: =J146 -> 17181 | H20: руб.
C21: Сметная трудоемкость _______________________________________________________________________________________________ | F21: _______________________________________________________________________________________________1207,01 | H21: чел.час
C22: Составлена в ценах по состоянию на 01.01.2000 г. в редакции 2009 г.
A24: № пп | B24: Обосно- вание | C24: Наименование работ и затрат | D24: Ед. изм. | E24: Кол. | F24: Стоимость единицы в базисных ценах, руб. | I24: Общая стоимость в базисных ценах, руб. | M24: Затр.тр.раб-х не занятых обслуж.машин
F25: Всего | G25: Экспл. маш. | H25: Мат-ы | I25: Всего | J25: в т.ч. оплата труда | K25: Экспл. маш. | L25: Мат-ы | M25: Обслуж-х машины
F26: оплата труда | G26: в т.ч. оплата труда | K26: в т.ч. оплата труда | M26: на ед-цу | N26: всего
A27: 1 | B27: 2 | C27: 3 | D27: 4 | E27: 5 | F27: 6 | G27: 7 | H27: 8 | I27: 9 | J27: 10 | K27: 11 | L27: 12 | M27: 13 | N27: 14
A28: Раздел 1. ОБОРУДОВАНИЕ ПО ПРАЙСАМ
A29: Цены на оборудование и материалы , отсутствующие в базе см.прайс-листы арх. № 96663 пф
A30: 1 | B30: ЗАО НВП "БОЛИТ" Г. КОРОЛЕВ МОСКОВСКАЯ ОБЛАСТЬ ПРАЙС-ЛИСТ3 кв.2012г. СТР.3 | C30: Аккумулятор необслуживаемый 12 В, емкость 17 А/час DTМ 1217 | D30: КОМП. | E30: 1 | F30: 311,8 1224,82/1,18/3,47 {индекс} | I30: 312
C31: (транспортные расходы (пПЗ=3%); заготовительно складские расходы (пПЗ=1,2%)) Оборудование:
A32: ЦЕНА1224,82/1,18/3,47 {индекс}
A33: 2 | B33: ЗАО НВП "БОЛИТ" Г. КОРОЛЕВ МОСКОВСКАЯ ОБЛАСТЬ ПРАЙС-ЛИСТ3 кв.2012г. СТР.3 | C33: Блок разветвительно-изолирующий БРИЗ | D33: шт | E33: 20 | F33: 75,34 295,94/1,18/3,47 {индекс} | I33: 1507
C34: (транспортные расходы (пПЗ=3%); заготовительно складские расходы (пПЗ=1,2%)) Оборудование:
A35: ЦЕНА295,94/1,18/3,47 {индекс}
A36: 3 | B36: ЗАО НВП "БОЛИТ" Г. КОРОЛЕВ МОСКОВСКАЯ ОБЛАСТЬ ПРАЙС-ЛИСТкв.2012г. СТР.2 | C36: Световое табло Молния-12В/24В | D36: КОМП. | E36: 14 | F36: 84 330,00/1,18/3,47 {индекс} | I36: 1176
C37: (транспортные расходы (пПЗ=3%); заготовительно складские расходы (пПЗ=1,2%)) Оборудование:
A38: ЦЕНА330,00/1,18/3,47 {индекс}
A39: ИТОГИ В БАЗИСНЫХ ЦЕНАХ
A40: Итого прямые затраты по разделу в ценах 2001г. | I40: 2995
A41: Итоги по разделу 1 ОБОРУДОВАНИЕ ПО ПРАЙСАМ :
A42: Оборудование:
A43: Итого Поз. 1-3 | I43: 2995
A44: Итого | I44: 2995
A45: Справочно, в ценах 2001г.:
A46: Оборудование | I46: 2995
A47: Итого по разделу 1 ОБОРУДОВАНИЕ ПО ПРАЙСАМ | I47: 2995
A48: Раздел 2. ОБОРУДОВАНИЕ ПО ФЭРам
A49: 4 | B49: ФССЦ-509-4296 | C49: Контроллер двухпроводной линии связи, марка "С2000-КДЛ" | D49: шт. | E49: 2 | F49: 175.63 | I49: 351
C50: Оборудование
A51: 5 | B51: ФССЦ-509-4295 | C51: Блок сигнально-пусковой (релейный блок), марка "С2000-СП2 | D51: шт. | E51: 1 | F51: 153.02 | I51: 153
C52: Оборудование
A53: 6 | B53: ФССЦ-509-3762 | C53: Извещатель пожарный ручной ИПР-513-3А | D53: шт. | E53: 8 | F53: 253.87 | I53: 2031
C54: Оборудование
A55: 7 | B55: ФССЦ-509-4542 | C55: Источник бесперебойного питания СКАТ-1200У | D55: шт. | E55: 1 | F55: 1686.41 | I55: 1686
C56: Оборудование
A57: 8 | B57: ФССЦ-509-1449 прим. | C57: Прибор речевого оповещения РУПОР | D57: шт. | E57: 8 | F57: 912.43 | I57: 7299
C58: Оборудование
A59: 9 | B59: ФССЦ-509-4522 | C59: Модуль акустический марка "AM" исп. 1 | D59: шт. | E59: 28 | F59: 91.16 | I59: 2552
C60: Оборудование
A61: ИТОГИ В БАЗИСНЫХ ЦЕНАХ
A62: Итого прямые затраты по разделу в ценах 2001г. | I62: 14072
A63: Итоги по разделу 2 ОБОРУДОВАНИЕ ПО ФЭРам :
A64: Оборудование:
A65: Итого Поз. 4-9 | I65: 14072
A66: Итого | I66: 14072
A67: Справочно, в ценах 2001г.:
A68: Оборудование | I68: 14072
A69: Итого по разделу 2 ОБОРУДОВАНИЕ ПО ФЭРам | I69: 14072
A70: Раздел 3. МАТЕРИАЛЫ ПО ФЭРам
A71: 10 | B71: ФССЦ-509-3780 | C71: Извещатель пожарный дымовой ДИП-34А-01 | D71: шт. | E71: 165 | F71: 326.59 | H71: 326.59 | I71: 53887 | L71: 53887
C72: Материалы для монтажных работ
A73: 11 | B73: ФССЦ-501-1721 | C73: Кабель для систем пожарной сигнализации с однопроволочными медными жилами, с изоляцией из огнестойкой кремнийорганической резины, в оболочке из ПВХ пластиката, не распространяющий горение, с низким дымо- и газовыделением марки KПСЭнг(A)-FRLS 1x2x1,5 | D73: 1000 м | E73: 0.005 | F73: 29743.7 | H73: 29743.7 | I73: 149 | L73: 149
C74: Материалы для монтажных работ
A75: 12 | B75: ФССЦ-501-1720 прим. | C75: Кабель для систем пожарной сигнализации с однопроволочными медными жилами, с изоляцией из огнестойкой кремнийорганической резины, в оболочке из ПВХ пластиката, не распространяющий горение, с низким дымо- и газовыделением марки KПСЭнг(A)-FRLS 1x2x1,0 (1Х2Х0,75) | D75: 1000 м | E75: 0.27 | F75: 22471.21 | H75: 22471.21 | I75: 6067 | L75: 6067
C76: Материалы для монтажных работ
A77: 13 | B77: ФССЦ-509-3539 прим. | C77: Кабель-канал пластиковый с аксессуарами | D77: м | E77: 230 | F77: 78.16 | H77: 78.16 | I77: 17977 | L77: 17977
C78: Материалы для монтажных работ
A79: 14 | B79: ФССЦ-101-3127 | C79: Рукава металлические диаметром 10 мм РЗ-Ц-Х | D79: м | E79: 30 | F79: 4.92 | H79: 4.92 | I79: 148 | L79: 148
C80: Материалы для монтажных работ
A81: 15 | B81: ФССЦ-503-0449 прим. | C81: Коробка КК-8М | D81: шт. | E81: 30 | F81: 2.98 | H81: 2.98 | I81: 89 | L81: 89
C82: Материалы для монтажных работ
A83: ИТОГИ В БАЗИСНЫХ ЦЕНАХ
A84: Итого прямые затраты по разделу в ценах 2001г. | I84: 78317 | L84: 78317
A85: Итоги по разделу 3 МАТЕРИАЛЫ ПО ФЭРам :
A86: Материалы для монтажных работ:
A87: Итого Поз. 10-15 | I87: 78317
A88: Итого | I88: 78317
A89: Справочно, в ценах 2001г.:
A90: Материалы | I90: 78317
A91: Итого по разделу 3 МАТЕРИАЛЫ ПО ФЭРам | I91: 78317
A92: Раздел 4. МОНТАЖНЫЕ РАБОТЫ.
A93: 16 | B93: ТЕРм10-08-001-01 | C93: Приборы ПС приемно-контрольные, пусковые, концентратор: блок базовый на 10 лучей (С200-КДЛ) | D93: 1 шт. | E93: 2 | F93: 117.52 | G93: 0.46 | H93: 15.04 | I93: 235 | J93: 204 | K93: 1 | L93: 30 | M93: 7.2 | N93: 14.4
C94: Монтаж оборудования: НР (196 руб.): 80% от ФОТ СП (147 руб.): 60% от ФОТ | F94: 102.02
A95: 17 | B95: ТЕРм10-08-001-11 | C95: Устройства промежуточные( Блок индикации,блок БРИЗ,АМ) | D95: 1 шт. | E95: 49 | F95: 218.26 | G95: 0.37 | H95: 13.63 | I95: 10695 | J95: 10009 | K95: 18 | L95: 668 | M95: 14 | N95: 686
C96: Монтаж оборудования: НР (9609 руб.): 80% от ФОТ СП (7207 руб.): 60% от ФОТ | F96: 204.26
A97: 18 | B97: ТЕРм10-08-002-01 | C97: Извещатель ПС автоматический тепловой электро-контактный, магнитоконтактный в нормальном исполнении (ДИП-34А-01,ИПР) | D97: 1 шт. | E97: 173 | F97: 13.84 | G97: 0.17 | H97: 2.29 | I97: 2394 | J97: 1969 | K97: 29 | L97: 396 | M97: 0.84 | N97: 145.32
C98: Монтаж оборудования: НР (1890 руб.): 80% от ФОТ СП (1418 руб.): 60% от ФОТ | F98: 11.38
A99: 19 | B99: ТЕРм10-08-003-03 | C99: Блок питания (Скад-1200у) | D99: 1 шт. | E99: 1 | F99: 59.97 | G99: 0.37 | H99: 7.83 | I99: 60 | J99: 52 | L99: 8 | M99: 3.6 | N99: 3.6
C100: Монтаж оборудования: НР (50 руб.): 80% от ФОТ СП (37 руб.): 60% от ФОТ | F100: 51.77
A101: 20 | B101: ТЕРм10-04-101-07 | C101: Громкоговоритель или звуковая колонка в помещении (Прибор РУПОР) | D101: 1 шт. | E101: 8 | F101: 49.43 | H101: 23.87 | I101: 395 | J101: 204 | L101: 191 | M101: 2 | N101: 16
C102: Монтаж радиотелевизионного и электронного оборудования: НР (225 руб.): 92% от ФОТ СП (159 руб.): 65% от ФОТ | F102: 25.56
A103: 21 | B103: ТЕРм08-03-593-10 | C103: Световые настенные указатели (Молния-12) | D103: 100 шт. | E103: 0.14 | F103: 2523.44 | G103: 556.95 | H103: 594.64 | I103: 353 | J103: 192 | K103: 78 | L103: 83 | M103: 98.2 | N103: 13.75
C104: Электромонтажные работы на других объектах: НР (222 руб.): 95% от ФОТ СП (152 руб.): 65% от ФОТ | F104: 1371.85 | G104: 20.38 | K104: 3 | M104: 1.12 | N104: 0.16
A105: 22 | B105: ТЕРм10-08-005-03 | C105: Кабель (провод) двух- и трехжильный с разделительным основанием по стенам и потолкам, прокладываемый по основаниям: бетонным и металлическим | D105: 100 м | E105: 0.15 | F105: 1540.77 | G105: 28.6 | H105: 1051.47 | I105: 231 | J105: 69 | K105: 4 | L105: 158 | M105: 34 | N105: 5.1
C106: Монтаж оборудования: НР (66 руб.): 80% от ФОТ СП (50 руб.): 60% от ФОТ | F106: 460.7
...

Sheet 02-01-005
A1: СОГЛАСОВАНО: | M1: УТВЕРЖДАЮ:
A3: ______________ | M3: ______________
A4: "___" ___________ 201_ г. | M4: "___" ___________ 201_ г.
E5: ФГУП "Комбинат "Электрохимприбор"
E6: "Монтаж автоматической пожарной сигнализации (АПС) и системы оповещения
E7: и управления эвакуации людей при пожаре (СОУЭ) зданий в/ч 3275"
E8: (наименование стройки)
E10: ЛОКАЛЬНЫЙ СМЕТНЫЙ РАСЧЕТ № 02-01-005 (8849-0-ИОС5СМ4)
E11: (локальная смета)
B13: на | C13: АВТОМАТИЧЕСКУЮ ПОЖАРНУЮ СИГНАЛИЗАЦИЮ (АПС и СОУЭ) ЗДАНИЕ КАЗАРМЫ ЗАСТАВЫ №2
C16: Основание: Технологические решения 8849-0-ИОС5
C17: Сметная стоимость _______________________________________________________________________________________________ | F17: =I181 -> 45613 | H17: руб.
C18: монтажных работ _______________________________________________________________________________________________ | F18: =I103+I156 -> 37836 | H18: руб.
C19: оборудования _______________________________________________________________________________________________ | F19: =I56+I72 -> 7777 | H19: руб.
C20: Средства на оплату труда _______________________________________________________________________________________________ | F20: =J162 -> 3537 | H20: руб.
C21: Сметная трудоемкость _______________________________________________________________________________________________ | F21: _______________________________________________________________________________________________260 | H21: чел.час
C22: Составлена в ценах по состоянию на 01.01.2000 г. в редакции 2009 г.
A24: № пп | B24: Обосно- вание | C24: Наименование работ и затрат | D24: Ед. изм. | E24: Кол. | F24: Стоимость единицы в базисных ценах, руб. | I24: Общая стоимость в базисных ценах, руб. | M24: Затр.тр.раб-х не занятых обслуж.машин
F25: Всего | G25: Экспл. маш. | H25: Мат-ы | I25: Всего | J25: в т.ч. оплата труда | K25: Экспл. маш. | L25: Мат-ы | M25: Обслуж-х машины
F26: оплата труда | G26: в т.ч. оплата труда | K26: в т.ч. оплата труда | M26: на ед-цу | N26: всего
A27: 1 | B27: 2 | C27: 3 | D27: 4 | E27: 5 | F27: 6 | G27: 7 | H27: 8 | I27: 9 | J27: 10 | K27: 11 | L27: 12 | M27: 13 | N27: 14
A28: Раздел 1. ОБОРУДОВАНИЕ ПО ПРАЙСАМ
A29: Цены на оборудование и материалы , отсутствующие в базе см.прайс-листы арх. № 96663 пф
A30: 1 | B30: ЗАО НВП "БОЛИТ" Г. КОРОЛЕВ МОСКОВСКАЯ ОБЛАСТЬ ПРАЙС-ЛИСТ3 кв.2012г. СТР.3 | C30: Аккумулятор необслуживаемый 12 В, емкость 17 А/час DTМ 1217 | D30: КОМП. | E30: 1 | F30: 311,8 1224,82/1,18/3,47 {индекс} | I30: 312
C31: (транспортные расходы (пПЗ=3%); заготовительно складские расходы (пПЗ=1,2%)) Оборудование:
A32: ЦЕНА1224,82/1,18/3,47 {индекс}
A33: 2 | B33: ЗАО НВП "БОЛИТ" Г. КОРОЛЕВ МОСКОВСКАЯ ОБЛАСТЬ ПРАЙС-ЛИСТ СТР. | C33: Приемно-контрольный прибор Сигнал-20М | D33: КОМП. | E33: 1 | F33: 739,11 2903,37/1,18/3,47 {индекс} | I33: 739
C34: (транспортные расходы (пПЗ=3%); заготовительно складские расходы (пПЗ=1,2%)) Оборудование:
A35: ЦЕНА 2903,37/1,18/3,47 {индекс}
A36: 3 | B36: ЦЕНА ООО "АЛЬТОНИКА" Г. МОСКВА ПРАЙС-ЛИСТ СТР. | C36: ОХРАННЫЙ ПЕРЕДАТЧИК-КОНЦЕНТРАТОР, В КОМПЛЕКТЕ С ШТЫРЕВОЙ АНТЕННОЙ RS-202 TX8 | D36: КОМП. | E36: 1 | F36: 2008,55 7890/1,18/3,47 {индекс} | I36: 2009
C37: (транспортные расходы (пПЗ=3%); заготовительно складские расходы (пПЗ=1,2%)) Оборудование:
A38: ЦЕНА7890/1,18/3,47 {индекс}
A39: 4 | B39: ЦЕНА ООО "АЛЬТОНИКА" Г. МОСКВА ПРАЙС-ЛИСТ СТР. | C39: АНТЕННА ОБЪЕКТОВАЯ, В КОМПЛЕКТЕ С ФИДЕРОМ 3 М АН2-433 | D39: КОМП. | E39: 1 | F39: 252,02 990/1,18/3,47 {индекс} | I39: 252
C40: (транспортные расходы (пПЗ=3%); заготовительно складские расходы (пПЗ=1,2%)) Оборудование:
A41: ЦЕНА 990/1,18/3,47 {индекс}
A42: 5 | B42: ЦЕНА КОМПАНИЯ "СИ-НОРД" Г. САНКТ-ПЕТЕРБУРГ ПРАЙС-ЛИСТ СТР. | C42: МАЧТА АНТЕННАЯ ВЫСОТОЙ 6 М, В КОМПЛЕКТЕ МТ6 | D42: КОМП. | E42: 1 | F42: 1667,17 6549/1,18/3,47 {индекс} | I42: 1667
C43: (транспортные расходы (пПЗ=3%); заготовительно складские расходы (пПЗ=1,2%)) Оборудование:
A44: ЦЕНА 6549/1,18/3,47 {индекс}
A45: 6 | B45: ЗАО НВП "БОЛИТ" Г. КОРОЛЕВ МОСКОВСКАЯ ОБЛАСТЬ ПРАЙС-ЛИСТкв.2012г. СТР.2 | C45: Световое табло Молния-12В/24В | D45: КОМП. | E45: 4 | F45: 84 330,00/1,18/3,47 {индекс} | I45: 336
C46: (транспортные расходы (пПЗ=3%); заготовительно складские расходы (пПЗ=1,2%)) Оборудование:
A47: ЦЕНА330,00/1,18/3,47 {индекс}
A48: ИТОГИ В БАЗИСНЫХ ЦЕНАХ
A49: Итого прямые затраты по разделу в ценах 2001г. | I49: 5315
A50: Итоги по разделу 1 ОБОРУДОВАНИЕ ПО ПРАЙСАМ :
A51: Оборудование:
A52: Итого Поз. 1-6 | I52: 5315
A53: Итого | I53: 5315
A54: Справочно, в ценах 2001г.:
A55: Оборудование | I55: 5315
A56: Итого по разделу 1 ОБОРУДОВАНИЕ ПО ПРАЙСАМ | I56: 5315
A57: Раздел 2. ОБОРУДОВАНИЕ ПО ФЭРам
A58: 7 | B58: ФССЦ-509-1898 | C58: Извещатель пожарный ручной ИПР-3СУ | D58: шт. | E58: 2 | F58: 75.11 | I58: 150
C59: Оборудование
A60: 8 | B60: ФССЦ-509-4542 | C60: Источник бесперебойного питания СКАТ-1200У | D60: шт. | E60: 1 | F60: 1686.41 | I60: 1686
C61: Оборудование
A62: 9 | B62: ФССЦ-509-4519 | C62: Оповещатель светозвуковой охранно-пожарный, марка "МАЯК-12-3М1" | D62: шт. | E62: 10 | F62: 62.58 | I62: 626
C63: Оборудование
A64: ИТОГИ В БАЗИСНЫХ ЦЕНАХ
A65: Итого прямые затраты по разделу в ценах 2001г. | I65: 2462
A66: Итоги по разделу 2 ОБОРУДОВАНИЕ ПО ФЭРам :
A67: Оборудование:
A68: Итого Поз. 7-9 | I68: 2462
A69: Итого | I69: 2462
A70: Справочно, в ценах 2001г.:
A71: Оборудование | I71: 2462
A72: Итого по разделу 2 ОБОРУДОВАНИЕ ПО ФЭРам | I72: 2462
A73: Раздел 3. МАТЕРИАЛЫ ПО ФЭРам
A74: 10 | B74: ФССЦ-509-3802 | C74: Извещатель пожарный дымовой ИП212-45 (ДИП-45 "Марко") | D74: шт. | E74: 36 | F74: 72.1 | H74: 72.1 | I74: 2596 | L74: 2596
C75: Материалы для монтажных работ
A76: 11 | B76: ФССЦ-509-1889 | C76: Извещатель пожарный тепловой ИП-101-3А | D76: шт. | E76: 7 | F76: 33.99 | I76: 238
C77: Оборудование
A78: 12 | B78: ФССЦ-501-1721 | C78: Кабель для систем пожарной сигнализации с однопроволочными медными жилами, с изоляцией из огнестойкой кремнийорганической резины, в оболочке из ПВХ пластиката, не распространяющий горение, с низким дымо- и газовыделением марки KПСЭнг(A)-FRLS 1x2x1,5 | D78: 1000 м | E78: 0.005 | F78: 29743.7 | H78: 29743.7 | I78: 149 | L78: 149
C79: Материалы для монтажных работ
A80: 13 | B80: ФССЦ-501-1720 прим. | C80: Кабель для систем пожарной сигнализации с однопроволочными медными жилами, с изоляцией из огнестойкой кремнийорганической резины, в оболочке из ПВХ пластиката, не распространяющий горение, с низким дымо- и газовыделением марки KПСЭнг(A)-FRLS 1x2x1,0 (1Х2Х0,75) | D80: 1000 м | E80: 0.25 | F80: 22471.21 | H80: 22471.21 | I80: 5618 | L80: 5618
C81: Материалы для монтажных работ
A82: 14 | B82: ФССЦ-509-3539 прим. | C82: Кабель-канал пластиковый с аксессуарами | D82: м | E82: 180 | F82: 78.16 | H82: 78.16 | I82: 14069 | L82: 14069
C83: Материалы для монтажных работ
A84: 15 | B84: ФССЦ-101-3127 | C84: Рукава металлические диаметром 10 мм РЗ-Ц-Х | D84: м | E84: 30 | F84: 4.92 | H84: 4.92 | I84: 148 | L84: 148
C85: Материалы для монтажных работ
A86: 16 | B86: ФССЦ-503-0449 прим. | C86: Коробка КК-8М | D86: шт. | E86: 30 | F86: 2.98 | H86: 2.98 | I86: 89 | L86: 89
C87: Материалы для монтажных работ
A88: ИТОГИ В БАЗИСНЫХ ЦЕНАХ
A89: Итого прямые затраты по разделу в ценах 2001г. | I89: 22907 | L89: 22669
A90: Итоги по разделу 3 МАТЕРИАЛЫ ПО ФЭРам :
A91: Итоги по Монтажным работам
A92: Материалы для монтажных работ:
A93: Итого Поз. 10, 12-16 | I93: 22669
A94: Итого | I94: 22669
A95: Итоги по Оборудованию
A96: Оборудование:
A97: Итого Поз. 11 | I97: 238
A98: Итого | I98: 238
A99: Итого | I99: 22907
A100: Справочно, в ценах 2001г.:
A101: Материалы | I101: 22669
A102: Оборудование | I102: 238
A103: Итого по разделу 3 МАТЕРИАЛЫ ПО ФЭРам | I103: 22907
A104: Раздел 4. МОНТАЖНЫЕ РАБОТЫ.
A105: 17 | B105: ТЕРм10-08-001-02 | C105: Приборы ПС приемно-контрольные, пусковые, концентратор блок базовый на 20 лучей (С20м) | D105: 1 шт. | E105: 1 | F105: 187.59 | G105: 0.46 | H105: 21.34 | I105: 188 | J105: 166 | L105: 22 | M105: 11.7 | N105: 11.7
C106: Монтаж оборудования: НР (159 руб.): 80% от ФОТ СП (119 руб.): 60% от ФОТ | F106: 165.79
...

Sheet 02-01-006
A1: СОГЛАСОВАНО: | M1: УТВЕРЖДАЮ:
A3: ______________ | M3: ______________
A4: "___" ___________ 201_ г. | M4: "___" ___________ 201_ г.
E5: ФГУП "Комбинат "Электрохимприбор"
E6: "Монтаж автоматической пожарной сигнализации (АПС) и системы оповещения
E7: и управления эвакуации людей при пожаре (СОУЭ) зданий в/ч 3275"
E8: (наименование стройки)
E10: ЛОКАЛЬНЫЙ СМЕТНЫЙ РАСЧЕТ № 02-01-006 (8849-0-ИОС5СМ5)
E11: (локальная смета)
B13: на | C13: АВТОМАТИЧЕСКУЮ ПОЖАРНУЮ СИГНАЛИЗАЦИЮ (АПС и СОУЭ) ЗДАНИЕ КАЗАРМЫ ЗАСТАВЫ №3
C16: Основание: Технологические решения 8849-0-ИОС5
C17: Сметная стоимость _______________________________________________________________________________________________ | F17: =I174 -> 48147 | H17: руб.
C18: монтажных работ _______________________________________________________________________________________________ | F18: =I96+I149 -> 40127 | H18: руб.
C19: оборудования _______________________________________________________________________________________________ | F19: =I56+I72 -> 8020 | H19: руб.
C20: Средства на оплату труда _______________________________________________________________________________________________ | F20: =J155 -> 3856 | H20: руб.
C21: Сметная трудоемкость _______________________________________________________________________________________________ | F21: _______________________________________________________________________________________________283,52 | H21: чел.час
C22: Составлена в ценах по состоянию на 01.01.2000 г. в редакции 2009 г.
A24: № пп | B24: Обосно- вание | C24: Наименование работ и затрат | D24: Ед. изм. | E24: Кол. | F24: Стоимость единицы в базисных ценах, руб. | I24: Общая стоимость в базисных ценах, руб. | M24: Затр.тр.раб-х не занятых обслуж.машин
F25: Всего | G25: Экспл. маш. | H25: Мат-ы | I25: Всего | J25: в т.ч. оплата труда | K25: Экспл. маш. | L25: Мат-ы | M25: Обслуж-х машины
F26: оплата труда | G26: в т.ч. оплата труда | K26: в т.ч. оплата труда | M26: на ед-цу | N26: всего
A27: 1 | B27: 2 | C27: 3 | D27: 4 | E27: 5 | F27: 6 | G27: 7 | H27: 8 | I27: 9 | J27: 10 | K27: 11 | L27: 12 | M27: 13 | N27: 14
A28: Раздел 1. ОБОРУДОВАНИЕ ПО ПРАЙСАМ
A29: Цены на оборудование и материалы , отсутствующие в базе см.прайс-листы арх. № 96663 пф
A30: 1 | B30: ЗАО НВП "БОЛИТ" Г. КОРОЛЕВ МОСКОВСКАЯ ОБЛАСТЬ ПРАЙС-ЛИСТ3 кв.2012г. СТР.3 | C30: Аккумулятор необслуживаемый 12 В, емкость 17 А/час DTМ 1217 | D30: КОМП. | E30: 1 | F30: 311,8 1224,82/1,18/3,47 {индекс} | I30: 312
C31: (транспортные расходы (пПЗ=3%); заготовительно складские расходы (пПЗ=1,2%)) Оборудование:
A32: ЦЕНА1224,82/1,18/3,47 {индекс}
A33: 2 | B33: ЗАО НВП "БОЛИТ" Г.КОРОЛЕВ МОСКОВСКАЯ ОБЛАСТЬ ПРАЙС- ЛИСТ СТР. | C33: Приемно-контрольный прибор Сигнал-20М | D33: КОМП. | E33: 1 | F33: 739,11 2903,37/1,18/3,47 {индекс} | I33: 739
C34: (транспортные расходы (пПЗ=3%); заготовительно складские расходы (пПЗ=1,2%)) Оборудование:
A35: 3 | B35: ЦЕНА ООО "АЛЬТОНИКА" Г. МОСКВА ПРАЙС-ЛИСТ СТР. | C35: ОХРАННЫЙ ПЕРЕДАТЧИК-КОНЦЕНТРАТОР, В КОМПЛЕКТЕ С ШТЫРЕВОЙ АНТЕННОЙ RS-202 TX8 | D35: КОМП. | E35: 1 | F35: 2008,55 7890/1,18/3,47 {индекс} | I35: 2009
C36: (транспортные расходы (пПЗ=3%); заготовительно складские расходы (пПЗ=1,2%)) Оборудование:
A37: ЦЕНА 2903,37/1,18/3,47 {индекс}
A38: ЦЕНА7890/1,18/3,47 {индекс}
A39: 4 | B39: ЦЕНА ООО "АЛЬТОНИКА" Г. МОСКВА ПРАЙС-ЛИСТ СТР. | C39: АНТЕННА ОБЪЕКТОВАЯ, В КОМПЛЕКТЕ С ФИДЕРОМ 3 М АН2-433 | D39: КОМП. | E39: 1 | F39: 252,02 990/1,18/3,47 {индекс} | I39: 252
C40: (транспортные расходы (пПЗ=3%); заготовительно складские расходы (пПЗ=1,2%)) Оборудование:
A41: ЦЕНА 990/1,18/3,47 {индекс}
A42: 5 | B42: ЦЕНА КОМПАНИЯ "СИ-НОРД" Г. САНКТ-ПЕТЕРБУРГ ПРАЙС-ЛИСТ СТР. | C42: МАЧТА АНТЕННАЯ ВЫСОТОЙ 6 М, В КОМПЛЕКТЕ МТ6 | D42: КОМП. | E42: 1 | F42: 1667,17 6549/1,18/3,47 {индекс} | I42: 1667
C43: (транспортные расходы (пПЗ=3%); заготовительно складские расходы (пПЗ=1,2%)) Оборудование:
A44: ЦЕНА 6549/1,18/3,47 {индекс}
A45: 6 | B45: ЗАО НВП "БОЛИТ" Г. КОРОЛЕВ МОСКОВСКАЯ ОБЛАСТЬ ПРАЙС-ЛИСТкв.2012г. СТР.2 | C45: Световое табло Молния-12В/24В | D45: КОМП. | E45: 6 | F45: 84 330,00/1,18/3,47 {индекс} | I45: 504
C46: (транспортные расходы (пПЗ=3%); заготовительно складские расходы (пПЗ=1,2%)) Оборудование:
A47: ЦЕНА330,00/1,18/3,47 {индекс}
A48: ИТОГИ В БАЗИСНЫХ ЦЕНАХ
A49: Итого прямые затраты по разделу в ценах 2001г. | I49: 5483
A50: Итоги по разделу 1 ОБОРУДОВАНИЕ ПО ПРАЙСАМ :
A51: Оборудование:
A52: Итого Поз. 1-6 | I52: 5483
A53: Итого | I53: 5483
A54: Справочно, в ценах 2001г.:
A55: Оборудование | I55: 5483
A56: Итого по разделу 1 ОБОРУДОВАНИЕ ПО ПРАЙСАМ | I56: 5483
A57: Раздел 2. ОБОРУДОВАНИЕ ПО ФЭРам
A58: 7 | B58: ФССЦ-509-1898 | C58: Извещатель пожарный ручной ИПР-3СУ | D58: шт. | E58: 3 | F58: 75.11 | I58: 225
C59: Оборудование
A60: 8 | B60: ФССЦ-509-4542 | C60: Источник бесперебойного питания СКАТ-1200У | D60: шт. | E60: 1 | F60: 1686.41 | I60: 1686
C61: Оборудование
A62: 9 | B62: ФССЦ-509-4519 | C62: Оповещатель светозвуковой охранно-пожарный, марка "МАЯК-12-3М1" | D62: шт. | E62: 10 | F62: 62.58 | I62: 626
C63: Оборудование
A64: ИТОГИ В БАЗИСНЫХ ЦЕНАХ
A65: Итого прямые затраты по разделу в ценах 2001г. | I65: 2537
A66: Итоги по разделу 2 ОБОРУДОВАНИЕ ПО ФЭРам :
A67: Оборудование:
A68: Итого Поз. 7-9 | I68: 2537
A69: Итого | I69: 2537
A70: Справочно, в ценах 2001г.:
A71: Оборудование | I71: 2537
A72: Итого по разделу 2 ОБОРУДОВАНИЕ ПО ФЭРам | I72: 2537
A73: Раздел 3. МАТЕРИАЛЫ ПО ФЭРам
A74: 10 | B74: ФССЦ-509-3802 | C74: Извещатель пожарный дымовой ИП212-45 (ДИП-45 "Марко") | D74: шт. | E74: 56 | F74: 72.1 | H74: 72.1 | I74: 4038 | L74: 4038
C75: Материалы для монтажных работ
A76: 11 | B76: ФССЦ-509-1889 | C76: Извещатель пожарный тепловой ИП-101-3А | D76: шт. | E76: 7 | F76: 33.99 | H76: 33.99 | I76: 238 | L76: 238
C77: Материалы для монтажных работ
A78: 12 | B78: ФССЦ-501-1721 | C78: Кабель для систем пожарной сигнализации с однопроволочными медными жилами, с изоляцией из огнестойкой кремнийорганической резины, в оболочке из ПВХ пластиката, не распространяющий горение, с низким дымо- и газовыделением марки KПСЭнг(A)-FRLS 1x2x1,5 | D78: 1000 м | E78: 0.005 | F78: 29743.7 | H78: 29743.7 | I78: 149 | L78: 149
C79: Материалы для монтажных работ
A80: 13 | B80: ФССЦ-501-1720 прим. | C80: Кабель для систем пожарной сигнализации с однопроволочными медными жилами, с изоляцией из огнестойкой кремнийорганической резины, в оболочке из ПВХ пластиката, не распространяющий горение, с низким дымо- и газовыделением марки KПСЭнг(A)-FRLS 1x2x1,0 (1Х2Х0,75) | D80: 1000 м | E80: 0.25 | F80: 22471.21 | H80: 22471.21 | I80: 5618 | L80: 5618
C81: Материалы для монтажных работ
A82: 14 | B82: ФССЦ-509-3539 прим. | C82: Кабель-канал пластиковый с аксессуарами | D82: м | E82: 180 | F82: 78.16 | H82: 78.16 | I82: 14069 | L82: 14069
C83: Материалы для монтажных работ
A84: 15 | B84: ФССЦ-101-3127 | C84: Рукава металлические диаметром 10 мм РЗ-Ц-Х | D84: м | E84: 30 | F84: 4.92 | H84: 4.92 | I84: 148 | L84: 148
C85: Материалы для монтажных работ
A86: 16 | B86: ФССЦ-503-0449 прим. | C86: Коробка КК-8М | D86: шт. | E86: 30 | F86: 2.98 | H86: 2.98 | I86: 89 | L86: 89
C87: Материалы для монтажных работ
A88: ИТОГИ В БАЗИСНЫХ ЦЕНАХ
A89: Итого прямые затраты по разделу в ценах 2001г. | I89: 24349 | L89: 24349
A90: Итоги по разделу 3 МАТЕРИАЛЫ ПО ФЭРам :
A91: Материалы для монтажных работ:
A92: Итого Поз. 10-16 | I92: 24349
A93: Итого | I93: 24349
A94: Справочно, в ценах 2001г.:
A95: Материалы | I95: 24349
A96: Итого по разделу 3 МАТЕРИАЛЫ ПО ФЭРам | I96: 24349
A97: Раздел 4. МОНТАЖНЫЕ РАБОТЫ.
A98: 17 | B98: ТЕРм10-08-001-02 | C98: Приборы ПС приемно-контрольные, пусковые, концентратор блок базовый на 20 лучей (С20м) | D98: 1 шт. | E98: 1 | F98: 187.59 | G98: 0.46 | H98: 21.34 | I98: 188 | J98: 166 | L98: 22 | M98: 11.7 | N98: 11.7
C99: Монтаж оборудования: НР (159 руб.): 80% от ФОТ СП (119 руб.): 60% от ФОТ | F99: 165.79
A100: 18 | B100: ТЕРм10-08-002-01 | C100: Извещатель ПС автоматический тепловой электро-контактный, магнитоконтактный в нормальном исполнении (ИП-212-45,ИПР) | D100: 1 шт. | E100: 66 | F100: 13.84 | G100: 0.17 | H100: 2.29 | I100: 913 | J100: 751 | K100: 11 | L100: 151 | M100: 0.84 | N100: 55.44
C101: Монтаж оборудования: НР (721 руб.): 80% от ФОТ СП (541 руб.): 60% от ФОТ | F101: 11.38
A102: 19 | B102: ТЕРм10-08-003-03 | C102: Блок питания (Скад-1200у) | D102: 1 шт. | E102: 1 | F102: 59.97 | G102: 0.37 | H102: 7.83 | I102: 60 | J102: 52 | L102: 8 | M102: 3.6 | N102: 3.6
C103: Монтаж оборудования: НР (50 руб.): 80% от ФОТ СП (37 руб.): 60% от ФОТ | F103: 51.77
A104: 20 | B104: ТЕРм10-08-001-03 | C104: Приборы ПС приемно-контрольные, пусковые, концентратор( RS-202 TX8) | D104: 10 лучей | E104: 0.8 | F104: 97.72 | G104: 0.46 | H104: 21.82 | I104: 78 | J104: 60 | L104: 18 | M104: 5.4 | N104: 4.32
C105: Монтаж оборудования: НР (58 руб.): 80% от ФОТ СП (43 руб.): 60% от ФОТ | F105: 75.44
A106: 21 | B106: ТЕРм10-05-001-04 | C106: Установка мачты и новой антенны, прокладка и разделка кабеля снижения от антенны до головной усилительной станции, полный цикл измерений по каждому каналу качества изображения на антенну, для 1-5 каналов | D106: 1 антенна | E106: 1 | F106: 354.18 | H106: 6.94 | I106: 354 | J106: 347 | L106: 7 | M106: 23.8 | N106: 23.8
...

Sheet 02-01-007
A1: СОГЛАСОВАНО: | M1: УТВЕРЖДАЮ:
A3: ______________ | M3: ______________
A4: "___" ___________ 201_ г. | M4: "___" ___________ 201_ г.
E5: ФГУП "Комбинат "Электрохимприбор"
E6: "Монтаж автоматической пожарной сигнализации (АПС) и системы оповещения
E7: и управления эвакуации людей при пожаре (СОУЭ) зданий в/ч 3275"
E8: (наименование стройки)
E10: ЛОКАЛЬНЫЙ СМЕТНЫЙ РАСЧЕТ № 02-01-007 (8849-0-ИОС5СМ6)
E11: (локальная смета)
B13: на | C13: АВТОМАТИЧЕСКУЮ ПОЖАРНУЮ СИГНАЛИЗАЦИЮ (АПС и СОУЭ )ЗДАНИЕ КАЗАРМЫ ЗАСТАВЫ №4
C16: Основание: Технологические решения 8849-0-ИОС5
C17: Сметная стоимость _______________________________________________________________________________________________ | F17: =I174 -> 47449 | H17: руб.
C18: монтажных работ _______________________________________________________________________________________________ | F18: =I96+I149 -> 39446 | H18: руб.
C19: оборудования _______________________________________________________________________________________________ | F19: =I56+I72 -> 8003 | H19: руб.
C20: Средства на оплату труда _______________________________________________________________________________________________ | F20: =J155 -> 3770 | H20: руб.
C21: Сметная трудоемкость _______________________________________________________________________________________________ | F21: _______________________________________________________________________________________________277,14 | H21: чел.час
C22: Составлена в ценах по состоянию на 01.01.2000 г. в редакции 2009 г.
A24: № пп | B24: Обосно- вание | C24: Наименование работ и затрат | D24: Ед. изм. | E24: Кол. | F24: Стоимость единицы в базисных ценах, руб. | I24: Общая стоимость в базисных ценах, руб. | M24: Затр.тр.раб-х не занятых обслуж.машин
F25: Всего | G25: Экспл. маш. | H25: Мат-ы | I25: Всего | J25: в т.ч. оплата труда | K25: Экспл. маш. | L25: Мат-ы | M25: Обслуж-х машины
F26: оплата труда | G26: в т.ч. оплата труда | K26: в т.ч. оплата труда | M26: на ед-цу | N26: всего
A27: 1 | B27: 2 | C27: 3 | D27: 4 | E27: 5 | F27: 6 | G27: 7 | H27: 8 | I27: 9 | J27: 10 | K27: 11 | L27: 12 | M27: 13 | N27: 14
A28: Раздел 1. ОБОРУДОВАНИЕ ПО ПРАЙСАМ
A29: Цены на оборудование и материалы , отсутствующие в базе см.прайс-листы арх. № 96663 пф
A30: 1 | B30: ЗАО НВП "БОЛИТ" Г. КОРОЛЕВ МОСКОВСКАЯ ОБЛАСТЬ ПРАЙС- ЛИСТ3 кв.2012г. СТР.3 | C30: Аккумулятор необслуживаемый 12 В, емкость 17 А/час DTМ 1217 | D30: КОМП. | E30: 1 | F30: 311,8 1224,82/1,18/3,47 {индекс} | I30: 312
C31: (транспортные расходы (пПЗ=3%); заготовительно складские расходы (пПЗ=1,2%)) Оборудование:
A32: ЦЕНА1224,82/1,18/3,47 {индекс}
A33: 2 | B33: ЗАО НВП "БОЛИТ" Г. КОРОЛЕВ МОСКОВСКАЯ ОБЛАСТЬ ПРАЙС-ЛИСТ СТР. | C33: Приемно-контрольный прибор Сигнал-20М | D33: КОМП. | E33: 1 | F33: 739,11 2903,37/1,18/3,47 {индекс} | I33: 739
C34: (транспортные расходы (пПЗ=3%); заготовительно складские расходы (пПЗ=1,2%)) Оборудование:
A35: ЦЕНА 2903,37/1,18/3,47 {индекс}
A36: 3 | B36: ЦЕНА ООО "АЛЬТОНИКА" Г. МОСКВА ПРАЙС-ЛИСТ СТР. | C36: ОХРАННЫЙ ПЕРЕДАТЧИК-КОНЦЕНТРАТОР, В КОМПЛЕКТЕ С ШТЫРЕВОЙ АНТЕННОЙ RS-202 TX8 | D36: КОМП. | E36: 1 | F36: 2008,55 7890/1,18/3,47 {индекс} | I36: 2009
C37: (транспортные расходы (пПЗ=3%); заготовительно складские расходы (пПЗ=1,2%)) Оборудование:
A38: ЦЕНА7890/1,18/3,47 {индекс}
A39: 4 | B39: ЦЕНА ООО "АЛЬТОНИКА" Г. МОСКВА ПРАЙС-ЛИСТ СТР. | C39: АНТЕННА ОБЪЕКТОВАЯ, В КОМПЛЕКТЕ С ФИДЕРОМ 3 М АН2-433 | D39: КОМП. | E39: 1 | F39: 252,02 990/1,18/3,47 {индекс} | I39: 252
C40: (транспортные расходы (пПЗ=3%); заготовительно складские расходы (пПЗ=1,2%)) Оборудование:
A41: ЦЕНА 990/1,18/3,47 {индекс}
A42: 5 | B42: ЦЕНА КОМПАНИЯ "СИ-НОРД" Г. САНКТ-ПЕТЕРБУРГ ПРАЙС-ЛИСТ СТР. | C42: МАЧТА АНТЕННАЯ ВЫСОТОЙ 6 М, В КОМПЛЕКТЕ МТ6 | D42: КОМП. | E42: 1 | F42: 1667,17 6549/1,18/3,47 {индекс} | I42: 1667
C43: (транспортные расходы (пПЗ=3%); заготовительно складские расходы (пПЗ=1,2%)) Оборудование:
A44: ЦЕНА 6549/1,18/3,47 {индекс}
A45: 6 | B45: ЗАО НВП "БОЛИТ" Г. КОРОЛЕВ МОСКОВСКАЯ ОБЛАСТЬ ПРАЙС-ЛИСТкв.2012г. СТР.2 | C45: Световое табло Молния-12В/24В | D45: КОМП. | E45: 4 | F45: 84 330,00/1,18/3,47 {индекс} | I45: 336
C46: (транспортные расходы (пПЗ=3%); заготовительно складские расходы (пПЗ=1,2%)) Оборудование:
A47: ЦЕНА330,00/1,18/3,47 {индекс}
A48: ИТОГИ В БАЗИСНЫХ ЦЕНАХ
A49: Итого прямые затраты по разделу в ценах 2001г. | I49: 5315
A50: Итоги по разделу 1 ОБОРУДОВАНИЕ ПО ПРАЙСАМ :
A51: Оборудование:
A52: Итого Поз. 1-6 | I52: 5315
A53: Итого | I53: 5315
A54: Справочно, в ценах 2001г.:
A55: Оборудование | I55: 5315
A56: Итого по разделу 1 ОБОРУДОВАНИЕ ПО ПРАЙСАМ | I56: 5315
A57: Раздел 2. ОБОРУДОВАНИЕ ПО ФЭРам
A58: 7 | B58: ФССЦ-509-1898 | C58: Извещатель пожарный ручной ИПР-3СУ | D58: шт. | E58: 5 | F58: 75.11 | I58: 376
C59: Оборудование
A60: 8 | B60: ФССЦ-509-4542 | C60: Источник бесперебойного питания СКАТ-1200У | D60: шт. | E60: 1 | F60: 1686.41 | I60: 1686
C61: Оборудование
A62: 9 | B62: ФССЦ-509-4519 | C62: Оповещатель светозвуковой охранно-пожарный, марка "МАЯК-12-3М1" | D62: шт. | E62: 10 | F62: 62.58 | I62: 626
C63: Оборудование
A64: ИТОГИ В БАЗИСНЫХ ЦЕНАХ
A65: Итого прямые затраты по разделу в ценах 2001г. | I65: 2688
A66: Итоги по разделу 2 ОБОРУДОВАНИЕ ПО ФЭРам :
A67: Оборудование:
A68: Итого Поз. 7-9 | I68: 2688
A69: Итого | I69: 2688
A70: Справочно, в ценах 2001г.:
A71: Оборудование | I71: 2688
A72: Итого по разделу 2 ОБОРУДОВАНИЕ ПО ФЭРам | I72: 2688
A73: Раздел 3. МАТЕРИАЛЫ ПО ФЭРам
A74: 10 | B74: ФССЦ-509-3802 | C74: Извещатель пожарный дымовой ИП212-45 (ДИП-45 "Марко") | D74: шт. | E74: 50 | F74: 72.1 | H74: 72.1 | I74: 3605 | L74: 3605
C75: Материалы для монтажных работ
A76: 11 | B76: ФССЦ-509-1889 | C76: Извещатель пожарный тепловой ИП-101-3А | D76: шт. | E76: 7 | F76: 33.99 | H76: 33.99 | I76: 238 | L76: 238
C77: Материалы для монтажных работ
A78: 12 | B78: ФССЦ-501-1721 | C78: Кабель для систем пожарной сигнализации с однопроволочными медными жилами, с изоляцией из огнестойкой кремнийорганической резины, в оболочке из ПВХ пластиката, не распространяющий горение, с низким дымо- и газовыделением марки KПСЭнг(A)-FRLS 1x2x1,5 | D78: 1000 м | E78: 0.005 | F78: 29743.7 | H78: 29743.7 | I78: 149 | L78: 149
C79: Материалы для монтажных работ
A80: 13 | B80: ФССЦ-501-1720 прим. | C80: Кабель для систем пожарной сигнализации с однопроволочными медными жилами, с изоляцией из огнестойкой кремнийорганической резины, в оболочке из ПВХ пластиката, не распространяющий горение, с низким дымо- и газовыделением марки KПСЭнг(A)-FRLS 1x2x1,0 (1Х2Х0,75) | D80: 1000 м | E80: 0.25 | F80: 22471.21 | H80: 22471.21 | I80: 5618 | L80: 5618
C81: Материалы для монтажных работ
A82: 14 | B82: ФССЦ-509-3539 прим. | C82: Кабель-канал пластиковый с аксессуарами | D82: м | E82: 180 | F82: 78.16 | H82: 78.16 | I82: 14069 | L82: 14069
C83: Материалы для монтажных работ
A84: 15 | B84: ФССЦ-101-3127 | C84: Рукава металлические диаметром 10 мм РЗ-Ц-Х | D84: м | E84: 30 | F84: 4.92 | H84: 4.92 | I84: 148 | L84: 148
C85: Материалы для монтажных работ
A86: 16 | B86: ФССЦ-503-0449 прим. | C86: Коробка КК-8М | D86: шт. | E86: 30 | F86: 2.98 | H86: 2.98 | I86: 89 | L86: 89
C87: Материалы для монтажных работ
A88: ИТОГИ В БАЗИСНЫХ ЦЕНАХ
A89: Итого прямые затраты по разделу в ценах 2001г. | I89: 23916 | L89: 23916
A90: Итоги по разделу 3 МАТЕРИАЛЫ ПО ФЭРам :
A91: Материалы для монтажных работ:
A92: Итого Поз. 10-16 | I92: 23916
A93: Итого | I93: 23916
A94: Справочно, в ценах 2001г.:
A95: Материалы | I95: 23916
A96: Итого по разделу 3 МАТЕРИАЛЫ ПО ФЭРам | I96: 23916
A97: Раздел 4. МОНТАЖНЫЕ РАБОТЫ.
A98: 17 | B98: ТЕРм10-08-001-02 | C98: Приборы ПС приемно-контрольные, пусковые, концентратор блок базовый на 20 лучей (С20м) | D98: 1 шт. | E98: 1 | F98: 187.59 | G98: 0.46 | H98: 21.34 | I98: 188 | J98: 166 | L98: 22 | M98: 11.7 | N98: 11.7
C99: Монтаж оборудования: НР (159 руб.): 80% от ФОТ СП (119 руб.): 60% от ФОТ | F99: 165.79
A100: 18 | B100: ТЕРм10-08-003-03 | C100: Блок питания (Скад-1200у) | D100: 1 шт. | E100: 1 | F100: 59.97 | G100: 0.37 | H100: 7.83 | I100: 60 | J100: 52 | L100: 8 | M100: 3.6 | N100: 3.6
C101: Монтаж оборудования: НР (50 руб.): 80% от ФОТ СП (37 руб.): 60% от ФОТ | F101: 51.77
A102: 19 | B102: ТЕРм10-08-002-01 | C102: Извещатель ПС автоматический тепловой электро-контактный, магнитоконтактный в нормальном исполнении (ИП,ИПР) | D102: 1 шт. | E102: 62 | F102: 13.84 | G102: 0.17 | H102: 2.29 | I102: 858 | J102: 706 | K102: 11 | L102: 141 | M102: 0.84 | N102: 52.08
C103: Монтаж оборудования: НР (678 руб.): 80% от ФОТ СП (508 руб.): 60% от ФОТ | F103: 11.38
A104: 20 | B104: ТЕРм10-08-001-03 | C104: Приборы ПС приемно-контрольные, пусковые, концентратор( RS-202 TX8) | D104: 10 лучей | E104: 0.8 | F104: 97.72 | G104: 0.46 | H104: 21.82 | I104: 78 | J104: 60 | L104: 18 | M104: 5.4 | N104: 4.32
C105: Монтаж оборудования: НР (58 руб.): 80% от ФОТ СП (43 руб.): 60% от ФОТ | F105: 75.44
A106: 21 | B106: ТЕРм10-05-001-04 | C106: Установка мачты и новой антенны, прокладка и разделка кабеля снижения от антенны до головной усилительной станции, полный цикл измерений по каждому каналу качества изображения на антенну, для 1-5 каналов | D106: 1 антенна | E106: 1 | F106: 354.18 | H106: 6.94 | I106: 354 | J106: 347 | L106: 7 | M106: 23.8 | N106: 23.8
...

Sheet 02-01-008
A1: СОГЛАСОВАНО: | M1: УТВЕРЖДАЮ:
A3: ______________ | M3: ______________
A4: "___" ___________ 201_ г. | M4: "___" ___________ 201_ г.
E5: ФГУП "Комбинат "Электрохимприбор"
E6: "Монтаж автоматической пожарной сигнализации (АПС) и системы оповещения
E7: и управления эвакуации людей при пожаре (СОУЭ) зданий в/ч 3275"
E8: (наименование стройки)
E10: ЛОКАЛЬНЫЙ СМЕТНЫЙ РАСЧЕТ № 02-01-008 (8849-0-ИОС5СМ7)
E11: (локальная смета)
B13: на | C13: АВТОМАТИЧЕСКУЮ ПОЖАРНУЮ СИГНАЛИЗАЦИЮ (АПС и СОУЭ) ЗДАНИЕ КАЗАРМЫ ЗАСТАВЫ №5
C16: Основание: Технологические решения 8849-0-ИОС5
C17: Сметная стоимость _______________________________________________________________________________________________ | F17: =I175 -> 48461 | H17: руб.
C18: монтажных работ _______________________________________________________________________________________________ | F18: =I96+I149 -> 40282 | H18: руб.
C19: оборудования _______________________________________________________________________________________________ | F19: =I56+I72 -> 8179 | H19: руб.
C20: Средства на оплату труда _______________________________________________________________________________________________ | F20: =J156 -> 3788 | H20: руб.
C21: Сметная трудоемкость _______________________________________________________________________________________________ | F21: _______________________________________________________________________________________________278,48 | H21: чел.час
C22: Составлена в ценах по состоянию на 01.01.2000 г. в редакции 2009 г.
A24: № пп | B24: Обосно- вание | C24: Наименование работ и затрат | D24: Ед. изм. | E24: Кол. | F24: Стоимость единицы в базисных ценах, руб. | I24: Общая стоимость в базисных ценах, руб. | M24: Затр.тр.раб-х не занятых обслуж.машин
F25: Всего | G25: Экспл. маш. | H25: Мат-ы | I25: Всего | J25: в т.ч. оплата труда | K25: Экспл. маш. | L25: Мат-ы | M25: Обслуж-х машины
F26: оплата труда | G26: в т.ч. оплата труда | K26: в т.ч. оплата труда | M26: на ед-цу | N26: всего
A27: 1 | B27: 2 | C27: 3 | D27: 4 | E27: 5 | F27: 6 | G27: 7 | H27: 8 | I27: 9 | J27: 10 | K27: 11 | L27: 12 | M27: 13 | N27: 14
A28: Раздел 1. ОБОРУДОВАНИЕ ПО ПРАЙСАМ
A29: Цены на оборудование и материалы , отсутствующие в базе см.прайс-листы арх. № 96663 пф
A30: 1 | B30: ЗАО НВП "БОЛИТ" Г. КОРОЛЕВ МОСКОВСКАЯ ОБЛАСТЬ ПРАЙС-ЛИСТ3 кв.2012г. СТР.3 | C30: Аккумулятор необслуживаемый 12 В, емкость 17 А/час DTМ 1217 | D30: КОМП. | E30: 1 | F30: 311,8 1224,82/1,18/3,47 {индекс} | I30: 312
C31: (транспортные расходы (пПЗ=3%); заготовительно складские расходы (пПЗ=1,2%)) Оборудование:
A32: ЦЕНА1224,82/1,18/3,47 {индекс}
A33: 2 | B33: ЗАО НВП "БОЛИТ" Г. КОРОЛЕВ МОСКОВСКАЯ ОБЛАСТЬ ПРАЙС-ЛИСТ СТР. | C33: Приемно-контрольный прибор Сигнал-20М | D33: КОМП. | E33: 1 | F33: 739,11 2903,37/1,18/3,47 {индекс} | I33: 739
C34: (транспортные расходы (пПЗ=3%); заготовительно складские расходы (пПЗ=1,2%)) Оборудование:
A35: ЦЕНА 2903,37/1,18/3,47 {индекс}
A36: 3 | B36: ЦЕНА ООО "АЛЬТОНИКА" Г. МОСКВА ПРАЙС-ЛИСТ СТР. | C36: ОХРАННЫЙ ПЕРЕДАТЧИК-КОНЦЕНТРАТОР, В КОМПЛЕКТЕ С ШТЫРЕВОЙ АНТЕННОЙ RS-202 TX8 | D36: КОМП. | E36: 1 | F36: 2008,55 7890/1,18/3,47 {индекс} | I36: 2009
C37: (транспортные расходы (пПЗ=3%); заготовительно складские расходы (пПЗ=1,2%)) Оборудование:
A38: ЦЕНА7890/1,18/3,47 {индекс}
A39: 4 | B39: ЦЕНА ООО "АЛЬТОНИКА" Г. МОСКВА ПРАЙС-ЛИСТ СТР. | C39: АНТЕННА ОБЪЕКТОВАЯ, В КОМПЛЕКТЕ С ФИДЕРОМ 3 М АН2-433 | D39: КОМП. | E39: 1 | F39: 252,02 990/1,18/3,47 {индекс} | I39: 252
C40: (транспортные расходы (пПЗ=3%); заготовительно складские расходы (пПЗ=1,2%)) Оборудование:
A41: ЦЕНА 990/1,18/3,47 {индекс}
A42: 5 | B42: ЦЕНА КОМПАНИЯ "СИ-НОРД" Г. САНКТ-ПЕТЕРБУРГ ПРАЙС-ЛИСТ СТР. | C42: МАЧТА АНТЕННАЯ ВЫСОТОЙ 6 М, В КОМПЛЕКТЕ МТ6 | D42: КОМП. | E42: 1 | F42: 1667,17 6549/1,18/3,47 {индекс} | I42: 1667
C43: (транспортные расходы (пПЗ=3%); заготовительно складские расходы (пПЗ=1,2%)) Оборудование:
A44: ЦЕНА 6549/1,18/3,47 {индекс}
A45: 6 | B45: ЗАО НВП "БОЛИТ" Г. КОРОЛЕВ МОСКОВСКАЯ ОБЛАСТЬ ПРАЙС-ЛИСТкв.2012г. СТР.2 | C45: Световое табло Молния-12В/24В | D45: КОМП. | E45: 7 | F45: 84 330,00/1,18/3,47 {индекс} | I45: 588
C46: (транспортные расходы (пПЗ=3%); заготовительно складские расходы (пПЗ=1,2%)) Оборудование:
A47: ЦЕНА330,00/1,18/3,47 {индекс}
A48: ИТОГИ В БАЗИСНЫХ ЦЕНАХ
A49: Итого прямые затраты по разделу в ценах 2001г. | I49: 5567
A50: Итоги по разделу 1 ОБОРУДОВАНИЕ ПО ПРАЙСАМ :
A51: Оборудование:
A52: Итого Поз. 1-6 | I52: 5567
A53: Итого | I53: 5567
A54: Справочно, в ценах 2001г.:
A55: Оборудование | I55: 5567
A56: Итого по разделу 1 ОБОРУДОВАНИЕ ПО ПРАЙСАМ | I56: 5567
A57: Раздел 2. ОБОРУДОВАНИЕ ПО ФЭРам
A58: 7 | B58: ФССЦ-509-1898 | C58: Извещатель пожарный ручной ИПР-3СУ | D58: шт. | E58: 4 | F58: 75.11 | I58: 300
C59: Оборудование
A60: 8 | B60: ФССЦ-509-4542 | C60: Источник бесперебойного питания СКАТ-1200У | D60: шт. | E60: 1 | F60: 1686.41 | I60: 1686
C61: Оборудование
A62: 9 | B62: ФССЦ-509-4519 | C62: Оповещатель светозвуковой охранно-пожарный, марка "МАЯК-12-3М1" | D62: шт. | E62: 10 | F62: 62.58 | I62: 626
C63: Оборудование
A64: ИТОГИ В БАЗИСНЫХ ЦЕНАХ
A65: Итого прямые затраты по разделу в ценах 2001г. | I65: 2612
A66: Итоги по разделу 2 ОБОРУДОВАНИЕ ПО ФЭРам :
A67: Оборудование:
A68: Итого Поз. 7-9 | I68: 2612
A69: Итого | I69: 2612
A70: Справочно, в ценах 2001г.:
A71: Оборудование | I71: 2612
A72: Итого по разделу 2 ОБОРУДОВАНИЕ ПО ФЭРам | I72: 2612
A73: Раздел 3. МАТЕРИАЛЫ ПО ФЭРам
A74: 10 | B74: ФССЦ-509-3802 | C74: Извещатель пожарный дымовой ИП212-45 (ДИП-45 "Марко") | D74: шт. | E74: 48 | F74: 72.1 | I74: 3461
C75: Оборудование
A76: 11 | B76: ФССЦ-509-1889 | C76: Извещатель пожарный тепловой ИП-101-3А | D76: шт. | E76: 7 | F76: 33.99 | I76: 238
C77: Оборудование
A78: 12 | B78: ФССЦ-501-1721 | C78: Кабель для систем пожарной сигнализации с однопроволочными медными жилами, с изоляцией из огнестойкой кремнийорганической резины, в оболочке из ПВХ пластиката, не распространяющий горение, с низким дымо- и газовыделением марки KПСЭнг(A)-FRLS 1x2x1,5 | D78: 1000 м | E78: 0.005 | F78: 29743.7 | I78: 149
C79: Оборудование
A80: 13 | B80: ФССЦ-501-1720 прим. | C80: Кабель для систем пожарной сигнализации с однопроволочными медными жилами, с изоляцией из огнестойкой кремнийорганической резины, в оболочке из ПВХ пластиката, не распространяющий горение, с низким дымо- и газовыделением марки KПСЭнг(A)-FRLS 1x2x1,0 (1Х2Х0,75) | D80: 1000 м | E80: 0.25 | F80: 22471.21 | I80: 5618
C81: Оборудование
A82: 14 | B82: ФССЦ-509-3539 прим. | C82: Кабель-канал пластиковый с аксессуарами | D82: м | E82: 190 | F82: 78.16 | I82: 14850
C83: Оборудование
A84: 15 | B84: ФССЦ-101-3127 | C84: Рукава металлические диаметром 10 мм РЗ-Ц-Х | D84: м | E84: 30 | F84: 4.92 | I84: 148
C85: Оборудование
A86: 16 | B86: ФССЦ-503-0449 прим. | C86: Коробка КК-8М | D86: шт. | E86: 30 | F86: 2.98 | I86: 89
C87: Оборудование
A88: ИТОГИ В БАЗИСНЫХ ЦЕНАХ
A89: Итого прямые затраты по разделу в ценах 2001г. | I89: 24553
A90: Итоги по разделу 3 МАТЕРИАЛЫ ПО ФЭРам :
A91: Оборудование:
A92: Итого Поз. 10-16 | I92: 24553
A93: Итого | I93: 24553
A94: Справочно, в ценах 2001г.:
A95: Оборудование | I95: 24553
A96: Итого по разделу 3 МАТЕРИАЛЫ ПО ФЭРам | I96: 24553
A97: Раздел 4. МОНТАЖНЫЕ РАБОТЫ.
A98: 17 | B98: ТЕРм10-08-001-02 | C98: Приборы ПС приемно-контрольные, пусковые, концентратор блок базовый на 20 лучей (С20м) | D98: 1 шт. | E98: 1 | F98: 187.59 | G98: 0.46 | H98: 21.34 | I98: 188 | J98: 166 | L98: 22 | M98: 11.7 | N98: 11.7
C99: Монтаж оборудования: НР (159 руб.): 80% от ФОТ СП (119 руб.): 60% от ФОТ | F99: 165.79
A100: 18 | B100: ТЕРм10-08-002-01 | C100: Извещатель ПС автоматический тепловой электро-контактный, магнитоконтактный в нормальном исполнении (ИП,ИПР) | D100: 1 шт. | E100: 59 | F100: 13.84 | G100: 0.17 | H100: 2.29 | I100: 817 | J100: 671 | K100: 10 | L100: 136 | M100: 0.84 | N100: 49.56
C101: Монтаж оборудования: НР (644 руб.): 80% от ФОТ СП (483 руб.): 60% от ФОТ | F101: 11.38
A102: 19 | B102: ТЕРм10-08-003-03 | C102: Блок питания (Скад-1200у) | D102: 1 шт. | E102: 1 | F102: 59.97 | G102: 0.37 | H102: 7.83 | I102: 60 | J102: 52 | L102: 8 | M102: 3.6 | N102: 3.6
C103: Монтаж оборудования: НР (50 руб.): 80% от ФОТ СП (37 руб.): 60% от ФОТ | F103: 51.77
A104: 20 | B104: ТЕРм10-08-001-03 | C104: Приборы ПС приемно-контрольные, пусковые, концентратор( RS-202 TX8) | D104: 10 лучей | E104: 0.8 | F104: 97.72 | G104: 0.46 | H104: 21.82 | I104: 78 | J104: 60 | L104: 18 | M104: 5.4 | N104: 4.32
C105: Монтаж оборудования: НР (58 руб.): 80% от ФОТ СП (43 руб.): 60% от ФОТ | F105: 75.44
A106: 21 | B106: ТЕРм10-05-001-04 | C106: Установка мачты и новой антенны, прокладка и разделка кабеля снижения от антенны до головной усилительной станции, полный цикл измерений по каждому каналу качества изображения на антенну, для 1-5 каналов | D106: 1 антенна | E106: 1 | F106: 354.18 | H106: 6.94 | I106: 354 | J106: 347 | L106: 7 | M106: 23.8 | N106: 23.8
...

Sheet 02-01-009
A1: СОГЛАСОВАНО: | M1: УТВЕРЖДАЮ:
A3: ______________ | M3: ______________
A4: "___" ___________ 201_ г. | M4: "___" ___________ 201_ г.
E5: ФГУП "Комбинат "Электрохимприбор"
E6: "Монтаж автоматической пожарной сигнализации (АПС) и системы оповещения
E7: и управления эвакуации людей при пожаре (СОУЭ) зданий в/ч 3275"
E8: (наименование стройки)
E10: ЛОКАЛЬНЫЙ СМЕТНЫЙ РАСЧЕТ № 02-01-009 (8849-0-ИОС5СМ8)
E11: (локальная смета)
B13: на | C13: АВТОМАТИЧЕСКУЮ ПОЖАРНУЮ СИГНАЛИЗАЦИЮ (АПС и СОУЭ )ЗДАНИЕ КАЗАРМЫ ЗАСТАВЫ №6
C16: Основание: Технологические решения 8849-0-ИОС5
C17: Сметная стоимость _______________________________________________________________________________________________ | F17: =I174 -> 48749 | H17: руб.
C18: монтажных работ _______________________________________________________________________________________________ | F18: =I96+I149 -> 40654 | H18: руб.
C19: оборудования _______________________________________________________________________________________________ | F19: =I56+I72 -> 8095 | H19: руб.
C20: Средства на оплату труда _______________________________________________________________________________________________ | F20: =J155 -> 3826 | H20: руб.
C21: Сметная трудоемкость _______________________________________________________________________________________________ | F21: _______________________________________________________________________________________________281,34 | H21: чел.час
C22: Составлена в ценах по состоянию на 01.01.2000 г. в редакции 2009 г.
A24: № пп | B24: Обосно- вание | C24: Наименование работ и затрат | D24: Ед. изм. | E24: Кол. | F24: Стоимость единицы в базисных ценах, руб. | I24: Общая стоимость в базисных ценах, руб. | M24: Затр.тр.раб-х не занятых обслуж.машин
F25: Всего | G25: Экспл. маш. | H25: Мат-ы | I25: Всего | J25: в т.ч. оплата труда | K25: Экспл. маш. | L25: Мат-ы | M25: Обслуж-х машины
F26: оплата труда | G26: в т.ч. оплата труда | K26: в т.ч. оплата труда | M26: на ед-цу | N26: всего
A27: 1 | B27: 2 | C27: 3 | D27: 4 | E27: 5 | F27: 6 | G27: 7 | H27: 8 | I27: 9 | J27: 10 | K27: 11 | L27: 12 | M27: 13 | N27: 14
A28: Раздел 1. ОБОРУДОВАНИЕ ПО ПРАЙСАМ
A29: Цены на оборудование и материалы , отсутствующие в базе см.прайс-листы арх. № 96663 пф
A30: 1 | B30: ЗАО НВП "БОЛИТ" Г. КОРОЛЕВ МОСКОВСКАЯ ОБЛАСТЬ ПРАЙС-ЛИСТ3 кв.2012г. СТР.3 | C30: Аккумулятор необслуживаемый 12 В, емкость 17 А/час DTМ 1217 | D30: КОМП. | E30: 1 | F30: 311,8 1224,82/1,18/3,47 {индекс} | I30: 312
C31: (транспортные расходы (пПЗ=3%); заготовительно складские расходы (пПЗ=1,2%)) Оборудование:
A32: ЦЕНА1224,82/1,18/3,47 {индекс}
A33: 2 | B33: ЗАО НВП "БОЛИТ" Г. КОРОЛЕВ МОСКОВСКАЯ ОБЛАСТЬ ПРАЙС-ЛИСТ СТР. | C33: Приемно-контрольный прибор Сигнал-20М | D33: КОМП. | E33: 1 | F33: 739,11 2903,37/1,18/3,47 {индекс} | I33: 739
C34: (транспортные расходы (пПЗ=3%); заготовительно складские расходы (пПЗ=1,2%)) Оборудование:
A35: ЦЕНА 2903,37/1,18/3,47 {индекс}
A36: 3 | B36: ЦЕНА ООО "АЛЬТОНИКА" Г. МОСКВА ПРАЙС-ЛИСТ СТР. | C36: ОХРАННЫЙ ПЕРЕДАТЧИК-КОНЦЕНТРАТОР, В КОМПЛЕКТЕ С ШТЫРЕВОЙ АНТЕННОЙ RS-202 TX8 | D36: КОМП. | E36: 1 | F36: 2008,55 7890/1,18/3,47 {индекс} | I36: 2009
C37: (транспортные расходы (пПЗ=3%); заготовительно складские расходы (пПЗ=1,2%)) Оборудование:
A38: ЦЕНА7890/1,18/3,47 {индекс}
A39: 4 | B39: ЦЕНА ООО "АЛЬТОНИКА" Г. МОСКВА ПРАЙС-ЛИСТ СТР. | C39: АНТЕННА ОБЪЕКТОВАЯ, В КОМПЛЕКТЕ С ФИДЕРОМ 3 М АН2-433 | D39: КОМП. | E39: 1 | F39: 252,02 990/1,18/3,47 {индекс} | I39: 252
C40: (транспортные расходы (пПЗ=3%); заготовительно складские расходы (пПЗ=1,2%)) Оборудование:
A41: ЦЕНА 990/1,18/3,47 {индекс}
A42: 5 | B42: ЦЕНА КОМПАНИЯ "СИ-НОРД" Г. САНКТ-ПЕТЕРБУРГ ПРАЙС-ЛИСТ СТР. | C42: МАЧТА АНТЕННАЯ ВЫСОТОЙ 6 М, В КОМПЛЕКТЕ МТ6 | D42: КОМП. | E42: 1 | F42: 1667,17 6549/1,18/3,47 {индекс} | I42: 1667
C43: (транспортные расходы (пПЗ=3%); заготовительно складские расходы (пПЗ=1,2%)) Оборудование:
A44: ЦЕНА 6549/1,18/3,47 {индекс}
A45: 6 | B45: ЗАО НВП "БОЛИТ" Г. КОРОЛЕВ МОСКОВСКАЯ ОБЛАСТЬ ПРАЙС-ЛИСТкв.2012г. СТР.2 | C45: Световое табло Молния-12В/24В | D45: КОМП. | E45: 6 | F45: 84 330,00/1,18/3,47 {индекс} | I45: 504
C46: (транспортные расходы (пПЗ=3%); заготовительно складские расходы (пПЗ=1,2%)) Оборудование:
A47: ЦЕНА330,00/1,18/3,47 {индекс}
A48: ИТОГИ В БАЗИСНЫХ ЦЕНАХ
A49: Итого прямые затраты по разделу в ценах 2001г. | I49: 5483
A50: Итоги по разделу 1 ОБОРУДОВАНИЕ ПО ПРАЙСАМ :
A51: Оборудование:
A52: Итого Поз. 1-6 | I52: 5483
A53: Итого | I53: 5483
A54: Справочно, в ценах 2001г.:
A55: Оборудование | I55: 5483
A56: Итого по разделу 1 ОБОРУДОВАНИЕ ПО ПРАЙСАМ | I56: 5483
A57: Раздел 2. ОБОРУДОВАНИЕ ПО ФЭРам
A58: 7 | B58: ФССЦ-509-1898 | C58: Извещатель пожарный ручной ИПР-3СУ | D58: шт. | E58: 4 | F58: 75.11 | I58: 300
C59: Оборудование
A60: 8 | B60: ФССЦ-509-4542 | C60: Источник бесперебойного питания СКАТ-1200У | D60: шт. | E60: 1 | F60: 1686.41 | I60: 1686
C61: Оборудование
A62: 9 | B62: ФССЦ-509-4519 | C62: Оповещатель светозвуковой охранно-пожарный, марка "МАЯК-12-3М1" | D62: шт. | E62: 10 | F62: 62.58 | I62: 626
C63: Оборудование
A64: ИТОГИ В БАЗИСНЫХ ЦЕНАХ
A65: Итого прямые затраты по разделу в ценах 2001г. | I65: 2612
A66: Итоги по разделу 2 ОБОРУДОВАНИЕ ПО ФЭРам :
A67: Оборудование:
A68: Итого Поз. 7-9 | I68: 2612
A69: Итого | I69: 2612
A70: Справочно, в ценах 2001г.:
A71: Оборудование | I71: 2612
A72: Итого по разделу 2 ОБОРУДОВАНИЕ ПО ФЭРам | I72: 2612
A73: Раздел 3. МАТЕРИАЛЫ ПО ФЭРам
A74: 10 | B74: ФССЦ-509-3802 | C74: Извещатель пожарный дымовой ИП212-45 (ДИП-45 "Марко") | D74: шт. | E74: 52 | F74: 72.1 | H74: 72.1 | I74: 3749 | L74: 3749
C75: Материалы для монтажных работ
A76: 11 | B76: ФССЦ-509-1889 | C76: Извещатель пожарный тепловой ИП-101-3А | D76: шт. | E76: 7 | F76: 33.99 | H76: 33.99 | I76: 238 | L76: 238
C77: Материалы для монтажных работ
A78: 12 | B78: ФССЦ-501-1721 | C78: Кабель для систем пожарной сигнализации с однопроволочными медными жилами, с изоляцией из огнестойкой кремнийорганической резины, в оболочке из ПВХ пластиката, не распространяющий горение, с низким дымо- и газовыделением марки KПСЭнг(A)-FRLS 1x2x1,5 | D78: 1000 м | E78: 0.005 | F78: 29743.7 | H78: 29743.7 | I78: 149 | L78: 149
C79: Материалы для монтажных работ
A80: 13 | B80: ФССЦ-501-1720 прим. | C80: Кабель для систем пожарной сигнализации с однопроволочными медными жилами, с изоляцией из огнестойкой кремнийорганической резины, в оболочке из ПВХ пластиката, не распространяющий горение, с низким дымо- и газовыделением марки KПСЭнг(A)-FRLS 1x2x1,0 (1Х2Х0,75) | D80: 1000 м | E80: 0.25 | F80: 22471.21 | H80: 22471.21 | I80: 5618 | L80: 5618
C81: Материалы для монтажных работ
A82: 14 | B82: ФССЦ-509-3539 прим. | C82: Кабель-канал пластиковый с аксессуарами | D82: м | E82: 190 | F82: 78.16 | H82: 78.16 | I82: 14850 | L82: 14850
C83: Материалы для монтажных работ
A84: 15 | B84: ФССЦ-101-3127 | C84: Рукава металлические диаметром 10 мм РЗ-Ц-Х | D84: м | E84: 30 | F84: 4.92 | H84: 4.92 | I84: 148 | L84: 148
C85: Материалы для монтажных работ
A86: 16 | B86: ФССЦ-503-0449 прим. | C86: Коробка КК-8М | D86: шт. | E86: 30 | F86: 2.98 | H86: 2.98 | I86: 89 | L86: 89
C87: Материалы для монтажных работ
A88: ИТОГИ В БАЗИСНЫХ ЦЕНАХ
A89: Итого прямые затраты по разделу в ценах 2001г. | I89: 24841 | L89: 24841
A90: Итоги по разделу 3 МАТЕРИАЛЫ ПО ФЭРам :
A91: Материалы для монтажных работ:
A92: Итого Поз. 10-16 | I92: 24841
A93: Итого | I93: 24841
A94: Справочно, в ценах 2001г.:
A95: Материалы | I95: 24841
A96: Итого по разделу 3 МАТЕРИАЛЫ ПО ФЭРам | I96: 24841
A97: Раздел 4. МОНТАЖНЫЕ РАБОТЫ.
A98: 17 | B98: ТЕРм10-08-001-02 | C98: Приборы ПС приемно-контрольные, пусковые, концентратор блок базовый на 20 лучей (С20м) | D98: 1 шт. | E98: 1 | F98: 187.59 | G98: 0.46 | H98: 21.34 | I98: 188 | J98: 166 | L98: 22 | M98: 11.7 | N98: 11.7
C99: Монтаж оборудования: НР (159 руб.): 80% от ФОТ СП (119 руб.): 60% от ФОТ | F99: 165.79
A100: 18 | B100: ТЕРм10-08-002-01 | C100: Извещатель ПС автоматический тепловой электро-контактный, магнитоконтактный в нормальном исполнении (ИП-212-45,ИПР) | D100: 1 шт. | E100: 63 | F100: 13.84 | G100: 0.17 | H100: 2.29 | I100: 872 | J100: 717 | K100: 11 | L100: 144 | M100: 0.84 | N100: 52.92
C101: Монтаж оборудования: НР (688 руб.): 80% от ФОТ СП (516 руб.): 60% от ФОТ | F101: 11.38
A102: 19 | B102: ТЕРм10-08-003-03 | C102: Блок питания (Скад-1200у) | D102: 1 шт. | E102: 1 | F102: 59.97 | G102: 0.37 | H102: 7.83 | I102: 60 | J102: 52 | L102: 8 | M102: 3.6 | N102: 3.6
C103: Монтаж оборудования: НР (50 руб.): 80% от ФОТ СП (37 руб.): 60% от ФОТ | F103: 51.77
A104: 20 | B104: ТЕРм10-08-001-03 | C104: Приборы ПС приемно-контрольные, пусковые, концентратор( RS-202 TX8) | D104: 10 лучей | E104: 0.8 | F104: 97.72 | G104: 0.46 | H104: 21.82 | I104: 78 | J104: 60 | L104: 18 | M104: 5.4 | N104: 4.32
C105: Монтаж оборудования: НР (58 руб.): 80% от ФОТ СП (43 руб.): 60% от ФОТ | F105: 75.44
A106: 21 | B106: ТЕРм10-05-001-04 | C106: Установка мачты и новой антенны, прокладка и разделка кабеля снижения от антенны до головной усилительной станции, полный цикл измерений по каждому каналу качества изображения на антенну, для 1-5 каналов | D106: 1 антенна | E106: 1 | F106: 354.18 | H106: 6.94 | I106: 354 | J106: 347 | L106: 7 | M106: 23.8 | N106: 23.8
...

Sheet 02-01-010
A1: СОГЛАСОВАНО: | M1: УТВЕРЖДАЮ:
A4: ______________ | M4: ______________
A5: "___" ___________ 201_ г. | M5: "___" ___________ 201_ г.
E6: ФГУП "Комбинат "Электрохимприбор"
E7: "Монтаж автоматической пожарной сигнализации (АПС) и системы оповещения
E8: и управления эвакуации людей при пожаре (СОУЭ) зданий в/ч 3275"
E9: (наименование стройки)
E11: ЛОКАЛЬНЫЙ СМЕТНЫЙ РАСЧЕТ № 02-01-010 (8849-0-ИОС5СМ9)
E12: (локальная смета)
B14: на | C14: АВТОМАТИЧЕСКАЯ ПОЖАРНУЮ СИГНАЛИЗАЦИЮ (АПС и СОУЭ) ЦЕНТРАЛЬНОЙ ВАХТЫ (КПП-1)
C17: Основание: Технологические решения 8849-0-ИОС5
C18: Сметная стоимость _______________________________________________________________________________________________ | F18: =I177 -> 64692 | H18: руб.
C19: монтажных работ _______________________________________________________________________________________________ | F19: =I97+I152 -> 53715 | H19: руб.
C20: оборудования _______________________________________________________________________________________________ | F20: =I57+I75 -> 10977 | H20: руб.
C21: Средства на оплату труда _______________________________________________________________________________________________ | F21: =J158 -> 4993 | H21: руб.
C22: Сметная трудоемкость _______________________________________________________________________________________________ | F22: _______________________________________________________________________________________________359,39 | H22: чел.час
C23: Составлена в ценах по состоянию на 01.01.2000 г. в редакции 2009 г.
A25: № пп | B25: Обосно- вание | C25: Наименование работ и затрат | D25: Ед. изм. | E25: Кол. | F25: Стоимость единицы в базисных ценах, руб. | I25: Общая стоимость в базисных ценах, руб. | M25: Затр.тр.раб-х не занятых обслуж.машин
F26: Всего | G26: Экспл. маш. | H26: Мат-ы | I26: Всего | J26: в т.ч. оплата труда | K26: Экспл. маш. | L26: Мат-ы | M26: Обслуж-х машины
F27: оплата труда | G27: в т.ч. оплата труда | K27: в т.ч. оплата труда | M27: на ед-цу | N27: всего
A28: 1 | B28: 2 | C28: 3 | D28: 4 | E28: 5 | F28: 6 | G28: 7 | H28: 8 | I28: 9 | J28: 10 | K28: 11 | L28: 12 | M28: 13 | N28: 14
A29: Раздел 1. ОБОРУДОВАНИЕ ПО ПРАЙСАМ
A30: Цены на оборудование и материалы , отсутствующие в базе см.прайс-листы арх. № 96663 пф
A31: 1 | B31: ЗАО НВП "БОЛИТ" Г. КОРОЛЕВ МОСКОВСКАЯ ОБЛАСТЬ ПРАЙС-ЛИСТ3 кв.2012г. СТР.3 | C31: Аккумулятор необслуживаемый 12 В, емкость 17 А/час DTМ 1217 | D31: КОМП. | E31: 1 | F31: 311,8 1224,82/1,18/3,47 {индекс} | I31: 312
C32: (транспортные расходы (пПЗ=3%); заготовительно складские расходы (пПЗ=1,2%)) Оборудование:
A33: ЦЕНА1224,82/1,18/3,47 {индекс}
A34: 2 | B34: ЗАО НВП "БОЛИТ" Г. КОРОЛЕВ МОСКОВСКАЯ ОБЛАСТЬ ПРАЙС-ЛИСТ3 кв.2012г. СТР.3 | C34: Блок разветвительно-изолирующий БРИЗ | D34: шт | E34: 6 | F34: 75,34 295,94/1,18/3,47 {индекс} | I34: 452
C35: (транспортные расходы (пПЗ=3%); заготовительно складские расходы (пПЗ=1,2%)) Оборудование:
A36: ЦЕНА295,94/1,18/3,47 {индекс}
A37: 3 | B37: ЗАО НВП "БОЛИТ" Г. КОРОЛЕВ МОСКОВСКАЯ ОБЛАСТЬ ПРАЙС-ЛИСТкв.2012г. СТР.2 | C37: Световое табло Молния-12В/24В | D37: КОМП. | E37: 12 | F37: 84 330,00/1,18/3,47 {индекс} | I37: 1008
C38: (транспортные расходы (пПЗ=3%); заготовительно складские расходы (пПЗ=1,2%)) Оборудование:
A39: ЦЕНА330,00/1,18/3,47 {индекс}
A40: 4 | B40: ЦЕНА ООО "АЛЬТОНИКА" Г. МОСКВА ПРАЙС-ЛИСТ СТР. | C40: ОХРАННЫЙ ПЕРЕДАТЧИК-КОНЦЕНТРАТОР, В КОМПЛЕКТЕ С ШТЫРЕВОЙ АНТЕННОЙ RS-202 TX8 | D40: КОМП. | E40: 1 | F40: 2008,55 7890/1,18/3,47 {индекс} | I40: 2009
C41: (транспортные расходы (пПЗ=3%); заготовительно складские расходы (пПЗ=1,2%)) Оборудование:
A42: ЦЕНА7890/1,18/3,47 {индекс}
A43: 5 | B43: ЦЕНА ООО "АЛЬТОНИКА" Г. МОСКВА ПРАЙС-ЛИСТ СТР. | C43: АНТЕННА ОБЪЕКТОВАЯ, В КОМПЛЕКТЕ С ФИДЕРОМ 3 М АН2-433 | D43: КОМП. | E43: 1 | F43: 252,02 990/1,18/3,47 {индекс} | I43: 252
C44: (транспортные расходы (пПЗ=3%); заготовительно складские расходы (пПЗ=1,2%)) Оборудование:
A45: ЦЕНА 990/1,18/3,47 {индекс}
A46: 6 | B46: ЦЕНА КОМПАНИЯ "СИ-НОРД" Г. САНКТ-ПЕТЕРБУРГ ПРАЙС-ЛИСТ СТР. | C46: МАЧТА АНТЕННАЯ ВЫСОТОЙ 6 М, В КОМПЛЕКТЕ МТ6 | D46: КОМП. | E46: 1 | F46: 1667,17 6549/1,18/3,47 {индекс} | I46: 1667
C47: (транспортные расходы (пПЗ=3%); заготовительно складские расходы (пПЗ=1,2%)) Оборудование:
A48: ЦЕНА 6549/1,18/3,47 {индекс}
A49: ИТОГИ В БАЗИСНЫХ ЦЕНАХ
A50: Итого прямые затраты по разделу в ценах 2001г. | I50: 5700
A51: Итоги по разделу 1 ОБОРУДОВАНИЕ ПО ПРАЙСАМ :
A52: Оборудование:
A53: Итого Поз. 1-6 | I53: 5700
A54: Итого | I54: 5700
A55: Справочно, в ценах 2001г.:
A56: Оборудование | I56: 5700
A57: Итого по разделу 1 ОБОРУДОВАНИЕ ПО ПРАЙСАМ | I57: 5700
A58: Раздел 2. ОБОРУДОВАНИЕ ПО ФЭРам
A59: 7 | B59: ФССЦ-509-4296 | C59: Контроллер двухпроводной линии связи, марка "С2000-КДЛ" | D59: шт. | E59: 1 | F59: 175.63 | I59: 176
C60: Оборудование
A61: 8 | B61: ФССЦ-509-4542 | C61: Источник бесперебойного питания СКАТ-1200У | D61: шт. | E61: 1 | F61: 1686.41 | I61: 1686
C62: Оборудование
A63: 9 | B63: ФССЦ-509-3762 | C63: Извещатель пожарный ручной ИПР-513-3А | D63: шт. | E63: 10 | F63: 253.87 | I63: 2539
C64: Оборудование
A65: 10 | B65: ФССЦ-509-4519 | C65: Оповещатель светозвуковой охранно-пожарный, марка "МАЯК-12-3М1" | D65: шт. | E65: 14 | F65: 62.58 | I65: 876
C66: Оборудование
A67: ИТОГИ В БАЗИСНЫХ ЦЕНАХ
A68: Итого прямые затраты по разделу в ценах 2001г. | I68: 5277
A69: Итоги по разделу 2 ОБОРУДОВАНИЕ ПО ФЭРам :
A70: Оборудование:
A71: Итого Поз. 7-10 | I71: 5277
A72: Итого | I72: 5277
A73: Справочно, в ценах 2001г.:
A74: Оборудование | I74: 5277
A75: Итого по разделу 2 ОБОРУДОВАНИЕ ПО ФЭРам | I75: 5277
A76: Раздел 3. МАТЕРИАЛЫ ПО ФЭРам
A77: 11 | B77: ФССЦ-509-3780 | C77: Извещатель пожарный дымовой ДИП-34А-01 | D77: шт. | E77: 60 | F77: 326.59 | I77: 19595
C78: Оборудование
A79: 12 | B79: ФССЦ-501-1721 | C79: Кабель для систем пожарной сигнализации с однопроволочными медными жилами, с изоляцией из огнестойкой кремнийорганической резины, в оболочке из ПВХ пластиката, не распространяющий горение, с низким дымо- и газовыделением марки KПСЭнг(A)-FRLS 1x2x1,5 | D79: 1000 м | E79: 0.005 | F79: 29743.7 | I79: 149
C80: Оборудование
A81: 13 | B81: ФССЦ-501-1720 прим. | C81: Кабель для систем пожарной сигнализации с однопроволочными медными жилами, с изоляцией из огнестойкой кремнийорганической резины, в оболочке из ПВХ пластиката, не распространяющий горение, с низким дымо- и газовыделением марки KПСЭнг(A)-FRLS 1x2x1,0 (1Х2Х0,75) | D81: 1000 м | E81: 0.19 | F81: 22471.21 | I81: 4270
C82: Оборудование
A83: 14 | B83: ФССЦ-509-3539 прим. | C83: Кабель-канал пластиковый с аксессуарами | D83: м | E83: 150 | F83: 78.16 | I83: 11724
C84: Оборудование
A85: 15 | B85: ФССЦ-101-3127 | C85: Рукава металлические диаметром 10 мм РЗ-Ц-Х | D85: м | E85: 30 | F85: 4.92 | I85: 148
C86: Оборудование
A87: 16 | B87: ФССЦ-503-0449 прим. | C87: Коробка КК-8М | D87: шт. | E87: 15 | F87: 2.98 | I87: 45
C88: Оборудование
A89: ИТОГИ В БАЗИСНЫХ ЦЕНАХ
A90: Итого прямые затраты по разделу в ценах 2001г. | I90: 35931
A91: Итоги по разделу 3 МАТЕРИАЛЫ ПО ФЭРам :
A92: Оборудование:
A93: Итого Поз. 11-16 | I93: 35931
A94: Итого | I94: 35931
A95: Справочно, в ценах 2001г.:
A96: Оборудование | I96: 35931
A97: Итого по разделу 3 МАТЕРИАЛЫ ПО ФЭРам | I97: 35931
A98: Раздел 4. МОНТАЖНЫЕ РАБОТЫ.
A99: 17 | B99: ТЕРм10-08-001-01 | C99: Приборы ПС приемно-контрольные, пусковые, концентратор: блок базовый на 10 лучей (С200-КДЛ) | D99: 1 шт. | E99: 1 | F99: 117.52 | G99: 0.46 | H99: 15.04 | I99: 118 | J99: 102 | L99: 16 | M99: 7.2 | N99: 7.2
C100: Монтаж оборудования: НР (98 руб.): 80% от ФОТ СП (73 руб.): 60% от ФОТ | F100: 102.02
A101: 18 | B101: ТЕРм10-08-001-11 | C101: Устройства промежуточные( блок БРИЗ) | D101: 1 шт. | E101: 6 | F101: 218.26 | G101: 0.37 | H101: 13.63 | I101: 1310 | J101: 1226 | K101: 2 | L101: 82 | M101: 14 | N101: 84
C102: Монтаж оборудования: НР (1177 руб.): 80% от ФОТ СП (883 руб.): 60% от ФОТ | F102: 204.26
A103: 19 | B103: ТЕРм10-08-002-01 | C103: Извещатель ПС автоматический тепловой электро-контактный, магнитоконтактный в нормальном исполнении (ДИП-34А-01,ИПР) | D103: 1 шт. | E103: 70 | F103: 13.84 | G103: 0.17 | H103: 2.29 | I103: 969 | J103: 797 | K103: 12 | L103: 160 | M103: 0.84 | N103: 58.8
C104: Монтаж оборудования: НР (765 руб.): 80% от ФОТ СП (574 руб.): 60% от ФОТ | F104: 11.38
A105: 20 | B105: ТЕРм10-08-003-03 | C105: Блок питания (Скад-1200у) | D105: 1 шт. | E105: 1 | F105: 59.97 | G105: 0.37 | H105: 7.83 | I105: 60 | J105: 52 | L105: 8 | M105: 3.6 | N105: 3.6
C106: Монтаж оборудования: НР (50 руб.): 80% от ФОТ СП (37 руб.): 60% от ФОТ | F106: 51.77
A107: 21 | B107: ТЕРм08-01-081-01 | C107: Аппарат (кнопка, ключ управления, замок электромагнитной блокировки, звуковой сигнал, сигнальная лампа) управления и сигнализации, количество подключаемых концов до 2 (Маяк-12-3м1) | D107: 1 шт. | E107: 14 | F107: 29.8 | G107: 11.69 | H107: 2.8 | I107: 417 | J107: 214 | K107: 164 | L107: 39 | M107: 1.13 | N107: 15.82
...

Sheet 02-01-011
A1: СОГЛАСОВАНО: | M1: УТВЕРЖДАЮ:
A4: ______________ | M4: ______________
A5: "___" ___________ 201_ г. | M5: "___" ___________ 201_ г.
E6: ФГУП "Комбинат "Электрохимприбор"
E7: "Монтаж автоматической пожарной сигнализации (АПС) и системы оповещения
E8: и управления эвакуации людей при пожаре (СОУЭ) зданий в/ч 3275"
E9: (наименование стройки)
E11: ЛОКАЛЬНЫЙ СМЕТНЫЙ РАСЧЕТ № 02-01-011 (8849-0-ИОС5СМ10)
E12: (локальная смета)
B14: на | C14: АВТОМАТИЧЕСКУЮ ПОЖАРНУЮ СИГНАЛИЗАЦИЮ (АПС и СОУ) ЗДАНИЕ ПОЖАРНОЙ ЧАСТИ (СПЧ-5)
C17: Основание: Техногогические решения 8849-0-ИОС5
C18: Сметная стоимость _______________________________________________________________________________________________ | F18: =I181 -> 56435 | H18: руб.
C19: монтажных работ _______________________________________________________________________________________________ | F19: =I94+I108+I155 -> 8434 | H19: руб.
C20: оборудования _______________________________________________________________________________________________ | F20: =I66+I78 -> 48001 | H20: руб.
C21: Средства на оплату труда _______________________________________________________________________________________________ | F21: =J161 -> 1712 | H21: руб.
C22: Сметная трудоемкость _______________________________________________________________________________________________ | F22: _______________________________________________________________________________________________123,48 | H22: чел.час
C23: Составлена в ценах по состоянию на 01.01.2000 г. в редакции 2009 г.
A25: № пп | B25: Обосно- вание | C25: Наименование работ и затрат | D25: Ед. изм. | E25: Кол. | F25: Стоимость единицы в базисных ценах, руб. | I25: Общая стоимость в базисных ценах, руб. | M25: Затр.тр.раб-х не занятых обслуж.машин
F26: Всего | G26: Экспл. маш. | H26: Мат-ы | I26: Всего | J26: в т.ч. оплата труда | K26: Экспл. маш. | L26: Мат-ы | M26: Обслуж-х машины
F27: оплата труда | G27: в т.ч. оплата труда | K27: в т.ч. оплата труда | M27: на ед-цу | N27: всего
A28: 1 | B28: 2 | C28: 3 | D28: 4 | E28: 5 | F28: 6 | G28: 7 | H28: 8 | I28: 9 | J28: 10 | K28: 11 | L28: 12 | M28: 13 | N28: 14
A29: Раздел 1. ОБОРУДОВАНИЕ ПО ПРАЙСАМ
A30: Цены на оборудование и материалы , отсутствующие в базе см.прайс-листы арх. №96663 пф
A31: 1 | B31: ЦЕНА ООО "АЛЬТОНИКА" Г. МОСКВА ПРАЙС-ЛИСТ 3 КВ.СТР.7 | C31: БАЗОВАЯ ПРИЕМНАЯ СТАНЦИЯ RS-202BS-FS | D31: КОМП. | E31: 1 | F31: 17903,87 70330/1,18/3,47 {индекс} | I31: 17904
C32: (транспортные расходы 3% (пПЗ=3%); заготовительно складские расходы 1,2% (пПЗ=1,2%)) Оборудование:
A33: ЦЕНА70330/1,18/3,47 {индекс}
A34: 2 | B34: ЦЕНА ООО "АЛЬТОНИКА" Г. МОСКВА ПРАЙС-ЛИСТ 3 КВ.СТР.7 | C34: Программатор RS 202 PRG для программирования частотных литер передатчиков и шлейфов ОПС передатчика_x000D_ RS-202 | D34: КОМП. | E34: 1 | F34: 725,52 2850/1,18/3,47 {индекс} | I34: 726
C35: (транспортные расходы 3% (пПЗ=3%); заготовительно складские расходы 1,2% (пПЗ=1,2%)) Оборудование:
A36: ЦЕНА2850/1,18/3,47 {индекс}
A37: 3 | B37: ЦЕНА ООО "АЛЬТОНИКА" Г. МОСКВА ПРАЙС-ЛИСТ 3 КВ.СТР.7 | C37: ПУЛЬТ ЦЕНТРАЛИЗОВАННОГО НАБЛЮДЕНИЯ ( ПЦН) RS-202РN | D37: КОМП. | E37: 1 | F37: 7927,29 31140/1,18/3,47 {индекс} | I37: 7927
C38: (транспортные расходы 3% (пПЗ=3%); заготовительно складские расходы 1,2% (пПЗ=1,2%)) Оборудование:
A39: ЦЕНА 31140/1,18/3,47 {индекс}
A40: 4 | B40: ЦЕНА ООО "АЛЬТОНИКА" Г. МОСКВА ПРАЙС-ЛИСТ 3 КВ.СТР.7 | C40: Подантенный приемный усилитель 20 dB RS-202AU-B | D40: КОМП. | E40: 1 | F40: 1102,29 4330/1,18/3,47 {индекс} | I40: 1102
C41: (транспортные расходы 3% (пПЗ=3%); заготовительно складские расходы 1,2% (пПЗ=1,2%)) Оборудование:
A42: ЦЕНА 4330/1,18/3,47 {индекс}
A43: 5 | B43: ЦЕНА ООО "АЛЬТОНИКА" Г. МОСКВА ПРАЙС-ЛИСТ 3 КВ.СТР.7 | C43: Приемная базовая антенна SIRIO SPO 420-8 | D43: КОМП. | E43: 1 | F43: 3569,06 14020/1,18/3,47 {индекс} | I43: 3569
C44: (транспортные расходы 3% (пПЗ=3%); заготовительно складские расходы 1,2% (пПЗ=1,2%)) Оборудование:
A45: ЦЕНА 14020/1,18/3,47 {индекс}
A46: 6 | B46: ЦЕНА КОМПАНИЯ "СИ-НОРД" Г. САНКТ-ПЕТЕРБУРГ ПРАЙС-ЛИСТ СТР.11 | C46: МАЧТА АНТЕННАЯ ВЫСОТОЙ 6 М, В КОМПЛЕКТЕ МТ6 | D46: КОМП. | E46: 1 | F46: 1667,17 6549/1,18/3,47 {индекс} | I46: 1667
C47: (транспортные расходы 3% (пПЗ=3%); заготовительно складские расходы 1,2% (пПЗ=1,2%)) Оборудование:
A48: ЦЕНА 6549/1,18/3,47 {индекс}
A49: 7 | B49: ЦЕНА КОМПАНИЯ "СИ-НОРД" Г. САНКТ-ПЕТЕРБУРГ ПРАЙС-ЛИСТ СТР.11 | C49: Программное обеспечение "Андромеда Центр Охраны А100" | D49: КОМП. | E49: 1 | F49: 2520,24 9900/1,18/3,47 {индекс} | I49: 2520
C50: (транспортные расходы 3% (пПЗ=3%); заготовительно складские расходы 1,2% (пПЗ=1,2%)) Оборудование:
A51: ЦЕНА9900/1,18/3,47 {индекс}
A52: 8 | B52: ЦЕНА РОЗНИЦА ПРАЙС-ЛИСТ 4 КВ.2012Г. СТР.14 | C52: Ноутбук 19"Asus K95VM-YZ010V | D52: КОМП. | E52: 1 | F52: 10587,83 42550/1,18/3,55 {индекс} | I52: 10588
C53: (транспортные расходы 3% (пПЗ=3%); заготовительно складские расходы 1,2% (пПЗ=1,2%)) Оборудование:
A54: ЦЕНА 42550/1,18/3,55 {индекс}
A55: 9 | B55: ЗАО НВП "БОЛИТ" Г. КОРОЛЕВ МОСКОВСКАЯ ОБЛАСТЬ ПРАЙС-ЛИСТ3 кв.2012г. СТР.3 | C55: Аккумулятор необслуживаемый 12 В, емкость 17 А/час DTМ 1217 | D55: КОМП. | E55: 1 | F55: 311,8 1224,82/1,18/3,47 {индекс} | I55: 312
C56: (транспортные расходы 3% (пПЗ=3%); заготовительно складские расходы 1,2% (пПЗ=1,2%)) Оборудование:
A57: ЦЕНА1224,82/1,18/3,47 {индекс}
A58: ИТОГИ В БАЗИСНЫХ ЦЕНАХ
A59: Итого прямые затраты по разделу в ценах 2001г. | I59: 46315
A60: Итоги по разделу 1 ОБОРУДОВАНИЕ ПО ПРАЙСАМ :
A61: Оборудование:
A62: Итого Поз. 1-9 | I62: 46315
A63: Итого | I63: 46315
A64: В том числе:
A65: Оборудование | I65: 46315
A66: Итого по разделу 1 ОБОРУДОВАНИЕ ПО ПРАЙСАМ | I66: 46315
A67: Раздел 2. ОБОРУДОВАНИЕ ПО ФССЦ
A68: 10 | B68: ФССЦ-509-4542 | C68: Источник бесперебойного питания СКАТ-1200У | D68: шт. | E68: 1 | F68: 1686.41 | I68: 1686
C69: Оборудование
A70: ИТОГИ В БАЗИСНЫХ ЦЕНАХ
A71: Итого прямые затраты по разделу в ценах 2001г. | I71: 1686
A72: Итоги по разделу 2 ОБОРУДОВАНИЕ ПО ФССЦ :
A73: Оборудование:
A74: Итого Поз. 10 | I74: 1686
A75: Итого | I75: 1686
A76: В том числе:
A77: Оборудование | I77: 1686
A78: Итого по разделу 2 ОБОРУДОВАНИЕ ПО ФССЦ | I78: 1686
A79: Раздел 3. МАТЕРИАЛЫ ПО ПРАЙСАМ
A80: 11 | B80: ЦЕНА КОМПАНИЯ "СИ-НОРД" Г. САНКТ-ПЕТЕРБУРГ ПРАЙС-ЛИСТ СТР.11 | C80: КАБЕЛЬ RG-213 U | D80: М | E80: 70 | F80: 15,86 100/1,18/5,56 {индекс} | H80: 15,86 100/1,18/5,56 {индекс} | I80: 1110 | L80: 1110
C81: (транспортные расходы 2% (пМР=2%); заготовительно складские расходы 2% (пМР=2%)) Материалы для монтажных работ
A82: ЦЕНА100/1,18/5,56 {индекс}
A83: 12 | B83: ЦЕНА КОМПАНИЯ "СИ-НОРД" Г. САНКТ-ПЕТЕРБУРГ ПРАЙС-ЛИСТ СТР.11 | C83: ВЧ-КАБЕЛЬНЫЙ РАЗЪЕМ (для кабеля RG-213U) | D83: шт | E83: 10 | F83: 25,38 160/1,18/5,56 {индекс} | H83: 25,38 160/1,18/5,56 {индекс} | I83: 254 | L83: 254
C84: (транспортные расходы 2% (пМР=2%); заготовительно складские расходы 2% (пМР=2%)) Материалы для монтажных работ
A85: ЦЕНА160/1,18/5,56 {индекс}
A86: ИТОГИ В БАЗИСНЫХ ЦЕНАХ
A87: Итого прямые затраты по разделу в ценах 2001г. | I87: 1364 | L87: 1364
A88: Итоги по разделу 3 МАТЕРИАЛЫ ПО ПРАЙСАМ :
A89: Материалы для монтажных работ:
A90: Итого Поз. 11-12 | I90: 1364
A91: Итого | I91: 1364
A92: В том числе:
A93: Материалы | I93: 1364
A94: Итого по разделу 3 МАТЕРИАЛЫ ПО ПРАЙСАМ | I94: 1364
A95: Раздел 4. МАТЕРИАЛЫ ПО ФЭРам
A96: 13 | B96: ФССЦ-509-3539 прим. | C96: Кабель-канал пластиковый с аксессуарами | D96: м | E96: 15 | F96: 78.16 | H96: 78.16 | I96: 1172 | L96: 1172
C97: Материалы для монтажных работ
A98: 14 | B98: ФССЦ-101-2162 | C98: Рукава металлические диаметром 25 мм РЗ-Ц-Х | D98: м | E98: 10 | F98: 13.56 | H98: 13.56 | I98: 136 | L98: 136
C99: Материалы для монтажных работ
A100: ИТОГИ В БАЗИСНЫХ ЦЕНАХ
A101: Итого прямые затраты по разделу в ценах 2001г. | I101: 1308 | L101: 1308
A102: Итоги по разделу 4 МАТЕРИАЛЫ ПО ФЭРам :
A103: Материалы для монтажных работ:
A104: Итого Поз. 13-14 | I104: 1308
A105: Итого | I105: 1308
A106: В том числе:
A107: Материалы | I107: 1308
...

Sheet 02-01-012
A1: СОГЛАСОВАНО: | M1: УТВЕРЖДАЮ:
A4: ______________ | M4: ______________
A5: "___" ___________ 201_ г. | M5: "___" ___________ 201_ г.
E6: ФГУП "Комбинат "Электрохимприбор"
E7: "Монтаж автоматической пожарной сигнализации (АПС) и системы оповещения
E8: и управления эвакуации людей при пожаре (СОУЭ) зданий в/ч 3275"
E9: (наименование стройки)
E11: ЛОКАЛЬНЫЙ СМЕТНЫЙ РАСЧЕТ № 02-01-012 (8849-0-ИОС5СМ11)
E12: (локальная смета)
B14: на | C14: АВТОМАТИЧЕСКУЮ ПОЖАРНУЮ СИГНАЛИЗАЦИЮ (АПС и СОУ) ЗДАНИЕ ШТАБА
C17: Основание: Технологические решения 8849-0-ИОС5
C18: Сметная стоимость _______________________________________________________________________________________________ | F18: =I179 -> 119030 | H18: руб.
C19: монтажных работ _______________________________________________________________________________________________ | F19: =I101+I154 -> 105831 | H19: руб.
C20: оборудования _______________________________________________________________________________________________ | F20: =I57+I79 -> 13199 | H20: руб.
C21: Средства на оплату труда _______________________________________________________________________________________________ | F21: =J160 -> 8843 | H21: руб.
C22: Сметная трудоемкость _______________________________________________________________________________________________ | F22: _______________________________________________________________________________________________647,98 | H22: чел.час
C23: Составлена в ценах по состоянию на 01.01.2000 г. в редакции 2009 г.
A25: № пп | B25: Обосно- вание | C25: Наименование работ и затрат | D25: Ед. изм. | E25: Кол. | F25: Стоимость единицы в базисных ценах, руб. | I25: Общая стоимость в базисных ценах, руб. | M25: Затр.тр.раб-х не занятых обслуж.машин
F26: Всего | G26: Экспл. маш. | H26: Мат-ы | I26: Всего | J26: в т.ч. оплата труда | K26: Экспл. маш. | L26: Мат-ы | M26: Обслуж-х машины
F27: оплата труда | G27: в т.ч. оплата труда | K27: в т.ч. оплата труда | M27: на ед-цу | N27: всего
A28: 1 | B28: 2 | C28: 3 | D28: 4 | E28: 5 | F28: 6 | G28: 7 | H28: 8 | I28: 9 | J28: 10 | K28: 11 | L28: 12 | M28: 13 | N28: 14
A29: Раздел 1. ОБОРУДОВАНИЕ ПО ПРАЙСАМ
A30: Цены на оборудование и материалы , отсутствующие в базе см.прайс-листы арх. №
A31: 1 | B31: ЗАО НВП "БОЛИТ" Г. КОРОЛЕВ МОСКОВСКАЯ ОБЛАСТЬ ПРАЙС-ЛИСТ3 кв.2012г. СТР.3 | C31: Аккумулятор необслуживаемый 12 В, емкость 17 А/час DTМ 1217 | D31: КОМП. | E31: 1 | F31: 311,8 1224,82/1,18/3,47 {индекс} | I31: 312
C32: (транспортные расходы 3% (пПЗ=3%); заготовительно складские расходы 1,2% (пПЗ=1,2%)) Оборудование:
A33: ЦЕНА1224,82/1,18/3,47 {индекс}
A34: 2 | B34: ЗАО НВП "БОЛИТ" Г. КОРОЛЕВ МОСКОВСКАЯ ОБЛАСТЬ ПРАЙС-ЛИСТ3 кв.2012г. СТР.3 | C34: Блок разветвительно-изолирующий БРИЗ | D34: шт | E34: 15 | F34: 75,34 295,94/1,18/3,47 {индекс} | I34: 1130
C35: (транспортные расходы 3% (пПЗ=3%); заготовительно складские расходы 1,2% (пПЗ=1,2%)) Оборудование:
A36: ЦЕНА295,94/1,18/3,47 {индекс}
A37: 3 | B37: ЦЕНА ООО "АЛЬТОНИКА" Г. МОСКВА ПРАЙС-ЛИСТ СТР.6 | C37: ОХРАННЫЙ ПЕРЕДАТЧИК-КОНЦЕНТРАТОР, В КОМПЛЕКТЕ С ШТЫРЕВОЙ АНТЕННОЙ RS-202 TX8 | D37: КОМП. | E37: 1 | F37: 2008,55 7890/1,18/3,47 {индекс} | I37: 2009
C38: (транспортные расходы 3% (пПЗ=3%); заготовительно складские расходы 1,2% (пПЗ=1,2%)) Оборудование:
A39: ЦЕНА7890/1,18/3,47 {индекс}
A40: 4 | B40: ЦЕНА КОМПАНИЯ "СИ-НОРД" Г. САНКТ-ПЕТЕРБУРГ ПРАЙС-ЛИСТ СТР.11 | C40: МАЧТА АНТЕННАЯ ВЫСОТОЙ 6 М, В КОМПЛЕКТЕ МТ6 | D40: КОМП. | E40: 1 | F40: 1667,17 6549/1,18/3,47 {индекс} | I40: 1667
C41: (транспортные расходы 3% (пПЗ=3%); заготовительно складские расходы 1,2% (пПЗ=1,2%)) Оборудование:
A42: ЦЕНА 6549/1,18/3,47 {индекс}
A43: 5 | B43: ЗАО НВП "БОЛИТ" Г. КОРОЛЕВ МОСКОВСКАЯ ОБЛАСТЬ ПРАЙС-ЛИСТкв.2012г. СТР.2 | C43: Световое табло Молния-12В/24В | D43: КОМП. | E43: 12 | F43: 84 330,00/1,18/3,47 {индекс} | I43: 1008
C44: (транспортные расходы 3% (пПЗ=3%); заготовительно складские расходы 1,2% (пПЗ=1,2%)) Оборудование:
A45: ЦЕНА330,00/1,18/3,47 {индекс}
A46: 6 | B46: ЦЕНА ООО "АЛЬТОНИКА" Г. МОСКВА ПРАЙС-ЛИСТ СТР. | C46: АНТЕННА ОБЪЕКТОВАЯ, В КОМПЛЕКТЕ С ФИДЕРОМ 3 М АН2-433 | D46: КОМП. | E46: 1 | F46: 252,02 990/1,18/3,47 {индекс} | I46: 252
C47: (транспортные расходы 3% (пПЗ=3%); заготовительно складские расходы 1,2% (пПЗ=1,2%)) Оборудование:
A48: ЦЕНА 990/1,18/3,47 {индекс}
A49: ИТОГИ В БАЗИСНЫХ ЦЕНАХ
A50: Итого прямые затраты по разделу в ценах 2001г. | I50: 6378
A51: Итоги по разделу 1 ОБОРУДОВАНИЕ ПО ПРАЙСАМ :
A52: Оборудование:
A53: Итого Поз. 1-6 | I53: 6378
A54: Итого | I54: 6378
A55: В том числе:
A56: Оборудование | I56: 6378
A57: Итого по разделу 1 ОБОРУДОВАНИЕ ПО ПРАЙСАМ | I57: 6378
A58: Раздел 2. ОБОРУДОВАНИЕ ПО ФЭРам
A59: 7 | B59: ФССЦ-509-4291 | C59: Пульт контроля и управления охранно-пожарный, марка "С2000-М" | D59: шт. | E59: 1 | F59: 627.51 | I59: 628
C60: Оборудование
A61: 8 | B61: ФССЦ-509-4296 | C61: Контроллер двухпроводной линии связи, марка "С2000-КДЛ" | D61: шт. | E61: 1 | F61: 175.63 | I61: 176
C62: Оборудование
A63: 9 | B63: ФССЦ-509-4293 | C63: Блок индикации, марка "С2000-БИ" | D63: шт. | E63: 1 | F63: 473.91 | I63: 474
C64: Оборудование
A65: 10 | B65: ФССЦ-509-3762 | C65: Извещатель пожарный ручной ИПР-513-3А | D65: шт. | E65: 11 | F65: 253.87 | I65: 2793
C66: Оборудование
A67: 11 | B67: ФССЦ-509-4542 | C67: Источник бесперебойного питания СКАТ-1200У | D67: шт. | E67: 1 | F67: 1686.41 | I67: 1686
C68: Оборудование
A69: 12 | B69: ФССЦ-509-4519 | C69: Оповещатель светозвуковой охранно-пожарный, марка "МАЯК-12-3М1" | D69: шт. | E69: 17 | F69: 62.58 | I69: 1064
C70: Оборудование
A71: ИТОГИ В БАЗИСНЫХ ЦЕНАХ
A72: Итого прямые затраты по разделу в ценах 2001г. | I72: 6821
A73: Итоги по разделу 2 ОБОРУДОВАНИЕ ПО ФЭРам :
A74: Оборудование:
A75: Итого Поз. 7-12 | I75: 6821
A76: Итого | I76: 6821
A77: В том числе:
A78: Оборудование | I78: 6821
A79: Итого по разделу 2 ОБОРУДОВАНИЕ ПО ФЭРам | I79: 6821
A80: Раздел 3. МАТЕРИАЛЫ ПО ФЭРам
A81: 13 | B81: ФССЦ-509-3780 | C81: Извещатель пожарный дымовой ДИП-34А-01 | D81: шт. | E81: 75 | F81: 326.59 | H81: 326.59 | I81: 24494 | L81: 24494
C82: Материалы для монтажных работ
A83: 14 | B83: ФССЦ-501-1721 | C83: Кабель для систем пожарной сигнализации с однопроволочными медными жилами, с изоляцией из огнестойкой кремнийорганической резины, в оболочке из ПВХ пластиката, не распространяющий горение, с низким дымо- и газовыделением марки KПСЭнг(A)-FRLS 1x2x1,5 | D83: 1000 м | E83: 0.005 | F83: 29743.7 | H83: 29743.7 | I83: 149 | L83: 149
C84: Материалы для монтажных работ
A85: 15 | B85: ФССЦ-501-1720 | C85: Кабель для систем пожарной сигнализации с однопроволочными медными жилами, с изоляцией из огнестойкой кремнийорганической резины, в оболочке из ПВХ пластиката, не распространяющий горение, с низким дымо- и газовыделением марки KПСЭнг(A)-FRLS 1x2x1,0,KПСЭнг(A)-FRLS 1x2x0,75 | D85: 1000 м | E85: 0.85 | F85: 22471.21 | H85: 22471.21 | I85: 19101 | L85: 19101
C86: Материалы для монтажных работ
A87: 16 | B87: ФССЦ-509-3539 прим. | C87: Кабель-канал пластиковый с аксессуарами | D87: м | E87: 320 | F87: 78.16 | H87: 78.16 | I87: 25011 | L87: 25011
C88: Материалы для монтажных работ
A89: 17 | B89: ФССЦ-101-3127 | C89: Рукава металлические диаметром 10 мм РЗ-Ц-Х | D89: м | E89: 50 | F89: 4.92 | H89: 4.92 | I89: 246 | L89: 246
C90: Материалы для монтажных работ
A91: 18 | B91: ФССЦ-503-0449 прим. | C91: Коробка КК-8М | D91: шт. | E91: 20 | F91: 2.98 | H91: 2.98 | I91: 60 | L91: 60
C92: Материалы для монтажных работ
A93: ИТОГИ В БАЗИСНЫХ ЦЕНАХ
A94: Итого прямые затраты по разделу в ценах 2001г. | I94: 69061 | L94: 69061
A95: Итоги по разделу 3 МАТЕРИАЛЫ ПО ФЭРам :
A96: Материалы для монтажных работ:
A97: Итого Поз. 13-18 | I97: 69061
A98: Итого | I98: 69061
A99: В том числе:
A100: Материалы | I100: 69061
A101: Итого по разделу 3 МАТЕРИАЛЫ ПО ФЭРам | I101: 69061
A102: Раздел 4. МОНТАЖНЫЕ РАБОТЫ.
A103: 19 | B103: ТЕРм10-08-001-01 | C103: Приборы ПС приемно-контрольные, пусковые, концентратор: блок базовый на 10 лучей (С200-КДЛ,С200-М) | D103: 1 шт. | E103: 2 | F103: 117.52 | G103: 0.46 | H103: 15.04 | I103: 235 | J103: 204 | K103: 1 | L103: 30 | M103: 7.2 | N103: 14.4
C104: Монтаж оборудования: НР (196 руб.): 80% от ФОТ СП (147 руб.): 60% от ФОТ | F104: 102.02
A105: 20 | B105: ТЕРм10-08-001-13 | C105: Устройства промежуточные (Блок индикации,БРИЗ) | D105: 1 шт. | E105: 16 | F105: 64.92 | G105: 0.37 | H105: 7.03 | I105: 1039 | J105: 920 | K105: 6 | L105: 113 | M105: 4 | N105: 64
C106: Монтаж оборудования: НР (883 руб.): 80% от ФОТ СП (662 руб.): 60% от ФОТ | F106: 57.52
A107: 21 | B107: ТЕРм10-08-002-01 | C107: Извещатель ПС автоматический тепловой электро-контактный, магнитоконтактный в нормальном исполнении (ДИП-34А-01,ИПР) | D107: 1 шт. | E107: 86 | F107: 13.84 | G107: 0.17 | H107: 2.29 | I107: 1190 | J107: 979 | K107: 15 | L107: 196 | M107: 0.84 | N107: 72.24
...

Sheet 02-01-014
A1: СОГЛАСОВАНО: | M1: УТВЕРЖДАЮ:
A4: ______________ | M4: ______________
A5: "___" ___________ 201_ г. | M5: "___" ___________ 201_ г.
E6: ФГУП "Комбинат "Электрохимприбор"
E7: "Монтаж автоматической пожарной сигнализации (АПС) и системы оповещения
E8: и управления эвакуации людей при пожаре (СОУЭ) зданий в/ч 3275"
E9: (наименование стройки)
E11: ЛОКАЛЬНЫЙ СМЕТНЫЙ РАСЧЕТ № 02-01-014 (8849-0-ИОС5СМ13)
E12: (локальная смета)
B14: на | C14: АВТОМАТИЧЕСКУЮ ПОЖАРНУЮ СИГНАЛИЗАЦИЮ (АПС и СОУЭ).ЗДАНИЕ СТОЛОВОЙ
C17: Основание: Техногогические решения 8849-0-ИОС5
C18: Сметная стоимость _______________________________________________________________________________________________ | F18: =I164 -> 76864 | H18: руб.
C19: монтажных работ _______________________________________________________________________________________________ | F19: =I90+I139 -> 68243 | H19: руб.
C20: оборудования _______________________________________________________________________________________________ | F20: =I48+I66 -> 8621 | H20: руб.
C21: Средства на оплату труда _______________________________________________________________________________________________ | F21: =J145 -> 7947 | H21: руб.
C22: Сметная трудоемкость _______________________________________________________________________________________________ | F22: _______________________________________________________________________________________________573,57 | H22: чел.час
C23: Составлена в ценах по состоянию на 01.01.2000 г. в редакции 2009 г.
A25: № пп | B25: Обосно- вание | C25: Наименование работ и затрат | D25: Ед. изм. | E25: Кол. | F25: Стоимость единицы в базисных ценах, руб. | I25: Общая стоимость в базисных ценах, руб. | M25: Затр.тр.раб-х не занятых обслуж.машин
F26: Всего | G26: Экспл. маш. | H26: Мат-ы | I26: Всего | J26: в т.ч. оплата труда | K26: Экспл. маш. | L26: Мат-ы | M26: Обслуж-х машины
F27: оплата труда | G27: в т.ч. оплата труда | K27: в т.ч. оплата труда | M27: на ед-цу | N27: всего
A28: 1 | B28: 2 | C28: 3 | D28: 4 | E28: 5 | F28: 6 | G28: 7 | H28: 8 | I28: 9 | J28: 10 | K28: 11 | L28: 12 | M28: 13 | N28: 14
A29: Раздел 1. ОБОРУДОВАНИЕ ПО ПРАЙСАМ
A30: Цены на оборудование и материалы , отсутствующие в базе см.прайс-листы арх. № 96663 пф
A31: 1 | B31: ЗАО НВП "БОЛИТ" Г. КОРОЛЕВ МОСКОВСКАЯ ОБЛАСТЬ ПРАЙС-ЛИСТ СТР.3 | C31: Приемно-контрольный прибор Сигнал-20М | D31: КОМП. | E31: 1 | F31: 739,11 2903,37/1,18/3,47 {индекс} | I31: 739
C32: (транспортные расходы (пПЗ=3%); заготовительно складские расходы (пПЗ=1,2%)) Оборудование:
A33: ЦЕНА 2903,37/1,18/3,47 {индекс}
A34: 2 | B34: ЗАО НВП "БОЛИТ" Г. КОРОЛЕВ МОСКОВСКАЯ ОБЛАСТЬ ПРАЙС-ЛИСТ3 кв.2012г. СТР.3 | C34: Аккумулятор необслуживаемый 12 В, емкость 17 А/час DTМ 1217 | D34: КОМП. | E34: 1 | F34: 311,8 1224,82/1,18/3,47 {индекс} | I34: 312
C35: (транспортные расходы (пПЗ=3%); заготовительно складские расходы (пПЗ=1,2%)) Оборудование:
A36: ЦЕНА1224,82/1,18/3,47 {индекс}
A37: 3 | B37: ЗАО НВП "БОЛИТ" Г. КОРОЛЕВ МОСКОВСКАЯ ОБЛАСТЬ ПРАЙС-ЛИСТкв.2012г. СТР.2 | C37: Световое табло Молния-12В/24В | D37: КОМП. | E37: 10 | F37: 84 330,00/1,18/3,47 {индекс} | I37: 840
C38: (транспортные расходы (пПЗ=3%); заготовительно складские расходы (пПЗ=1,2%)) Оборудование:
A39: ЦЕНА330,00/1,18/3,47 {индекс}
A40: ИТОГИ В БАЗИСНЫХ ЦЕНАХ
A41: Итого прямые затраты по разделу в ценах 2001г. | I41: 1891
A42: Итоги по разделу 1 ОБОРУДОВАНИЕ ПО ПРАЙСАМ :
A43: Оборудование:
A44: Итого Поз. 1-3 | I44: 1891
A45: Итого | I45: 1891
A46: Справочно, в ценах 2001г.:
A47: Оборудование | I47: 1891
A48: Итого по разделу 1 ОБОРУДОВАНИЕ ПО ПРАЙСАМ | I48: 1891
A49: Раздел 2. ОБОРУДОВАНИЕ ПО ФЭРам
A50: 4 | B50: ФССЦ-509-1898 | C50: Извещатель пожарный ручной ИПР-3СУ | D50: шт. | E50: 4 | F50: 75.11 | I50: 300
C51: Оборудование
A52: 5 | B52: ФССЦ-509-4542 | C52: Источник бесперебойного питания СКАТ-1200У | D52: шт. | E52: 1 | F52: 1686.41 | I52: 1686
C53: Оборудование
A54: 6 | B54: ФССЦ-509-1449 прим. | C54: Прибор речевого оповещения РУПОР | D54: шт. | E54: 4 | F54: 912.43 | I54: 3650
C55: Оборудование
A56: 7 | B56: ФССЦ-509-4522 | C56: Модуль акустический марка "AM" исп. 1 | D56: шт. | E56: 12 | F56: 91.16 | I56: 1094
C57: Оборудование
A58: ИТОГИ В БАЗИСНЫХ ЦЕНАХ
A59: Итого прямые затраты по разделу в ценах 2001г. | I59: 6730
A60: Итоги по разделу 2 ОБОРУДОВАНИЕ ПО ФЭРам :
A61: Оборудование:
A62: Итого Поз. 4-7 | I62: 6730
A63: Итого | I63: 6730
A64: Справочно, в ценах 2001г.:
A65: Оборудование | I65: 6730
A66: Итого по разделу 2 ОБОРУДОВАНИЕ ПО ФЭРам | I66: 6730
A67: Раздел 3. МАТЕРИАЛЫ ПО ФЭРам
A68: 8 | B68: ФССЦ-509-3802 | C68: Извещатель пожарный дымовой ИП212-45 (ДИП-45 "Марко") | D68: шт. | E68: 100 | F68: 72.1 | H68: 72.1 | I68: 7210 | L68: 7210
C69: Материалы для монтажных работ
A70: 9 | B70: ФССЦ-509-1889 | C70: Извещатель пожарный тепловой ИП-101-3А | D70: шт. | E70: 14 | F70: 33.99 | H70: 33.99 | I70: 476 | L70: 476
C71: Материалы для монтажных работ
A72: 10 | B72: ФССЦ-501-1721 | C72: Кабель для систем пожарной сигнализации с однопроволочными медными жилами, с изоляцией из огнестойкой кремнийорганической резины, в оболочке из ПВХ пластиката, не распространяющий горение, с низким дымо- и газовыделением марки KПСЭнг(A)-FRLS 1x2x1,5 | D72: 1000 м | E72: 0.005 | F72: 29743.7 | H72: 29743.7 | I72: 149 | L72: 149
C73: Материалы для монтажных работ
A74: 11 | B74: ФССЦ-501-1720 прим. | C74: Кабель для систем пожарной сигнализации с однопроволочными медными жилами, с изоляцией из огнестойкой кремнийорганической резины, в оболочке из ПВХ пластиката, не распространяющий горение, с низким дымо- и газовыделением марки KПСЭнг(A)-FRLS 1x2x1,0 (1Х2Х0,75) | D74: 1000 м | E74: 0.4 | F74: 22471.21 | H74: 22471.21 | I74: 8988 | L74: 8988
C75: Материалы для монтажных работ
A76: 12 | B76: ФССЦ-509-3539 прим. | C76: Кабель-канал пластиковый с аксессуарами | D76: м | E76: 290 | F76: 78.16 | H76: 78.16 | I76: 22666 | L76: 22666
C77: Материалы для монтажных работ
A78: 13 | B78: ФССЦ-101-3127 | C78: Рукава металлические диаметром 10 мм РЗ-Ц-Х | D78: м | E78: 30 | F78: 4.92 | H78: 4.92 | I78: 148 | L78: 148
C79: Материалы для монтажных работ
A80: 14 | B80: ФССЦ-503-0449 прим. | C80: Коробка КК-8М | D80: шт. | E80: 35 | F80: 2.98 | H80: 2.98 | I80: 104 | L80: 104
C81: Материалы для монтажных работ
A82: ИТОГИ В БАЗИСНЫХ ЦЕНАХ
A83: Итого прямые затраты по разделу в ценах 2001г. | I83: 39741 | L83: 39741
A84: Итоги по разделу 3 МАТЕРИАЛЫ ПО ФЭРам :
A85: Материалы для монтажных работ:
A86: Итого Поз. 8-14 | I86: 39741
A87: Итого | I87: 39741
A88: Справочно, в ценах 2001г.:
A89: Материалы | I89: 39741
A90: Итого по разделу 3 МАТЕРИАЛЫ ПО ФЭРам | I90: 39741
A91: Раздел 4. МОНТАЖНЫЕ РАБОТЫ.
A92: 15 | B92: ТЕРм10-08-001-02 | C92: Приборы ПС приемно-контрольные, пусковые, концентратор блок базовый на 20 лучей (С20м) | D92: 1 шт. | E92: 1 | F92: 187.59 | G92: 0.46 | H92: 21.34 | I92: 188 | J92: 166 | L92: 22 | M92: 11.7 | N92: 11.7
C93: Монтаж оборудования: НР (159 руб.): 80% от ФОТ СП (119 руб.): 60% от ФОТ | F93: 165.79
A94: 16 | B94: ТЕРм10-08-001-11 | C94: Устройства промежуточные( АМ) | D94: 1 шт. | E94: 12 | F94: 218.26 | G94: 0.37 | H94: 13.63 | I94: 2619 | J94: 2451 | K94: 4 | L94: 164 | M94: 14 | N94: 168
C95: Монтаж оборудования: НР (2353 руб.): 80% от ФОТ СП (1765 руб.): 60% от ФОТ | F95: 204.26
A96: 17 | B96: ТЕРм10-08-002-01 | C96: Извещатель ПС автоматический тепловой электро-контактный, магнитоконтактный в нормальном исполнении (ИП,ИПР) | D96: 1 шт. | E96: 118 | F96: 13.84 | G96: 0.17 | H96: 2.29 | I96: 1633 | J96: 1343 | K96: 20 | L96: 270 | M96: 0.84 | N96: 99.12
C97: Монтаж оборудования: НР (1290 руб.): 80% от ФОТ СП (967 руб.): 60% от ФОТ | F97: 11.38
A98: 18 | B98: ТЕРм10-08-003-03 | C98: Блок питания (Скад-1200у) | D98: 1 шт. | E98: 1 | F98: 59.97 | G98: 0.37 | H98: 7.83 | I98: 60 | J98: 52 | L98: 8 | M98: 3.6 | N98: 3.6
C99: Монтаж оборудования: НР (50 руб.): 80% от ФОТ СП (37 руб.): 60% от ФОТ | F99: 51.77
A100: 19 | B100: ТЕРм10-04-101-07 | C100: Громкоговоритель или звуковая колонка в помещении (Прибор РУПОР) | D100: 1 шт. | E100: 4 | F100: 49.43 | H100: 23.87 | I100: 198 | J100: 102 | L100: 96 | M100: 2 | N100: 8
C101: Монтаж радиотелевизионного и электронного оборудования: НР (112 руб.): 92% от ФОТ СП (79 руб.): 65% от ФОТ | F101: 25.56
A102: 20 | B102: ТЕРм08-03-593-10 | C102: Световые настенные указатели (Молния-12) | D102: 100 шт. | E102: 0.1 | F102: 2523.44 | G102: 556.95 | H102: 594.64 | I102: 252 | J102: 137 | K102: 56 | L102: 59 | M102: 98.2 | N102: 9.82
C103: Электромонтажные работы на других объектах: НР (158 руб.): 95% от ФОТ СП (108 руб.): 65% от ФОТ | F103: 1371.85 | G103: 20.38 | K103: 2 | M103: 1.12 | N103: 0.11
A104: 21 | B104: ТЕРм10-08-005-03 | C104: Кабель (провод) двух- и трехжильный с разделительным основанием по стенам и потолкам, прокладываемый по основаниям: бетонным и металлическим | D104: 100 м | E104: 0.85 | F104: 1540.77 | G104: 28.6 | H104: 1051.47 | I104: 1310 | J104: 392 | K104: 24 | L104: 894 | M104: 34 | N104: 28.9
C105: Монтаж оборудования: НР (376 руб.): 80% от ФОТ СП (282 руб.): 60% от ФОТ | F105: 460.7
A106: 22 | B106: ТЕРм08-02-399-01 | C106: Кабель (провод) в коробах, сечением до 6 мм2 | D106: 100 м | E106: 2.9 | F106: 189.23 | G106: 56.09 | H106: 86.5 | I106: 549 | J106: 135 | K106: 163 | L106: 251 | M106: 3.52 | N106: 10.21
C107: Электромонтажные работы на других объектах: НР (235 руб.): 95% от ФОТ СП (161 руб.): 65% от ФОТ | F107: 46.64 | G107: 24.55 | K107: 71 | M107: 1.57 | N107: 4.55
...

Sheet 02-01-015
A1: СОГЛАСОВАНО: | M1: УТВЕРЖДАЮ:
A4: ______________ | M4: ______________
A5: "___" ___________ 201_ г. | M5: "___" ___________ 201_ г.
E6: ФГУП "Комбинат "Электрохимприбор"
E7: "Монтаж автоматической пожарной сигнализации (АПС) и системы оповещения
E8: и управления эвакуации людей при пожаре (СОУЭ) зданий в/ч 3275"
E9: (наименование стройки)
E11: ЛОКАЛЬНЫЙ СМЕТНЫЙ РАСЧЕТ № 02-01-015 (8849-0-ИОС5СМ14)
E12: (локальная смета)
B14: на | C14: АВТОМАТИЧЕСКУЮ ПОЖАРНУЮ СИГНАЛИЗАЦИЮ (АПС и СОУЭ) . СПОРТЗАЛ
C17: Основание: Технологические решения 8849-0-ИОС5
C18: Сметная стоимость _______________________________________________________________________________________________ | F18: =I156 -> 30151 | H18: руб.
C19: монтажных работ _______________________________________________________________________________________________ | F19: =I86+I123 -> 26740 | H19: руб.
C20: оборудования _______________________________________________________________________________________________ | F20: =I64+I48 -> 3411 | H20: руб.
C21: Средства на оплату труда _______________________________________________________________________________________________ | F21: ___________________________2593 | H21: руб.
C22: Сметная трудоемкость _______________________________________________________________________________________________ | F22: _______________________________________________________________________________________________166,24 | H22: чел.час
C23: Составлена в ценах по состоянию на 01.01.2000 г. в редакции 2009 г.
A25: № пп | B25: Обосно- вание | C25: Наименование работ и затрат | D25: Ед. изм. | E25: Кол. | F25: Стоимость единицы в базисных ценах, руб. | I25: Общая стоимость в базисных ценах, руб. | M25: Затр.тр.раб-х не занятых обслуж.машин
F26: Всего | G26: Экспл. маш. | H26: Мат-ы | I26: Всего | J26: в т.ч. оплата труда | K26: Экспл. маш. | L26: Мат-ы | M26: Обслуж-х машины
F27: оплата труда | G27: в т.ч. оплата труда | K27: в т.ч. оплата труда | M27: на ед-цу | N27: всего
A28: 1 | B28: 2 | C28: 3 | D28: 4 | E28: 5 | F28: 6 | G28: 7 | H28: 8 | I28: 9 | J28: 10 | K28: 11 | L28: 12 | M28: 13 | N28: 14
A29: Раздел 1. ОБОРУДОВАНИЕ ПО ПРАЙСАМ
A30: Цены на оборудование и материалы , отсутствующие в базе см.прайс-листы арх. № 96663 пф
A31: 1 | B31: ЗАО НВП "БОЛИТ" Г. КОРОЛЕВ МОСКОВСКАЯ ОБЛАСТЬ ПРАЙС-ЛИСТ3 кв.2012г. СТР.3 | C31: Аккумулятор необслуживаемый 12 В, емкость 17 А/час DTМ 1217 | D31: КОМП. | E31: 1 | F31: 311,8 1224,82/1,18/3,47 {индекс} | I31: 312
C32: (транспортные расходы (пПЗ=3%); заготовительно складские расходы (пПЗ=1,2%)) Оборудование:
A33: ЦЕНА1224,82/1,18/3,47 {индекс}
A34: 2 | B34: ЗАО НВП "БОЛИТ" Г. КОРОЛЕВ МОСКОВСКАЯ ОБЛАСТЬ ПРАЙС-ЛИСТ3 кв.2012г. СТР.4 | C34: Приемно-контрольный прибор Сигнал-10 | D34: КОМП. | E34: 1 | F34: 382,1 1500,96/1,18/3,47 {индекс} | I34: 382
C35: (транспортные расходы (пПЗ=3%); заготовительно складские расходы (пПЗ=1,2%)) Оборудование:
A36: ЦЕНА1500,96/1,18/3,47 {индекс}
A37: 3 | B37: ЗАО НВП "БОЛИТ" Г. КОРОЛЕВ МОСКОВСКАЯ ОБЛАСТЬ ПРАЙС-ЛИСТкв.2012г. СТР.2 | C37: Световое табло Молния-12В/24В | D37: КОМП. | E37: 2 | F37: 84 330,00/1,18/3,47 {индекс} | I37: 168
C38: (транспортные расходы (пПЗ=3%); заготовительно складские расходы (пПЗ=1,2%)) Оборудование:
A39: ЦЕНА330,00/1,18/3,47 {индекс}
A40: ИТОГИ В БАЗИСНЫХ ЦЕНАХ
A41: Итого прямые затраты по разделу в ценах 2001г. | I41: 862
A42: Итоги по разделу 1 ОБОРУДОВАНИЕ ПО ПРАЙСАМ :
A43: Оборудование:
A44: Итого Поз. 1-3 | I44: 862
A45: Итого | I45: 862
A46: Справочно, в ценах 2001г.:
A47: Оборудование | I47: 862
A48: Итого по разделу 1 ОБОРУДОВАНИЕ ПО ПРАЙСАМ | I48: 862
A49: Раздел 2. ОБОРУДОВАНИЕ ПО ФЭРам
A50: 4 | B50: ФССЦ-509-1898 | C50: Извещатель пожарный ручной ИПР-3СУ | D50: шт. | E50: 4 | F50: 75.11 | I50: 300
C51: Оборудование
A52: 5 | B52: ФССЦ-509-4542 | C52: Источник бесперебойного питания СКАТ-1200У | D52: шт. | E52: 1 | F52: 1686.41 | I52: 1686
C53: Оборудование
A54: 6 | B54: ФССЦ-509-4519 | C54: Оповещатель светозвуковой охранно-пожарный, марка "МАЯК-12-3М1" | D54: шт. | E54: 9 | F54: 62.58 | I54: 563
C55: Оборудование
A56: ИТОГИ В БАЗИСНЫХ ЦЕНАХ
A57: Итого прямые затраты по разделу в ценах 2001г. | I57: 2549
A58: Итоги по разделу 2 ОБОРУДОВАНИЕ ПО ФЭРам :
A59: Оборудование:
A60: Итого Поз. 4-6 | I60: 2549
A61: Итого | I61: 2549
A62: Справочно, в ценах 2001г.:
A63: Оборудование | I63: 2549
A64: Итого по разделу 2 ОБОРУДОВАНИЕ ПО ФЭРам | I64: 2549
A65: Раздел 3. МАТЕРИАЛЫ ПО ФЭРам
A66: 7 | B66: ФССЦ-509-3802 | C66: Извещатель пожарный дымовой ИП212-45 (ДИП-45 "Марко") | D66: шт. | E66: 34 | F66: 72.1 | H66: 72.1 | I66: 2451 | L66: 2451
C67: Материалы для монтажных работ
A68: 8 | B68: ФССЦ-501-1721 | C68: Кабель для систем пожарной сигнализации с однопроволочными медными жилами, с изоляцией из огнестойкой кремнийорганической резины, в оболочке из ПВХ пластиката, не распространяющий горение, с низким дымо- и газовыделением марки KПСЭнг(A)-FRLS 1x2x1,5 | D68: 1000 м | E68: 0.005 | F68: 29743.7 | H68: 29743.7 | I68: 149 | L68: 149
C69: Материалы для монтажных работ
A70: 9 | B70: ФССЦ-501-1720 прим. | C70: Кабель для систем пожарной сигнализации с однопроволочными медными жилами, с изоляцией из огнестойкой кремнийорганической резины, в оболочке из ПВХ пластиката, не распространяющий горение, с низким дымо- и газовыделением марки KПСЭнг(A)-FRLS 1x2x1,0 (1Х2Х0,75) | D70: 1000 м | E70: 0.18 | F70: 22471.21 | H70: 22471.21 | I70: 4045 | L70: 4045
C71: Материалы для монтажных работ
A72: 10 | B72: ФССЦ-509-3539 прим. | C72: Кабель-канал пластиковый с аксессуарами | D72: м | E72: 125 | F72: 78.16 | H72: 78.16 | I72: 9770 | L72: 9770
C73: Материалы для монтажных работ
A74: 11 | B74: ФССЦ-101-3127 | C74: Рукава металлические диаметром 10 мм РЗ-Ц-Х | D74: м | E74: 30 | F74: 4.92 | H74: 4.92 | I74: 148 | L74: 148
C75: Материалы для монтажных работ
A76: 12 | B76: ФССЦ-503-0449 прим. | C76: Коробка КК-8М | D76: шт. | E76: 20 | F76: 2.98 | H76: 2.98 | I76: 60 | L76: 60
C77: Материалы для монтажных работ
A78: ИТОГИ В БАЗИСНЫХ ЦЕНАХ
A79: Итого прямые затраты по разделу в ценах 2001г. | I79: 16623 | L79: 16623
A80: Итоги по разделу 3 МАТЕРИАЛЫ ПО ФЭРам :
A81: Материалы для монтажных работ:
A82: Итого Поз. 7-12 | I82: 16623
A83: Итого | I83: 16623
A84: Справочно, в ценах 2001г.:
A85: Материалы | I85: 16623
A86: Итого по разделу 3 МАТЕРИАЛЫ ПО ФЭРам | I86: 16623
A87: Раздел 4. МОНТАЖНЫЕ РАБОТЫ.
A88: 13 | B88: ТЕРм10-08-001-01 | C88: Приборы ПС приемно-контрольные, пусковые, концентратор: блок базовый на 10 лучей (Сигнал 10) | D88: 1 шт. | E88: 1 | F88: 117.52 | G88: 0.46 | H88: 15.04 | I88: 118 | J88: 102 | L88: 16 | M88: 7.2 | N88: 7.2
C89: Монтаж оборудования: НР (98 руб.): 80% от ФОТ СП (73 руб.): 60% от ФОТ | F89: 102.02
A90: 14 | B90: ТЕРм10-08-002-01 | C90: Извещатель ПС автоматический тепловой электро-контактный, магнитоконтактный в нормальном исполнении (ИП,ИПР) | D90: 1 шт. | E90: 38 | F90: 13.84 | G90: 0.17 | H90: 2.29 | I90: 526 | J90: 432 | K90: 6 | L90: 88 | M90: 0.84 | N90: 31.92
C91: Монтаж оборудования: НР (414 руб.): 80% от ФОТ СП (311 руб.): 60% от ФОТ | F91: 11.38
A92: 15 | B92: ТЕРм10-08-003-03 | C92: Блок питания (Скад-1200у) | D92: 1 шт. | E92: 1 | F92: 59.97 | G92: 0.37 | H92: 7.83 | I92: 60 | J92: 52 | L92: 8 | M92: 3.6 | N92: 3.6
C93: Монтаж оборудования: НР (50 руб.): 80% от ФОТ СП (37 руб.): 60% от ФОТ | F93: 51.77
A94: 16 | B94: ТЕРм08-01-081-01 | C94: Аппарат (кнопка, ключ управления, замок электромагнитной блокировки, звуковой сигнал, сигнальная лампа) управления и сигнализации, количество подключаемых концов до 2 (Маяк-12-3м1) | D94: 1 шт. | E94: 9 | F94: 29.8 | G94: 11.69 | H94: 2.8 | I94: 268 | J94: 138 | K94: 105 | L94: 25 | M94: 1.13 | N94: 10.17
C95: Электромонтажные работы на других объектах: НР (165 руб.): 95% от ФОТ СП (113 руб.): 65% от ФОТ | F95: 15.31 | G95: 0.73 | K95: 7 | M95: 0.04 | N95: 0.36
A96: 17 | B96: ТЕРм08-03-593-10 | C96: Световые настенные указатели (Молния-12) | D96: 100 шт. | E96: 0.02 | F96: 2523.44 | G96: 556.95 | H96: 594.64 | I96: 50 | J96: 27 | K96: 11 | L96: 12 | M96: 98.2 | N96: 1.96
C97: Электромонтажные работы на других объектах: НР (30 руб.): 95% от ФОТ СП (21 руб.): 65% от ФОТ | F97: 1371.85 | G97: 20.38 | M97: 1.12 | N97: 0.02
A98: 18 | B98: ТЕРм10-08-005-03 | C98: Кабель (провод) двух- и трехжильный с разделительным основанием по стенам и потолкам, прокладываемый по основаниям: бетонным и металлическим | D98: 100 м | E98: 0.3 | F98: 1540.77 | G98: 28.6 | H98: 1051.47 | I98: 462 | J98: 138 | K98: 9 | L98: 315 | M98: 34 | N98: 10.2
C99: Монтаж оборудования: НР (133 руб.): 80% от ФОТ СП (100 руб.): 60% от ФОТ | F99: 460.7
A100: 19 | B100: ТЕРм08-02-399-01 | C100: Кабель (провод) в коробах, сечением до 6 мм2 | D100: 100 м | E100: 1.25 | F100: 189.23 | G100: 56.09 | H100: 86.5 | I100: 237 | J100: 58 | K100: 70 | L100: 109 | M100: 3.52 | N100: 4.4
C101: Электромонтажные работы на других объектах: НР (102 руб.): 95% от ФОТ СП (70 руб.): 65% от ФОТ | F101: 46.64 | G101: 24.55 | K101: 31 | M101: 1.57 | N101: 1.96
A102: 20 | B102: ТЕРм08-02-412-01 | C102: Затягивание провода в проложенные трубы и металлические рукава первого одножильного или многожильного в общей оплетке, суммарное сечение до 2,5 мм2 | D102: 100 м | E102: 0.3 | F102: 658.05 | G102: 2.92 | H102: 580.8 | I102: 197 | J102: 22 | K102: 1 | L102: 174 | M102: 5.61 | N102: 1.68
C103: Электромонтажные работы на других объектах: НР (25 руб.): 95% от ФОТ СП (17 руб.): 65% от ФОТ | F103: 74.33 | G103: 0.18 | M103: 0.01
A104: 21 | B104: ТЕРм08-02-411-01 | C104: Рукав металлический наружным диаметром до 48 мм | D104: 100 м | E104: 0.3 | F104: 3947.41 | G104: 240.22 | H104: 3247.41 | I104: 1184 | J104: 138 | K104: 72 | L104: 974 | M104: 34.7 | N104: 10.41
C105: Электромонтажные работы на других объектах: НР (159 руб.): 95% от ФОТ СП (109 руб.): 65% от ФОТ | F105: 459.78 | G105: 4 | K105: 1 | M105: 0.22 | N105: 0.07
A106: 22 | B106: ТЕРм08-02-396-05 | C106: Короб металлический по стенам и потолкам, длина 2 м | D106: 100 м | E106: 1.25 | F106: 1840.21 | G106: 788.16 | H106: 553.85 | I106: 2300 | J106: 623 | K106: 985 | L106: 692 | M106: 37.6 | N106: 47
C107: Электромонтажные работы на других объектах: НР (1000 руб.): 95% от ФОТ СП (684 руб.): 65% от ФОТ | F107: 498.2 | G107: 202.95 | K107: 254 | M107: 12.78 | N107: 15.98
...

Sheet 05-01
A1: СОГЛАСОВАНО: | M1: УТВЕРЖДАЮ:
A4: ______________ | F4: ФГУП "Комбинат "Электрохимприбор" | M4: ______________
A5: "___" ___________ 201_ г. | F5: "Монтаж автоматической пожарной сигнализации (АПС) и системы оповещения | M5: "___" ___________ 201_ г.
F6: и управления эвакуации людей при пожаре (СОУЭ) зданий в/ч 3275"
E7: (наименование стройки)
E9: ЛОКАЛЬНЫЙ СМЕТНЫЙ РАСЧЕТ № 05-01(8849-0 ИОС5СМ15)
E10: (локальная смета)
E12: на НАРУЖНЫЕ СЕТИ СВЯЗИ
C15: Основание: Технологические решения 8849-0-ИОС5
C16: Сметная стоимость монтажных работ _______________________________________________________________________________________________ | F16: =I144 -> 65739 | H16: руб.
C17: Средства на оплату труда _______________________________________________________________________________________________ | F17: =J127 -> 2585 | H17: руб.
C18: Сметная трудоемкость _______________________________________________________________________________________________ | F18: _______________________________________________________________________________________________199,69 | H18: чел.час
C19: Составлена в ценах по состоянию на 01.01.2000 г. в редакции 2009 г.
A22: № пп | B22: Обосно- вание | C22: Наименование работ и затрат | D22: Ед. изм. | E22: Кол. | F22: Стоимость единицы в базисных ценах, руб. | I22: Общая стоимость в базисных ценах, руб. | M22: Затр.тр.раб-х не занятых обслуж.машин
F23: Всего | G23: Экспл. маш. | H23: Мат-ы | I23: Всего | J23: в т.ч. оплата труда | K23: Экспл. маш. | L23: Мат-ы | M23: Обслуж-х машины
F24: оплата труда | G24: в т.ч. оплата труда | K24: в т.ч. оплата труда | M24: на ед-цу | N24: всего
A25: 1 | B25: 2 | C25: 3 | D25: 4 | E25: 5 | F25: 6 | G25: 7 | H25: 8 | I25: 9 | J25: 10 | K25: 11 | L25: 12 | M25: 13 | N25: 14
A26: Раздел 1. МАТЕРИАЛЫ ПО ТСЦ
A27: Цены на оборудование и материалы , отсутствующие в базе см.прайс-листы арх. № 96663 пф
A28: 1 | B28: ТСЦ-509-0801 | C28: Трос стальной | D28: м | E28: 600 | F28: 12.18 | H28: 12.18 | I28: 7308 | L28: 7308
C29: Материалы для монтажных работ
A30: На единицу в ценах 2001г. | F30: 12.18 | H30: 12.18
A31: ВСЕГО на физобъем (600) | F31: 7308 | H31: 7308
A32: Всего с учетом "переходной коэф. от цен 2001 г. к ценам4 кв.2012г СМР=5,53" | F32: 40413
A33: 2 | B33: ТСЦ-509-1059 прим. | C33: Узел крепления жестких распорок оцинкованный (крепежные элементы) | D33: шт. | E33: 16 | F33: 132.41 | H33: 132.41 | I33: 2119 | L33: 2119
C34: Материалы для монтажных работ
A35: На единицу в ценах 2001г. | F35: 132.41 | H35: 132.41
A36: ВСЕГО на физобъем (16) | F36: 2119 | H36: 2119
A37: Всего с учетом "переходной коэф. от цен 2001 г. к ценам4 кв.2012г СМР=5,53" | F37: 11718
A38: ИТОГИ В БАЗИСНЫХ ЦЕНАХ
A39: Итого прямые затраты по разделу в ценах 2001г. | I39: 9427 | L39: 9427
A40: Итоги по разделу 1 МАТЕРИАЛЫ ПО ТСЦ :
A41: Материалы для монтажных работ | I41: 9427
A42: Итого | I42: 9427
A43: Справочно, в ценах 2001г.:
A44: Материалы | I44: 9427
A45: Итого по разделу 1 МАТЕРИАЛЫ ПО ТСЦ | I45: 9427
A46: Раздел 2. МАТЕРИАЛЫ ПО ПРАЙСАМ
A47: 3 | B47: Цена "ОВЛ-Энерго" прайс-лист стр.14 | C47: КАБЕЛЬ КСБГнг-FRHF 1Х2Х0,78 | D47: км | E47: 0.6 | F47: 17016.23 | H47: 17016.23 | I47: 10210 | L47: 10210
C48: Материалы для монтажных работ
A49: На единицу в ценах 2001г. | F49: 17016.23 | H49: 17016.23
A50: ВСЕГО на физобъем (0,6) | F50: 10210 | H50: 10210
A51: Всего с учетом "переходной коэф. от цен 2001 г. к ценам4 кв.2012г СМР=5,53" | F51: 56461
A52: ЦЕНА111037,68/1,18/5,53 {индекс}
A53: ИТОГИ В БАЗИСНЫХ ЦЕНАХ
A54: Итого прямые затраты по разделу в ценах 2001г. | I54: 10210 | L54: 10210
A55: Итоги по разделу 2 МАТЕРИАЛЫ ПО ПРАЙСАМ :
A56: Материалы для монтажных работ | I56: 10210
A57: Итого | I57: 10210
A58: Справочно, в ценах 2001г.:
A59: Материалы | I59: 10210
A60: Итого по разделу 2 МАТЕРИАЛЫ ПО ПРАЙСАМ | I60: 10210
A61: Раздел 3. МОНТАЖНЫЕ РАБОТЫ.
A62: 4 | B62: ТЕРм08-02-149-01 | C62: Кабель до 35 кВ, подвешиваемый на тросе, масса 1 м кабеля до 1 кг | D62: 100 м кабеля | E62: 6 | F62: 4535.61 | G62: 2581.44 | H62: 1722.46 | I62: 27214 | J62: 1390 | K62: 15489 | L62: 10335 | M62: 17.1 | N62: 102.6
C63: Электромонтажные работы на других объектах | F63: 231.71 | G63: 295.76 | K63: 1775 | M63: 16.44 | N63: 98.64
A64: На единицу в ценах 2001г. | F64: 4535.61 | G64: 2581.44 | H64: 1722.46
F65: 231.71 | G65: 295.76
A66: ВСЕГО на физобъем (6) | F66: 27214 | G66: 15489 | H66: 10335
F67: 1390 | G67: 1775
A68: Коэффициенты к итогам:
A69: Всего с учетом "МДС35 пр.1 т.2 п.4._Производство монтажных работ на открытых и полуоткрытых производственных площадках в стесненных условиях: с наличием в зоне производства работ действующего технологического оборудования или движения технологического транспорта ОЗП=1,15; ЭМ=1,15; ЗПМ=1,15; ТЗ=1,15; ТЗМ=1,15" | F69: 29746 | G69: 17812 | H69: 10335
F70: 1599 | G70: 2041
A71: Накладные расходы 95% ФОТ (от 3 640) | F71: 3458
A72: Сметная прибыль 65% ФОТ (от 3 640) | F72: 2366
A73: Итого c накладными и см. прибылью | F73: 35570
A74: Всего с учетом "переходной коэф. от цен 2001 г. к ценам4 кв.2012г СМР=5,53" | F74: 196702
A75: 5 | B75: ТЕРм08-02-305-03 прим. | C75: Крюк стенной (монтаж узла крепления) | D75: 1 шт. | E75: 16 | F75: 232.64 | G75: 200.44 | H75: 0.63 | I75: 3722 | J75: 505 | K75: 3207 | L75: 10 | M75: 2.44 | N75: 39.04
C76: Электромонтажные работы на других объектах | F76: 31.57 | G76: 21.11 | K76: 338 | M76: 1.16 | N76: 18.56
A77: На единицу в ценах 2001г. | F77: 232.64 | G77: 200.44 | H77: 0.63
F78: 31.57 | G78: 21.11
A79: ВСЕГО на физобъем (16) | F79: 3722 | G79: 3207 | H79: 10
F80: 505 | G80: 338
A81: Коэффициенты к итогам:
A82: Всего с учетом "МДС35 пр.1 т.2 п.4._Производство монтажных работ на открытых и полуоткрытых производственных площадках в стесненных условиях: с наличием в зоне производства работ действующего технологического оборудования или движения технологического транспорта ОЗП=1,15; ЭМ=1,15; ЗПМ=1,15; ТЗ=1,15; ТЗМ=1,15" | F82: 4279 | G82: 3688 | H82: 10
F83: 581 | G83: 389
A84: Накладные расходы 95% ФОТ (от 970) | F84: 922
A85: Сметная прибыль 65% ФОТ (от 970) | F85: 631
A86: Итого c накладными и см. прибылью | F86: 5832
A87: Всего с учетом "переходной коэф. от цен 2001 г. к ценам4 кв.2012г СМР=5,53" | F87: 32251
A88: 6 | B88: ТЕРм10-06-034-19 | C88: Ввод абонентский в здание | D88: 1 ввод | E88: 16 | F88: 230.27 | G88: 47.97 | H88: 160.32 | I88: 3684 | J88: 352 | K88: 768 | L88: 2564 | M88: 2 | N88: 32
C89: Прокладка и монтаж сетей связи | F89: 21.98 | G89: 5.94 | K89: 95 | M89: 0.38 | N89: 6.08
A90: На единицу в ценах 2001г. | F90: 230.27 | G90: 47.97 | H90: 160.32
F91: 21.98 | G91: 5.94
A92: ВСЕГО на физобъем (16) | F92: 3684 | G92: 768 | H92: 2564
F93: 352 | G93: 95
A94: Коэффициенты к итогам:
A95: Всего с учетом "МДС35 пр.1 т.2 п.4._Производство монтажных работ на открытых и полуоткрытых производственных площадках в стесненных условиях: с наличием в зоне производства работ действующего технологического оборудования или движения технологического транспорта ОЗП=1,15; ЭМ=1,15; ЗПМ=1,15; ТЗ=1,15; ТЗМ=1,15" | F95: 3852 | G95: 883 | H95: 2564
F96: 405 | G96: 109
A97: Накладные расходы 100% ФОТ (от 514) | F97: 514
A98: Сметная прибыль 65% ФОТ (от 514) | F98: 334
A99: Итого c накладными и см. прибылью | F99: 4700
A100: Всего с учетом "переходной коэф. от цен 2001 г. к ценам4 кв.2012г СМР=5,53" | F100: 25991
A101: ИТОГИ В БАЗИСНЫХ ЦЕНАХ
A102: Итого прямые затраты по разделу в ценах 2001г. | I102: 34620 | J102: 2247 | K102: 19464 | L102: 12909 | N102: 173.64
K103: 2208 | N103: 123.28
A104: Итого прямые затраты по разделу с учетом коэффициентов к итогам | I104: 37877 | J104: 2585 | K104: 22383 | L104: 12909 | N104: 199.69
K105: 2539 | N105: 141.77
A106: Накладные расходы | I106: 4894
A107: Сметная прибыль | I107: 3331
A108: Итоги по разделу 3 МОНТАЖНЫЕ РАБОТЫ. :
...

Sheet НМЦ
A1: г. Лесной ФГУП "Комбинат "Электрохимприбор"
A3: Расчет начальной (максимальной) цены
A5: Модернизация энергетических сетей комбината. Промплощадка №8
A6: ФГУП «Комбинат «Электрохимприбор»
A9: Составлен в ценах по состоянию на 01.01.2000 г. с переводом в текущие | D9: руб.
A10: Наименование глав ССР, объектных сметных расчетов, локальных сметных расчетов, видов работ | B10: Сметная стоимость в базисных ценах на 01.01.2000 | C10: Текущая стоимость на момент определения начальной (максимальной) цены | D10: № обосновывающего расчета
A14: 1 | B14: 2 | C14: 3 | D14: 4
A15: Участок тепловой сети УТА…УТБ | B15: 3387.42 | C15: 18729.75 | D15: ЛСР-16312-ТС1.СМ1
A16: Конструкции железобетонные | B16: 575.77 | C16: 3201.28 | D16: ЛСР-16312-КЖ1.СМ1
A17: Конструкции металлические | B17: 382.55 | C17: 2126.98 | D17: ЛСР-16312-КМ1.СМ1
A18: Размер средств на возведение временных зданий и сооружений- 1,5% | B18: 63.99 | C18: 355.78 | D18: ГСН-81-05-01-2001, Прил. 1, п. 4.5
A19: Дополнительные затраты при производстве строительно-монтажных работ в зимнее время - 3,6%*1,1=3,96% | B19: 171.47 | C19: 953.37 | D19: ГСН-81-05-02-2007, табл. 4, п. 2.5
A20: Резерв средств на непредвиденные работы и затраты - 3% | B20: 137.44 | C20: 761.0355 | D20: МДС 81-35.2004 п.4.96
A21: Итого | B21: =SUM(B15:B20) -> 4718.64 | C21: =ROUND(SUM(C15:C20),0) -> 26128
A23: НДС 18% | C23: =ROUND(C21*18%,2) -> 4703.04
A25: Всего | C25: =SUM(C21:C24) -> 30831.04
A28: Начальник
A29: цеха 006 | C29: И.М. Меретяков
A31: Инженер по проектно-сметной работе | C31: М.С. Сюксина

Sheet Сводка затрат
A1: Приложение №__ к договору от "__"______2013 №_______
A3: г. Лесной. ФГУП "Комбинат "Электрохимприбор"
A5: Сводка затрат
A7: Выполнение работ по монтажу автоматической пожарной сигнализации и системы оповещения и управления эвакуации людей при пожаре зданий в/ч 3275
A8: ФГУП «Комбинат «Электрохимприбор»
A10: Составлен в ценах по состоянию на 01.01.2000 г.
A11: № п/п | B11: Номера сметных расчетов и смет | C11: Наименование работ и затрат | D11: Сметная стоимость | H11: Общая сметная стоимость, руб.
D12: строительных работ | E12: монтажных работ | F12: оборудования, мебели, инвентаря | G12: прочих затрат
A13: 1 | B13: 2 | C13: 3 | D13: 4 | E13: 5 | F13: 6 | G13: 7 | H13: 8
A14: 1 | B14: ЛСР 02-01-001 (8849-0-ИОС5СМ), арх. №97077 пф | C14: Казарма №1. Автоматическая пожарная сигнализация и система оповещения управления эвакуацией (АПС и СОУЭ) | D14: 0 | E14: ='02-01-001'!I88+'02-01-001'!I135 -> 95071 | F14: ='02-01-001'!I46+'02-01-001'!I66 -> 8687 | G14: 0 | H14: =SUM(D14:G14) -> 103758
A15: 2 | B15: ЛСР 02-01-002 (8849-0-ИОС5СМ1), арх. №97077 пф | C15: Казарма №2. Автоматическая пожарная сигнализация и система оповещения управления эвакуацией (АПС и СОУЭ) | D15: 0 | E15: ='02-01-002'!I89+'02-01-002'!I136 -> 76178 | F15: ='02-01-002'!I147+'02-01-002'!I148 -> 6513 | G15: 0 | H15: =SUM(D15:G15) -> 82691
A16: 3 | B16: ЛСР 02-01-003 (8849-0-ИОС5СМ2), арх. №97077 пф | C16: Казарма №3. Автоматическая пожарная сигнализация и система оповещения управления эвакуацией (АПС и СОУЭ) | D16: 0 | E16: ='02-01-003'!I149+'02-01-003'!I150 -> 70002 | F16: ='02-01-003'!I147+'02-01-003'!I148 -> 5839 | G16: 0 | H16: =SUM(D16:G16) -> 75841
A17: 4 | B17: ЛСР 02-01-004 (8849-0-ИОС5СМ3), арх. №97077 пф | C17: Казарма №4. Автоматическая пожарная сигнализация и система оповещения управления эвакуацией (АПС и СОУЭ) | D17: 0 | E17: ='02-01-004'!I153+'02-01-004'!I154 -> 127733 | F17: ='02-01-004'!I151+'02-01-004'!I152 -> 17067 | G17: 0 | H17: =SUM(D17:G17) -> 144800
A18: 5 | B18: ЛСР 02-01-005 (8849-0-ИОС5СМ4), арх. №97077 пф | C18: Казарма заставы №2. Автоматическая пожарная сигнализация и система оповещения управления эвакуацией (АПС и СОУЭ) | D18: 0 | E18: ='02-01-005'!I169+'02-01-005'!I170 -> 37836 | F18: ='02-01-005'!I167+'02-01-005'!I168 -> 7777 | G18: 0 | H18: =SUM(D18:G18) -> 45613
A19: 6 | B19: ЛСР 02-01-006 (8849-0-ИОС5СМ5), арх. №97077 пф | C19: Казарма заставы №3. Автоматическая пожарная сигнализация и система оповещения управления эвакуацией (АПС и СОУЭ) | D19: 0 | E19: ='02-01-006'!I162+'02-01-006'!I163 -> 40127 | F19: ='02-01-006'!I160+'02-01-006'!I161 -> 8020 | G19: 0 | H19: =SUM(D19:G19) -> 48147
A20: 7 | B20: ЛСР 02-01-007 (8849-0-ИОС5СМ6), арх. №97077 пф | C20: Казарма заставы №4. Автоматическая пожарная сигнализация и система оповещения управления эвакуацией (АПС и СОУЭ) | D20: 0 | E20: ='02-01-007'!I162+'02-01-007'!I163 -> 39446 | F20: ='02-01-007'!I160+'02-01-007'!I161 -> 8003 | G20: 0 | H20: =SUM(D20:G20) -> 47449
A21: 8 | B21: ЛСР 02-01-008 (8849-0-ИОС5СМ7), арх. №97077 пф | C21: Казарма заставы №5. Автоматическая пожарная сигнализация и система оповещения управления эвакуацией (АПС и СОУЭ) | D21: 0 | E21: ='02-01-008'!I163+'02-01-008'!I164 -> 40282 | F21: ='02-01-008'!I161+'02-01-008'!I162 -> 8179 | G21: 0 | H21: =SUM(D21:G21) -> 48461
A22: 9 | B22: ЛСР 02-01-009 (8849-0-ИОС5СМ8), арх. №97077 пф | C22: Казарма заставы №6. Автоматическая пожарная сигнализация и система оповещения управления эвакуацией (АПС и СОУЭ) | D22: 0 | E22: ='02-01-009'!I162+'02-01-009'!I163 -> 40654 | F22: ='02-01-009'!I160+'02-01-009'!I161 -> 8095 | G22: 0 | H22: =SUM(D22:G22) -> 48749
A23: 10 | B23: ЛСР 02-01-010 (8849-0-ИОС5СМ9), арх. №97077 пф | C23: КПП 1. Автоматическая пожарная сигнализация и система оповещения управления эвакуацией (АПС и СОУЭ) | D23: 0 | E23: ='02-01-010'!I165+'02-01-010'!I166 -> 53715 | F23: ='02-01-010'!I163+'02-01-010'!I164 -> 10977 | G23: 0 | H23: =SUM(D23:G23) -> 64692
A24: 11 | B24: ЛСР 02-01-011 (8849-0-ИОС5СМ10), арх. №97077 пф | C24: Пожарная часть. Автоматическая пожарная сигнализация и система оповещения управления эвакуацией (АПС и СОУЭ) | D24: 0 | E24: ='02-01-011'!I168+'02-01-011'!I169+'02-01-011'!I170 -> 8434 | F24: ='02-01-011'!I166+'02-01-011'!I167 -> 48001 | G24: 0 | H24: =SUM(D24:G24) -> 56435
A25: 12 | B25: ЛСР 02-01-012 (8849-0-ИОСМ5СМ11), арх. №97077 пф | C25: Штаб. Автоматическая пожарная сигнализация и система оповещения управления эвакуацией (АПС и СОУЭ) | D25: 0 | E25: ='02-01-012'!I167+'02-01-012'!I168 -> 105831 | F25: ='02-01-012'!I165+'02-01-012'!I166 -> 13199 | G25: 0 | H25: =SUM(D25:G25) -> 119030
A26: 13 | B26: ЛСР 02-01-014 (8849-0-ИОСМ5СМ13), арх. №97077 пф | C26: Столовая. Автоматическая пожарная сигнализация и система оповещения управления эвакуацией (АПС и СОУЭ) | D26: 0 | E26: ='02-01-014'!I152+'02-01-014'!I153 -> 68243 | F26: ='02-01-014'!I150+'02-01-014'!I151 -> 8621 | G26: 0 | H26: =SUM(D26:G26) -> 76864
A27: 14 | B27: ЛСР 02-01-015 (8849-0-ИОСМ5СМ14), арх. №97077 пф | C27: Спортзал. Автоматическая пожарная сигнализация и система оповещения управления эвакуацией (АПС и СОУЭ) | D27: 0 | E27: ='02-01-015'!I144+'02-01-015'!I145 -> 26740 | F27: ='02-01-015'!I142+'02-01-015'!I143 -> 3411 | G27: 0 | H27: =SUM(D27:G27) -> 30151
A28: 15 | B28: ЛСР 05-01- (8849-0-ИОСМ5СМ15), арх. №97077 пф | C28: Наружные сети связи | D28: 0 | E28: ='05-01'!I144 -> 65739 | F28: 0 | G28: 0 | H28: =SUM(D28:G28) -> 65739
C29: Итого в базисных ценах 2000 г. | D29: =SUM(D14:D28) -> 0 | E29: =SUM(E14:E28) -> 896031 | F29: =SUM(F14:F28) -> 162389 | G29: =SUM(G14:G28) -> 0 | H29: =SUM(D29:G29) -> 1058420
C30: Всего в ценах 2013 (Ксмр=5,56, Коб.=4,19) | D30: =ROUND(D29*5.56,0) -> 0 | E30: =ROUND(E29*5.56,0) -> 4981932 | F30: =ROUND(F29*4.19,0) -> 680410 | G30: =ROUND(G29*9.32,0) -> 0 | H30: =SUM(D30:G30) -> 5662342
C31: НДС 18% | D31: =ROUND(D30*18%,2) -> 0 | E31: =ROUND(E30*18%,2) -> 896747.76 | F31: =ROUND(F30*18%,2) -> 122473.8 | G31: =ROUND(G30*18%,2) -> 0 | H31: =SUM(D31:G31) -> 1019221.6
C32: Всего в ценах 2012 с НДС | D32: =SUM(D30:D31) -> 0 | E32: =SUM(E30:E31) -> 5878679.8 | F32: =SUM(F30:F31) -> 802883.8 | G32: =SUM(G30:G31) -> 0 | H32: =SUM(D32:G32) -> 6681563.6
C36: ЗАКАЗЧИК: | H36: ПОДРЯДЧИК:
C37: Генеральный директор
C38: ФГУП "Комбинат "Электрохимприбор"
C40: __________________ А.В. Новиков
